Workbook

Sheet (はじめにお読み下さい)申請書の使い方
B2: 【オンライン用】本申請書の使い方、申請の手順
B4: ●実施スケジュール
B5: ・実施期間：
B6: ①介護事業所等→令和8年9月11日(金)～11月30日(月)
B7: ②介護施設等→令和7年4月1日(火)～11月30日(月)
B8: ③障害福祉サービス事業所等→令和8年8月21日(金)～11月30日(月)
B9: ・申請期間：令和8年11月1日（日）～令和8年11月30日（月）
B10: ・交付決定：審査完了後、県から交付決定兼額の確定通知書を申請者へお送りいたします。
B11: ・補助金の支払い：審査完了後、県から支給いたします。（令和9年3月31日までに支給）
B13: ●申請スケジュール
B14: はじめに本シートのセルに入力することで、申請対象となる施設・事業所等に関する基本的な情報が各シートに自動的に転記されます。
B15: 【重要】本申請手順は、介護施設及び介護事業所及び障害福祉サービス事業所等に対する申請様式です。
... B25: ⑤完成したExcelファイル及び必要書類をオンラインフォームより申請
B31: 個票番号 | C31: 整理番号 | D31: 事業所・施設名 | E31: 郵便番号 | F31: 所在地 | G31: サービス種別 | H31: 電話番号 | I31: 担当部署 | J31: 要件1 | K31: 要件2 | L31: 要件3
B32: 1 | C32: {=INDIRECT("個票１!H7")} -> 0 | D32: {=INDIRECT("個票１!T7")} -> 0 | E32: {=INDIRECT("個票１!D9")} -> 0 | F32: {=INDIRECT("個票１!O9")} -> 0 | G32: {=INDIRECT("個票１!H10")} | H32: {=INDIRECT("個票１!W11")} -> 0 | I32: {=INDIRECT("個票１!AG11")} -> 0 | J32: {=INDIRECT("個票１!X15")} -> 0 | K32: {=INDIRECT("個票１!X16")} -> 0 | L32: {=INDIRECT("個票１!X17")} -> 0
B33: 2 | C33: {=INDIRECT("個票2!H7")} -> 0 | D33: {=INDIRECT("個票2!T7")} -> 0 | E33: {=INDIRECT("個票2!D9")} -> 0 | F33: {=INDIRECT("個票2!O9")} -> 0 | G33: {=INDIRECT("個票2!H10")} | H33: {=INDIRECT("個票2!W11")} -> 0 | I33: {=INDIRECT("個票2!AG11")} -> 0 | J33: {=INDIRECT("個票2!X15")} -> 0 | K33: {=INDIRECT("個票2!X16")} -> 0 | L33: {=INDIRECT("個票2!X17")} -> 0
B34: 3 | C34: {=INDIRECT("個票3!H7")} -> 0 | D34: {=INDIRECT("個票3!T7")} -> 0 | E34: {=INDIRECT("個票3!D9")} -> 0 | F34: {=INDIRECT("個票3!O9")} -> 0 | G34: {=INDIRECT("個票3!H10")} | H34: {=INDIRECT("個票3!W11")} -> 0 | I34: {=INDIRECT("個票3!AG11")} -> 0 | J34: {=INDIRECT("個票3!X15")} -> 0 | K34: {=INDIRECT("個票3!X16")} -> 0 | L34: {=INDIRECT("個票3!X17")} -> 0
B35: 4 | C35: {=INDIRECT("個票4!H7")} -> 0 | D35: {=INDIRECT("個票4!T7")} -> 0 | E35: {=INDIRECT("個票4!D9")} -> 0 | F35: {=INDIRECT("個票4!O9")} -> 0 | G35: {=INDIRECT("個票4!H10")} | H35: {=INDIRECT("個票4!W11")} -> 0 | I35: {=INDIRECT("個票4!AG11")} -> 0 | J35: {=INDIRECT("個票4!X15")} -> 0 | K35: {=INDIRECT("個票4!X16")} -> 0 | L35: {=INDIRECT("個票4!X17")} -> 0
B36: 5 | C36: {=INDIRECT("個票5!H7")} -> 0 | D36: {=INDIRECT("個票5!T7")} -> 0 | E36: {=INDIRECT("個票5!D9")} -> 0 | F36: {=INDIRECT("個票5!O9")} -> 0 | G36: {=INDIRECT("個票5!H10")} | H36: {=INDIRECT("個票5!W11")} -> 0 | I36: {=INDIRECT("個票5!AG11")} -> 0 | J36: {=INDIRECT("個票5!X15")} -> 0 | K36: {=INDIRECT("個票5!X16")} -> 0 | L36: {=INDIRECT("個票5!X17")} -> 0
B37: 6 | C37: {=INDIRECT("個票6!H7")} -> 0 | D37: {=INDIRECT("個票6!T7")} -> 0 | E37: {=INDIRECT("個票6!D9")} -> 0 | F37: {=INDIRECT("個票6!O9")} -> 0 | G37: {=INDIRECT("個票6!H10")} | H37: {=INDIRECT("個票6!W11")} -> 0 | I37: {=INDIRECT("個票6!AG11")} -> 0 | J37: {=INDIRECT("個票6!X15")} -> 0 | K37: {=INDIRECT("個票6!X16")} -> 0 | L37: {=INDIRECT("個票6!X17")} -> 0
B38: 7 | C38: {=INDIRECT("個票7!H7")} -> 0 | D38: {=INDIRECT("個票7!T7")} -> 0 | E38: {=INDIRECT("個票7!D9")} -> 0 | F38: {=INDIRECT("個票7!O9")} -> 0 | G38: {=INDIRECT("個票7!H10")} | H38: {=INDIRECT("個票7!W11")} -> 0 | I38: {=INDIRECT("個票7!AG11")} -> 0 | J38: {=INDIRECT("個票7!X15")} -> 0 | K38: {=INDIRECT("個票7!X16")} -> 0 | L38: {=INDIRECT("個票7!X17")} -> 0
B39: 8 | C39: {=INDIRECT("個票8!H7")} -> 0 | D39: {=INDIRECT("個票8!T7")} -> 0 | E39: {=INDIRECT("個票8!D9")} -> 0 | F39: {=INDIRECT("個票8!O9")} -> 0 | G39: {=INDIRECT("個票8!H10")} | H39: {=INDIRECT("個票8!W11")} -> 0 | I39: {=INDIRECT("個票8!AG11")} -> 0 | J39: {=INDIRECT("個票8!X15")} -> 0 | K39: {=INDIRECT("個票8!X16")} -> 0 | L39: {=INDIRECT("個票8!X17")} -> 0
B40: 9 | C40: {=INDIRECT("個票9!H7")} -> 0 | D40: {=INDIRECT("個票9!T7")} -> 0 | E40: {=INDIRECT("個票9!D9")} -> 0 | F40: {=INDIRECT("個票9!O9")} -> 0 | G40: {=INDIRECT("個票9!H10")} | H40: {=INDIRECT("個票9!W11")} -> 0 | I40: {=INDIRECT("個票9!AG11")} -> 0 | J40: {=INDIRECT("個票9!X15")} -> 0 | K40: {=INDIRECT("個票9!X16")} -> 0 | L40: {=INDIRECT("個票9!X17")} -> 0
B41: 10 | C41: {=INDIRECT("個票10!H7")} -> 0 | D41: {=INDIRECT("個票10!T7")} -> 0 | E41: {=INDIRECT("個票10!D9")} -> 0 | F41: {=INDIRECT("個票10!O9")} -> 0 | G41: {=INDIRECT("個票10!H10")} | H41: {=INDIRECT("個票10!W11")} -> 0 | I41: {=INDIRECT("個票10!AG11")} -> 0 | J41: {=INDIRECT("個票10!X15")} -> 0 | K41: {=INDIRECT("個票10!X16")} -> 0 | L41: {=INDIRECT("個票10!X17")} -> 0
B42: 11 | C42: {=INDIRECT("個票11!H7")} -> 0 | D42: {=INDIRECT("個票11!T7")} -> 0 | E42: {=INDIRECT("個票11!D9")} -> 0 | F42: {=INDIRECT("個票11!O9")} -> 0 | G42: {=INDIRECT("個票11!H10")} | H42: {=INDIRECT("個票11!W11")} -> 0 | I42: {=INDIRECT("個票11!AG11")} -> 0 | J42: {=INDIRECT("個票11!X15")} -> 0 | K42: {=INDIRECT("個票11!X16")} -> 0 | L42: {=INDIRECT("個票11!X17")} -> 0
B43: 12 | C43: {=INDIRECT("個票12!H7")} -> 0 | D43: {=INDIRECT("個票12!T7")} -> 0 | E43: {=INDIRECT("個票12!D9")} -> 0 | F43: {=INDIRECT("個票12!O9")} -> 0 | G43: {=INDIRECT("個票12!H10")} | H43: {=INDIRECT("個票12!W11")} -> 0 | I43: {=INDIRECT("個票12!AG11")} -> 0 | J43: {=INDIRECT("個票12!X15")} -> 0 | K43: {=INDIRECT("個票12!X16")} -> 0 | L43: {=INDIRECT("個票12!X17")} -> 0
B44: 13 | C44: {=INDIRECT("個票13!H7")} -> 0 | D44: {=INDIRECT("個票13!T7")} -> 0 | E44: {=INDIRECT("個票13!D9")} -> 0 | F44: {=INDIRECT("個票13!O9")} -> 0 | G44: {=INDIRECT("個票13!H10")} | H44: {=INDIRECT("個票13!W11")} -> 0 | I44: {=INDIRECT("個票13!AG11")} -> 0 | J44: {=INDIRECT("個票13!X15")} -> 0 | K44: {=INDIRECT("個票13!X16")} -> 0 | L44: {=INDIRECT("個票13!X17")} -> 0
B45: 14 | C45: {=INDIRECT("個票14!H7")} -> 0 | D45: {=INDIRECT("個票14!T7")} -> 0 | E45: {=INDIRECT("個票14!D9")} -> 0 | F45: {=INDIRECT("個票14!O9")} -> 0 | G45: {=INDIRECT("個票14!H10")} | H45: {=INDIRECT("個票14!W11")} -> 0 | I45: {=INDIRECT("個票14!AG11")} -> 0 | J45: {=INDIRECT("個票14!X15")} -> 0 | K45: {=INDIRECT("個票14!X16")} -> 0 | L45: {=INDIRECT("個票14!X17")} -> 0
B46: 15 | C46: {=INDIRECT("個票15!H7")} -> 0 | D46: {=INDIRECT("個票15!T7")} -> 0 | E46: {=INDIRECT("個票15!D9")} -> 0 | F46: {=INDIRECT("個票15!O9")} -> 0 | G46: {=INDIRECT("個票15!H10")} | H46: {=INDIRECT("個票15!W11")} -> 0 | I46: {=INDIRECT("個票15!AG11")} -> 0 | J46: {=INDIRECT("個票15!X15")} -> 0 | K46: {=INDIRECT("個票15!X16")} -> 0 | L46: {=INDIRECT("個票15!X17")} -> 0
B47: 16 | C47: {=INDIRECT("個票16!H7")} -> 0 | D47: {=INDIRECT("個票16!T7")} -> 0 | E47: {=INDIRECT("個票16!D9")} -> 0 | F47: {=INDIRECT("個票16!O9")} -> 0 | G47: {=INDIRECT("個票16!H10")} | H47: {=INDIRECT("個票16!W11")} -> 0 | I47: {=INDIRECT("個票16!AG11")} -> 0 | J47: {=INDIRECT("個票16!X15")} -> 0 | K47: {=INDIRECT("個票16!X16")} -> 0 | L47: {=INDIRECT("個票16!X17")} -> 0
B48: 17 | C48: {=INDIRECT("個票17!H7")} -> 0 | D48: {=INDIRECT("個票17!T7")} -> 0 | E48: {=INDIRECT("個票17!D9")} -> 0 | F48: {=INDIRECT("個票17!O9")} -> 0 | G48: {=INDIRECT("個票17!H10")} | H48: {=INDIRECT("個票17!W11")} -> 0 | I48: {=INDIRECT("個票17!AG11")} -> 0 | J48: {=INDIRECT("個票17!X15")} -> 0 | K48: {=INDIRECT("個票17!X16")} -> 0 | L48: {=INDIRECT("個票17!X17")} -> 0
B49: 18 | C49: {=INDIRECT("個票18!H7")} -> 0 | D49: {=INDIRECT("個票18!T7")} -> 0 | E49: {=INDIRECT("個票18!D9")} -> 0 | F49: {=INDIRECT("個票18!O9")} -> 0 | G49: {=INDIRECT("個票18!H10")} | H49: {=INDIRECT("個票18!W11")} -> 0 | I49: {=INDIRECT("個票18!AG11")} -> 0 | J49: {=INDIRECT("個票18!X15")} -> 0 | K49: {=INDIRECT("個票18!X16")} -> 0 | L49: {=INDIRECT("個票18!X17")} -> 0
B50: 19 | C50: {=INDIRECT("個票19!H7")} -> 0 | D50: {=INDIRECT("個票19!T7")} -> 0 | E50: {=INDIRECT("個票19!D9")} -> 0 | F50: {=INDIRECT("個票19!O9")} -> 0 | G50: {=INDIRECT("個票19!H10")} | H50: {=INDIRECT("個票19!W11")} -> 0 | I50: {=INDIRECT("個票19!AG11")} -> 0 | J50: {=INDIRECT("個票19!X15")} -> 0 | K50: {=INDIRECT("個票19!X16")} -> 0 | L50: {=INDIRECT("個票19!X17")} -> 0
B51: 20 | C51: {=INDIRECT("個票20!H7")} -> 0 | D51: {=INDIRECT("個票20!T7")} -> 0 | E51: {=INDIRECT("個票20!D9")} -> 0 | F51: {=INDIRECT("個票20!O9")} -> 0 | G51: {=INDIRECT("個票20!H10")} | H51: {=INDIRECT("個票20!W11")} -> 0 | I51: {=INDIRECT("個票20!AG11")} -> 0 | J51: {=INDIRECT("個票20!X15")} -> 0 | K51: {=INDIRECT("個票20!X16")} -> 0 | L51: {=INDIRECT("個票20!X17")} -> 0
B52: 21 | C52: {=INDIRECT("個票21!H7")} -> 0 | D52: {=INDIRECT("個票21!T7")} -> 0 | E52: {=INDIRECT("個票21!D9")} -> 0 | F52: {=INDIRECT("個票21!O9")} -> 0 | G52: {=INDIRECT("個票21!H10")} | H52: {=INDIRECT("個票21!W11")} -> 0 | I52: {=INDIRECT("個票21!AG11")} -> 0 | J52: {=INDIRECT("個票21!X15")} -> 0 | K52: {=INDIRECT("個票21!X16")} -> 0 | L52: {=INDIRECT("個票21!X17")} -> 0
B53: 22 | C53: {=INDIRECT("個票22!H7")} -> 0 | D53: {=INDIRECT("個票22!T7")} -> 0 | E53: {=INDIRECT("個票22!D9")} -> 0 | F53: {=INDIRECT("個票22!O9")} -> 0 | G53: {=INDIRECT("個票22!H10")} | H53: {=INDIRECT("個票22!W11")} -> 0 | I53: {=INDIRECT("個票22!AG11")} -> 0 | J53: {=INDIRECT("個票22!X15")} -> 0 | K53: {=INDIRECT("個票22!X16")} -> 0 | L53: {=INDIRECT("個票22!X17")} -> 0
B54: 23 | C54: {=INDIRECT("個票23!H7")} -> 0 | D54: {=INDIRECT("個票23!T7")} -> 0 | E54: {=INDIRECT("個票23!D9")} -> 0 | F54: {=INDIRECT("個票23!O9")} -> 0 | G54: {=INDIRECT("個票23!H10")} | H54: {=INDIRECT("個票23!W11")} -> 0 | I54: {=INDIRECT("個票23!AG11")} -> 0 | J54: {=INDIRECT("個票23!X15")} -> 0 | K54: {=INDIRECT("個票23!X16")} -> 0 | L54: {=INDIRECT("個票23!X17")} -> 0
B55: 24 | C55: {=INDIRECT("個票24!H7")} -> 0 | D55: {=INDIRECT("個票24!T7")} -> 0 | E55: {=INDIRECT("個票24!D9")} -> 0 | F55: {=INDIRECT("個票24!O9")} -> 0 | G55: {=INDIRECT("個票24!H10")} | H55: {=INDIRECT("個票24!W11")} -> 0 | I55: {=INDIRECT("個票24!AG11")} -> 0 | J55: {=INDIRECT("個票24!X15")} -> 0 | K55: {=INDIRECT("個票24!X16")} -> 0 | L55: {=INDIRECT("個票24!X17")} -> 0
B56: 25 | C56: {=INDIRECT("個票25!H7")} -> 0 | D56: {=INDIRECT("個票25!T7")} -> 0 | E56: {=INDIRECT("個票25!D9")} -> 0 | F56: {=INDIRECT("個票25!O9")} -> 0 | G56: {=INDIRECT("個票25!H10")} | H56: {=INDIRECT("個票25!W11")} -> 0 | I56: {=INDIRECT("個票25!AG11")} -> 0 | J56: {=INDIRECT("個票25!X15")} -> 0 | K56: {=INDIRECT("個票25!X16")} -> 0 | L56: {=INDIRECT("個票25!X17")} -> 0
B57: 26 | C57: {=INDIRECT("個票26!H7")} -> 0 | D57: {=INDIRECT("個票26!T7")} -> 0 | E57: {=INDIRECT("個票26!D9")} -> 0 | F57: {=INDIRECT("個票26!O9")} -> 0 | G57: {=INDIRECT("個票26!H10")} | H57: {=INDIRECT("個票26!W11")} -> 0 | I57: {=INDIRECT("個票26!AG11")} -> 0 | J57: {=INDIRECT("個票26!X15")} -> 0 | K57: {=INDIRECT("個票26!X16")} -> 0 | L57: {=INDIRECT("個票26!X17")} -> 0
B58: 27 | C58: {=INDIRECT("個票27!H7")} -> 0 | D58: {=INDIRECT("個票27!T7")} -> 0 | E58: {=INDIRECT("個票27!D9")} -> 0 | F58: {=INDIRECT("個票27!O9")} -> 0 | G58: {=INDIRECT("個票27!H10")} | H58: {=INDIRECT("個票27!W11")} -> 0 | I58: {=INDIRECT("個票27!AG11")} -> 0 | J58: {=INDIRECT("個票27!X15")} -> 0 | K58: {=INDIRECT("個票27!X16")} -> 0 | L58: {=INDIRECT("個票27!X17")} -> 0
B59: 28 | C59: {=INDIRECT("個票28!H7")} -> 0 | D59: {=INDIRECT("個票28!T7")} -> 0 | E59: {=INDIRECT("個票28!D9")} -> 0 | F59: {=INDIRECT("個票28!O9")} -> 0 | G59: {=INDIRECT("個票28!H10")} | H59: {=INDIRECT("個票28!W11")} -> 0 | I59: {=INDIRECT("個票28!AG11")} -> 0 | J59: {=INDIRECT("個票28!X15")} -> 0 | K59: {=INDIRECT("個票28!X16")} -> 0 | L59: {=INDIRECT("個票28!X17")} -> 0
B60: 29 | C60: {=INDIRECT("個票29!H7")} -> 0 | D60: {=INDIRECT("個票29!T7")} -> 0 | E60: {=INDIRECT("個票29!D9")} -> 0 | F60: {=INDIRECT("個票29!O9")} -> 0 | G60: {=INDIRECT("個票29!H10")} | H60: {=INDIRECT("個票29!W11")} -> 0 | I60: {=INDIRECT("個票29!AG11")} -> 0 | J60: {=INDIRECT("個票29!X15")} -> 0 | K60: {=INDIRECT("個票29!X16")} -> 0 | L60: {=INDIRECT("個票29!X17")} -> 0
B61: 30 | C61: {=INDIRECT("個票30!H7")} -> 0 | D61: {=INDIRECT("個票30!T7")} -> 0 | E61: {=INDIRECT("個票30!D9")} -> 0 | F61: {=INDIRECT("個票30!O9")} -> 0 | G61: {=INDIRECT("個票30!H10")} | H61: {=INDIRECT("個票30!W11")} -> 0 | I61: {=INDIRECT("個票30!AG11")} -> 0 | J61: {=INDIRECT("個票30!X15")} -> 0 | K61: {=INDIRECT("個票30!X16")} -> 0 | L61: {=INDIRECT("個票30!X17")} -> 0
B62: 31 | C62: {=INDIRECT("個票31!H7")} -> 0 | D62: {=INDIRECT("個票31!T7")} -> 0 | E62: {=INDIRECT("個票31!D9")} -> 0 | F62: {=INDIRECT("個票31!O9")} -> 0 | G62: {=INDIRECT("個票31!H10")} | H62: {=INDIRECT("個票31!W11")} -> 0 | I62: {=INDIRECT("個票31!AG11")} -> 0 | J62: {=INDIRECT("個票31!X15")} -> 0 | K62: {=INDIRECT("個票31!X16")} -> 0 | L62: {=INDIRECT("個票31!X17")} -> 0
B63: 32 | C63: {=INDIRECT("個票32!H7")} -> 0 | D63: {=INDIRECT("個票32!T7")} -> 0 | E63: {=INDIRECT("個票32!D9")} -> 0 | F63: {=INDIRECT("個票32!O9")} -> 0 | G63: {=INDIRECT("個票32!H10")} | H63: {=INDIRECT("個票32!W11")} -> 0 | I63: {=INDIRECT("個票32!AG11")} -> 0 | J63: {=INDIRECT("個票32!X15")} -> 0 | K63: {=INDIRECT("個票32!X16")} -> 0 | L63: {=INDIRECT("個票32!X17")} -> 0
B64: 33 | C64: {=INDIRECT("個票33!H7")} -> 0 | D64: {=INDIRECT("個票33!T7")} -> 0 | E64: {=INDIRECT("個票33!D9")} -> 0 | F64: {=INDIRECT("個票33!O9")} -> 0 | G64: {=INDIRECT("個票33!H10")} | H64: {=INDIRECT("個票33!W11")} -> 0 | I64: {=INDIRECT("個票33!AG11")} -> 0 | J64: {=INDIRECT("個票33!X15")} -> 0 | K64: {=INDIRECT("個票33!X16")} -> 0 | L64: {=INDIRECT("個票33!X17")} -> 0
B65: 34 | C65: {=INDIRECT("個票34!H7")} -> 0 | D65: {=INDIRECT("個票34!T7")} -> 0 | E65: {=INDIRECT("個票34!D9")} -> 0 | F65: {=INDIRECT("個票34!O9")} -> 0 | G65: {=INDIRECT("個票34!H10")} | H65: {=INDIRECT("個票34!W11")} -> 0 | I65: {=INDIRECT("個票34!AG11")} -> 0 | J65: {=INDIRECT("個票34!X15")} -> 0 | K65: {=INDIRECT("個票34!X16")} -> 0 | L65: {=INDIRECT("個票34!X17")} -> 0
B66: 35 | C66: {=INDIRECT("個票35!H7")} -> 0 | D66: {=INDIRECT("個票35!T7")} -> 0 | E66: {=INDIRECT("個票35!D9")} -> 0 | F66: {=INDIRECT("個票35!O9")} -> 0 | G66: {=INDIRECT("個票35!H10")} | H66: {=INDIRECT("個票35!W11")} -> 0 | I66: {=INDIRECT("個票35!AG11")} -> 0 | J66: {=INDIRECT("個票35!X15")} -> 0 | K66: {=INDIRECT("個票35!X16")} -> 0 | L66: {=INDIRECT("個票35!X17")} -> 0
B67: 36 | C67: {=INDIRECT("個票36!H7")} -> 0 | D67: {=INDIRECT("個票36!T7")} -> 0 | E67: {=INDIRECT("個票36!D9")} -> 0 | F67: {=INDIRECT("個票36!O9")} -> 0 | G67: {=INDIRECT("個票36!H10")} | H67: {=INDIRECT("個票36!W11")} -> 0 | I67: {=INDIRECT("個票36!AG11")} -> 0 | J67: {=INDIRECT("個票36!X15")} -> 0 | K67: {=INDIRECT("個票36!X16")} -> 0 | L67: {=INDIRECT("個票36!X17")} -> 0
B68: 37 | C68: {=INDIRECT("個票37!H7")} -> 0 | D68: {=INDIRECT("個票37!T7")} -> 0 | E68: {=INDIRECT("個票37!D9")} -> 0 | F68: {=INDIRECT("個票37!O9")} -> 0 | G68: {=INDIRECT("個票37!H10")} | H68: {=INDIRECT("個票37!W11")} -> 0 | I68: {=INDIRECT("個票37!AG11")} -> 0 | J68: {=INDIRECT("個票37!X15")} -> 0 | K68: {=INDIRECT("個票37!X16")} -> 0 | L68: {=INDIRECT("個票37!X17")} -> 0
B69: 38 | C69: {=INDIRECT("個票38!H7")} -> 0 | D69: {=INDIRECT("個票38!T7")} -> 0 | E69: {=INDIRECT("個票38!D9")} -> 0 | F69: {=INDIRECT("個票38!O9")} -> 0 | G69: {=INDIRECT("個票38!H10")} | H69: {=INDIRECT("個票38!W11")} -> 0 | I69: {=INDIRECT("個票38!AG11")} -> 0 | J69: {=INDIRECT("個票38!X15")} -> 0 | K69: {=INDIRECT("個票38!X16")} -> 0 | L69: {=INDIRECT("個票38!X17")} -> 0
B70: 39 | C70: {=INDIRECT("個票39!H7")} -> 0 | D70: {=INDIRECT("個票39!T7")} -> 0 | E70: {=INDIRECT("個票39!D9")} -> 0 | F70: {=INDIRECT("個票39!O9")} -> 0 | G70: {=INDIRECT("個票39!H10")} | H70: {=INDIRECT("個票39!W11")} -> 0 | I70: {=INDIRECT("個票39!AG11")} -> 0 | J70: {=INDIRECT("個票39!X15")} -> 0 | K70: {=INDIRECT("個票39!X16")} -> 0 | L70: {=INDIRECT("個票39!X17")} -> 0
B71: 40 | C71: {=INDIRECT("個票40!H7")} -> 0 | D71: {=INDIRECT("個票40!T7")} -> 0 | E71: {=INDIRECT("個票40!D9")} -> 0 | F71: {=INDIRECT("個票40!O9")} -> 0 | G71: {=INDIRECT("個票40!H10")} | H71: {=INDIRECT("個票40!W11")} -> 0 | I71: {=INDIRECT("個票40!AG11")} -> 0 | J71: {=INDIRECT("個票40!X15")} -> 0 | K71: {=INDIRECT("個票40!X16")} -> 0 | L71: {=INDIRECT("個票40!X17")} -> 0
B72: 41 | C72: {=INDIRECT("個票41!H7")} -> 0 | D72: {=INDIRECT("個票41!T7")} -> 0 | E72: {=INDIRECT("個票41!D9")} -> 0 | F72: {=INDIRECT("個票41!O9")} -> 0 | G72: {=INDIRECT("個票41!H10")} | H72: {=INDIRECT("個票41!W11")} -> 0 | I72: {=INDIRECT("個票41!AG11")} -> 0 | J72: {=INDIRECT("個票41!X15")} -> 0 | K72: {=INDIRECT("個票41!X16")} -> 0 | L72: {=INDIRECT("個票41!X17")} -> 0
B73: 42 | C73: {=INDIRECT("個票42!H7")} -> 0 | D73: {=INDIRECT("個票42!T7")} -> 0 | E73: {=INDIRECT("個票42!D9")} -> 0 | F73: {=INDIRECT("個票42!O9")} -> 0 | G73: {=INDIRECT("個票42!H10")} | H73: {=INDIRECT("個票42!W11")} -> 0 | I73: {=INDIRECT("個票42!AG11")} -> 0 | J73: {=INDIRECT("個票42!X15")} -> 0 | K73: {=INDIRECT("個票42!X16")} -> 0 | L73: {=INDIRECT("個票42!X17")} -> 0
B74: 43 | C74: {=INDIRECT("個票43!H7")} -> 0 | D74: {=INDIRECT("個票43!T7")} -> 0 | E74: {=INDIRECT("個票43!D9")} -> 0 | F74: {=INDIRECT("個票43!O9")} -> 0 | G74: {=INDIRECT("個票43!H10")} | H74: {=INDIRECT("個票43!W11")} -> 0 | I74: {=INDIRECT("個票43!AG11")} -> 0 | J74: {=INDIRECT("個票43!X15")} -> 0 | K74: {=INDIRECT("個票43!X16")} -> 0 | L74: {=INDIRECT("個票43!X17")} -> 0
B75: 44 | C75: {=INDIRECT("個票44!H7")} -> 0 | D75: {=INDIRECT("個票44!T7")} -> 0 | E75: {=INDIRECT("個票44!D9")} -> 0 | F75: {=INDIRECT("個票44!O9")} -> 0 | G75: {=INDIRECT("個票44!H10")} | H75: {=INDIRECT("個票44!W11")} -> 0 | I75: {=INDIRECT("個票44!AG11")} -> 0 | J75: {=INDIRECT("個票44!X15")} -> 0 | K75: {=INDIRECT("個票44!X16")} -> 0 | L75: {=INDIRECT("個票44!X17")} -> 0
B76: 45 | C76: {=INDIRECT("個票45!H7")} -> 0 | D76: {=INDIRECT("個票45!T7")} -> 0 | E76: {=INDIRECT("個票45!D9")} -> 0 | F76: {=INDIRECT("個票45!O9")} -> 0 | G76: {=INDIRECT("個票45!H10")} | H76: {=INDIRECT("個票45!W11")} -> 0 | I76: {=INDIRECT("個票45!AG11")} -> 0 | J76: {=INDIRECT("個票45!X15")} -> 0 | K76: {=INDIRECT("個票45!X16")} -> 0 | L76: {=INDIRECT("個票45!X17")} -> 0
B77: 46 | C77: {=INDIRECT("個票46!H7")} -> 0 | D77: {=INDIRECT("個票46!T7")} -> 0 | E77: {=INDIRECT("個票46!D9")} -> 0 | F77: {=INDIRECT("個票46!O9")} -> 0 | G77: {=INDIRECT("個票46!H10")} | H77: {=INDIRECT("個票46!W11")} -> 0 | I77: {=INDIRECT("個票46!AG11")} -> 0 | J77: {=INDIRECT("個票46!X15")} -> 0 | K77: {=INDIRECT("個票46!X16")} -> 0 | L77: {=INDIRECT("個票46!X17")} -> 0
B78: 47 | C78: {=INDIRECT("個票47!H7")} -> 0 | D78: {=INDIRECT("個票47!T7")} -> 0 | E78: {=INDIRECT("個票47!D9")} -> 0 | F78: {=INDIRECT("個票47!O9")} -> 0 | G78: {=INDIRECT("個票47!H10")} | H78: {=INDIRECT("個票47!W11")} -> 0 | I78: {=INDIRECT("個票47!AG11")} -> 0 | J78: {=INDIRECT("個票47!X15")} -> 0 | K78: {=INDIRECT("個票47!X16")} -> 0 | L78: {=INDIRECT("個票47!X17")} -> 0
B79: 48 | C79: {=INDIRECT("個票48!H7")} -> 0 | D79: {=INDIRECT("個票48!T7")} -> 0 | E79: {=INDIRECT("個票48!D9")} -> 0 | F79: {=INDIRECT("個票48!O9")} -> 0 | G79: {=INDIRECT("個票48!H10")} | H79: {=INDIRECT("個票48!W11")} -> 0 | I79: {=INDIRECT("個票48!AG11")} -> 0 | J79: {=INDIRECT("個票48!X15")} -> 0 | K79: {=INDIRECT("個票48!X16")} -> 0 | L79: {=INDIRECT("個票48!X17")} -> 0
B80: 49 | C80: {=INDIRECT("個票49!H7")} -> 0 | D80: {=INDIRECT("個票49!T7")} -> 0 | E80: {=INDIRECT("個票49!D9")} -> 0 | F80: {=INDIRECT("個票49!O9")} -> 0 | G80: {=INDIRECT("個票49!H10")} | H80: {=INDIRECT("個票49!W11")} -> 0 | I80: {=INDIRECT("個票49!AG11")} -> 0 | J80: {=INDIRECT("個票49!X15")} -> 0 | K80: {=INDIRECT("個票49!X16")} -> 0 | L80: {=INDIRECT("個票49!X17")} -> 0
B81: 50 | C81: {=INDIRECT("個票50!H7")} -> 0 | D81: {=INDIRECT("個票50!T7")} -> 0 | E81: {=INDIRECT("個票50!D9")} -> 0 | F81: {=INDIRECT("個票50!O9")} -> 0 | G81: {=INDIRECT("個票50!H10")} | H81: {=INDIRECT("個票50!W11")} -> 0 | I81: {=INDIRECT("個票50!AG11")} -> 0 | J81: {=INDIRECT("個票50!X15")} -> 0 | K81: {=INDIRECT("個票50!X16")} -> 0 | L81: {=INDIRECT("個票50!X17")} -> 0
B82: 51 | C82: {=INDIRECT("個票51!H7")} -> 0 | D82: {=INDIRECT("個票51!T7")} -> 0 | E82: {=INDIRECT("個票51!D9")} -> 0 | F82: {=INDIRECT("個票51!O9")} -> 0 | G82: {=INDIRECT("個票51!H10")} | H82: {=INDIRECT("個票51!W11")} -> 0 | I82: {=INDIRECT("個票51!AG11")} -> 0 | J82: {=INDIRECT("個票51!X15")} -> 0 | K82: {=INDIRECT("個票51!X16")} -> 0 | L82: {=INDIRECT("個票51!X17")} -> 0
B83: 52 | C83: {=INDIRECT("個票52!H7")} -> 0 | D83: {=INDIRECT("個票52!T7")} -> 0 | E83: {=INDIRECT("個票52!D9")} -> 0 | F83: {=INDIRECT("個票52!O9")} -> 0 | G83: {=INDIRECT("個票52!H10")} | H83: {=INDIRECT("個票52!W11")} -> 0 | I83: {=INDIRECT("個票52!AG11")} -> 0 | J83: {=INDIRECT("個票52!X15")} -> 0 | K83: {=INDIRECT("個票52!X16")} -> 0 | L83: {=INDIRECT("個票52!X17")} -> 0
B84: 53 | C84: {=INDIRECT("個票53!H7")} -> 0 | D84: {=INDIRECT("個票53!T7")} -> 0 | E84: {=INDIRECT("個票53!D9")} -> 0 | F84: {=INDIRECT("個票53!O9")} -> 0 | G84: {=INDIRECT("個票53!H10")} | H84: {=INDIRECT("個票53!W11")} -> 0 | I84: {=INDIRECT("個票53!AG11")} -> 0 | J84: {=INDIRECT("個票53!X15")} -> 0 | K84: {=INDIRECT("個票53!X16")} -> 0 | L84: {=INDIRECT("個票53!X17")} -> 0
B85: 54 | C85: {=INDIRECT("個票54!H7")} -> 0 | D85: {=INDIRECT("個票54!T7")} -> 0 | E85: {=INDIRECT("個票54!D9")} -> 0 | F85: {=INDIRECT("個票54!O9")} -> 0 | G85: {=INDIRECT("個票54!H10")} | H85: {=INDIRECT("個票54!W11")} -> 0 | I85: {=INDIRECT("個票54!AG11")} -> 0 | J85: {=INDIRECT("個票54!X15")} -> 0 | K85: {=INDIRECT("個票54!X16")} -> 0 | L85: {=INDIRECT("個票54!X17")} -> 0
B86: 55 | C86: {=INDIRECT("個票55!H7")} -> 0 | D86: {=INDIRECT("個票55!T7")} -> 0 | E86: {=INDIRECT("個票55!D9")} -> 0 | F86: {=INDIRECT("個票55!O9")} -> 0 | G86: {=INDIRECT("個票55!H10")} | H86: {=INDIRECT("個票55!W11")} -> 0 | I86: {=INDIRECT("個票55!AG11")} -> 0 | J86: {=INDIRECT("個票55!X15")} -> 0 | K86: {=INDIRECT("個票55!X16")} -> 0 | L86: {=INDIRECT("個票55!X17")} -> 0
B87: 56 | C87: {=INDIRECT("個票56!H7")} -> 0 | D87: {=INDIRECT("個票56!T7")} -> 0 | E87: {=INDIRECT("個票56!D9")} -> 0 | F87: {=INDIRECT("個票56!O9")} -> 0 | G87: {=INDIRECT("個票56!H10")} | H87: {=INDIRECT("個票56!W11")} -> 0 | I87: {=INDIRECT("個票56!AG11")} -> 0 | J87: {=INDIRECT("個票56!X15")} -> 0 | K87: {=INDIRECT("個票56!X16")} -> 0 | L87: {=INDIRECT("個票56!X17")} -> 0
B88: 57 | C88: {=INDIRECT("個票57!H7")} -> 0 | D88: {=INDIRECT("個票57!T7")} -> 0 | E88: {=INDIRECT("個票57!D9")} -> 0 | F88: {=INDIRECT("個票57!O9")} -> 0 | G88: {=INDIRECT("個票57!H10")} | H88: {=INDIRECT("個票57!W11")} -> 0 | I88: {=INDIRECT("個票57!AG11")} -> 0 | J88: {=INDIRECT("個票57!X15")} -> 0 | K88: {=INDIRECT("個票57!X16")} -> 0 | L88: {=INDIRECT("個票57!X17")} -> 0
B89: 58 | C89: {=INDIRECT("個票58!H7")} -> 0 | D89: {=INDIRECT("個票58!T7")} -> 0 | E89: {=INDIRECT("個票58!D9")} -> 0 | F89: {=INDIRECT("個票58!O9")} -> 0 | G89: {=INDIRECT("個票58!H10")} | H89: {=INDIRECT("個票58!W11")} -> 0 | I89: {=INDIRECT("個票58!AG11")} -> 0 | J89: {=INDIRECT("個票58!X15")} -> 0 | K89: {=INDIRECT("個票58!X16")} -> 0 | L89: {=INDIRECT("個票58!X17")} -> 0
B90: 59 | C90: {=INDIRECT("個票59!H7")} -> 0 | D90: {=INDIRECT("個票59!T7")} -> 0 | E90: {=INDIRECT("個票59!D9")} -> 0 | F90: {=INDIRECT("個票59!O9")} -> 0 | G90: {=INDIRECT("個票59!H10")} | H90: {=INDIRECT("個票59!W11")} -> 0 | I90: {=INDIRECT("個票59!AG11")} -> 0 | J90: {=INDIRECT("個票59!X15")} -> 0 | K90: {=INDIRECT("個票59!X16")} -> 0 | L90: {=INDIRECT("個票59!X17")} -> 0
B91: 60 | C91: {=INDIRECT("個票60!H7")} -> 0 | D91: {=INDIRECT("個票60!T7")} -> 0 | E91: {=INDIRECT("個票60!D9")} -> 0 | F91: {=INDIRECT("個票60!O9")} -> 0 | G91: {=INDIRECT("個票60!H10")} | H91: {=INDIRECT("個票60!W11")} -> 0 | I91: {=INDIRECT("個票60!AG11")} -> 0 | J91: {=INDIRECT("個票60!X15")} -> 0 | K91: {=INDIRECT("個票60!X16")} -> 0 | L91: {=INDIRECT("個票60!X17")} -> 0
B92: 61 | C92: {=INDIRECT("個票61!H7")} -> 0 | D92: {=INDIRECT("個票61!T7")} -> 0 | E92: {=INDIRECT("個票61!D9")} -> 0 | F92: {=INDIRECT("個票61!O9")} -> 0 | G92: {=INDIRECT("個票61!H10")} | H92: {=INDIRECT("個票61!W11")} -> 0 | I92: {=INDIRECT("個票61!AG11")} -> 0 | J92: {=INDIRECT("個票61!X15")} -> 0 | K92: {=INDIRECT("個票61!X16")} -> 0 | L92: {=INDIRECT("個票61!X17")} -> 0
B93: 62 | C93: {=INDIRECT("個票62!H7")} -> 0 | D93: {=INDIRECT("個票62!T7")} -> 0 | E93: {=INDIRECT("個票62!D9")} -> 0 | F93: {=INDIRECT("個票62!O9")} -> 0 | G93: {=INDIRECT("個票62!H10")} | H93: {=INDIRECT("個票62!W11")} -> 0 | I93: {=INDIRECT("個票62!AG11")} -> 0 | J93: {=INDIRECT("個票62!X15")} -> 0 | K93: {=INDIRECT("個票62!X16")} -> 0 | L93: {=INDIRECT("個票62!X17")} -> 0
B94: 63 | C94: {=INDIRECT("個票63!H7")} -> 0 | D94: {=INDIRECT("個票63!T7")} -> 0 | E94: {=INDIRECT("個票63!D9")} -> 0 | F94: {=INDIRECT("個票63!O9")} -> 0 | G94: {=INDIRECT("個票63!H10")} | H94: {=INDIRECT("個票63!W11")} -> 0 | I94: {=INDIRECT("個票63!AG11")} -> 0 | J94: {=INDIRECT("個票63!X15")} -> 0 | K94: {=INDIRECT("個票63!X16")} -> 0 | L94: {=INDIRECT("個票63!X17")} -> 0
B95: 64 | C95: {=INDIRECT("個票64!H7")} -> 0 | D95: {=INDIRECT("個票64!T7")} -> 0 | E95: {=INDIRECT("個票64!D9")} -> 0 | F95: {=INDIRECT("個票64!O9")} -> 0 | G95: {=INDIRECT("個票64!H10")} | H95: {=INDIRECT("個票64!W11")} -> 0 | I95: {=INDIRECT("個票64!AG11")} -> 0 | J95: {=INDIRECT("個票64!X15")} -> 0 | K95: {=INDIRECT("個票64!X16")} -> 0 | L95: {=INDIRECT("個票64!X17")} -> 0
B96: 65 | C96: {=INDIRECT("個票65!H7")} -> 0 | D96: {=INDIRECT("個票65!T7")} -> 0 | E96: {=INDIRECT("個票65!D9")} -> 0 | F96: {=INDIRECT("個票65!O9")} -> 0 | G96: {=INDIRECT("個票65!H10")} | H96: {=INDIRECT("個票65!W11")} -> 0 | I96: {=INDIRECT("個票65!AG11")} -> 0 | J96: {=INDIRECT("個票65!X15")} -> 0 | K96: {=INDIRECT("個票65!X16")} -> 0 | L96: {=INDIRECT("個票65!X17")} -> 0
B97: 66 | C97: {=INDIRECT("個票66!H7")} -> 0 | D97: {=INDIRECT("個票66!T7")} -> 0 | E97: {=INDIRECT("個票66!D9")} -> 0 | F97: {=INDIRECT("個票66!O9")} -> 0 | G97: {=INDIRECT("個票66!H10")} | H97: {=INDIRECT("個票66!W11")} -> 0 | I97: {=INDIRECT("個票66!AG11")} -> 0 | J97: {=INDIRECT("個票66!X15")} -> 0 | K97: {=INDIRECT("個票66!X16")} -> 0 | L97: {=INDIRECT("個票66!X17")} -> 0
B98: 67 | C98: {=INDIRECT("個票67!H7")} -> 0 | D98: {=INDIRECT("個票67!T7")} -> 0 | E98: {=INDIRECT("個票67!D9")} -> 0 | F98: {=INDIRECT("個票67!O9")} -> 0 | G98: {=INDIRECT("個票67!H10")} | H98: {=INDIRECT("個票67!W11")} -> 0 | I98: {=INDIRECT("個票67!AG11")} -> 0 | J98: {=INDIRECT("個票67!X15")} -> 0 | K98: {=INDIRECT("個票67!X16")} -> 0 | L98: {=INDIRECT("個票67!X17")} -> 0
B99: 68 | C99: {=INDIRECT("個票68!H7")} -> 0 | D99: {=INDIRECT("個票68!T7")} -> 0 | E99: {=INDIRECT("個票68!D9")} -> 0 | F99: {=INDIRECT("個票68!O9")} -> 0 | G99: {=INDIRECT("個票68!H10")} | H99: {=INDIRECT("個票68!W11")} -> 0 | I99: {=INDIRECT("個票68!AG11")} -> 0 | J99: {=INDIRECT("個票68!X15")} -> 0 | K99: {=INDIRECT("個票68!X16")} -> 0 | L99: {=INDIRECT("個票68!X17")} -> 0
B100: 69 | C100: {=INDIRECT("個票69!H7")} -> 0 | D100: {=INDIRECT("個票69!T7")} -> 0 | E100: {=INDIRECT("個票69!D9")} -> 0 | F100: {=INDIRECT("個票69!O9")} -> 0 | G100: {=INDIRECT("個票69!H10")} | H100: {=INDIRECT("個票69!W11")} -> 0 | I100: {=INDIRECT("個票69!AG11")} -> 0 | J100: {=INDIRECT("個票69!X15")} -> 0 | K100: {=INDIRECT("個票69!X16")} -> 0 | L100: {=INDIRECT("個票69!X17")} -> 0
B101: 70 | C101: {=INDIRECT("個票70!H7")} -> 0 | D101: {=INDIRECT("個票70!T7")} -> 0 | E101: {=INDIRECT("個票70!D9")} -> 0 | F101: {=INDIRECT("個票70!O9")} -> 0 | G101: {=INDIRECT("個票70!H10")} | H101: {=INDIRECT("個票70!W11")} -> 0 | I101: {=INDIRECT("個票70!AG11")} -> 0 | J101: {=INDIRECT("個票70!X15")} -> 0 | K101: {=INDIRECT("個票70!X16")} -> 0 | L101: {=INDIRECT("個票70!X17")} -> 0
B102: 71 | C102: {=INDIRECT("個票71!H7")} -> 0 | D102: {=INDIRECT("個票71!T7")} -> 0 | E102: {=INDIRECT("個票71!D9")} -> 0 | F102: {=INDIRECT("個票71!O9")} -> 0 | G102: {=INDIRECT("個票71!H10")} | H102: {=INDIRECT("個票71!W11")} -> 0 | I102: {=INDIRECT("個票71!AG11")} -> 0 | J102: {=INDIRECT("個票71!X15")} -> 0 | K102: {=INDIRECT("個票71!X16")} -> 0 | L102: {=INDIRECT("個票71!X17")} -> 0
B103: 72 | C103: {=INDIRECT("個票72!H7")} -> 0 | D103: {=INDIRECT("個票72!T7")} -> 0 | E103: {=INDIRECT("個票72!D9")} -> 0 | F103: {=INDIRECT("個票72!O9")} -> 0 | G103: {=INDIRECT("個票72!H10")} | H103: {=INDIRECT("個票72!W11")} -> 0 | I103: {=INDIRECT("個票72!AG11")} -> 0 | J103: {=INDIRECT("個票72!X15")} -> 0 | K103: {=INDIRECT("個票72!X16")} -> 0 | L103: {=INDIRECT("個票72!X17")} -> 0
B104: 73 | C104: {=INDIRECT("個票73!H7")} -> 0 | D104: {=INDIRECT("個票73!T7")} -> 0 | E104: {=INDIRECT("個票73!D9")} -> 0 | F104: {=INDIRECT("個票73!O9")} -> 0 | G104: {=INDIRECT("個票73!H10")} | H104: {=INDIRECT("個票73!W11")} -> 0 | I104: {=INDIRECT("個票73!AG11")} -> 0 | J104: {=INDIRECT("個票73!X15")} -> 0 | K104: {=INDIRECT("個票73!X16")} -> 0 | L104: {=INDIRECT("個票73!X17")} -> 0
B105: 74 | C105: {=INDIRECT("個票74!H7")} -> 0 | D105: {=INDIRECT("個票74!T7")} -> 0 | E105: {=INDIRECT("個票74!D9")} -> 0 | F105: {=INDIRECT("個票74!O9")} -> 0 | G105: {=INDIRECT("個票74!H10")} | H105: {=INDIRECT("個票74!W11")} -> 0 | I105: {=INDIRECT("個票74!AG11")} -> 0 | J105: {=INDIRECT("個票74!X15")} -> 0 | K105: {=INDIRECT("個票74!X16")} -> 0 | L105: {=INDIRECT("個票74!X17")} -> 0
B106: 75 | C106: {=INDIRECT("個票75!H7")} -> 0 | D106: {=INDIRECT("個票75!T7")} -> 0 | E106: {=INDIRECT("個票75!D9")} -> 0 | F106: {=INDIRECT("個票75!O9")} -> 0 | G106: {=INDIRECT("個票75!H10")} | H106: {=INDIRECT("個票75!W11")} -> 0 | I106: {=INDIRECT("個票75!AG11")} -> 0 | J106: {=INDIRECT("個票75!X15")} -> 0 | K106: {=INDIRECT("個票75!X16")} -> 0 | L106: {=INDIRECT("個票75!X17")} -> 0
B107: 76 | C107: {=INDIRECT("個票76!H7")} -> 0 | D107: {=INDIRECT("個票76!T7")} -> 0 | E107: {=INDIRECT("個票76!D9")} -> 0 | F107: {=INDIRECT("個票76!O9")} -> 0 | G107: {=INDIRECT("個票76!H10")} | H107: {=INDIRECT("個票76!W11")} -> 0 | I107: {=INDIRECT("個票76!AG11")} -> 0 | J107: {=INDIRECT("個票76!X15")} -> 0 | K107: {=INDIRECT("個票76!X16")} -> 0 | L107: {=INDIRECT("個票76!X17")} -> 0
B108: 77 | C108: {=INDIRECT("個票77!H7")} -> 0 | D108: {=INDIRECT("個票77!T7")} -> 0 | E108: {=INDIRECT("個票77!D9")} -> 0 | F108: {=INDIRECT("個票77!O9")} -> 0 | G108: {=INDIRECT("個票77!H10")} | H108: {=INDIRECT("個票77!W11")} -> 0 | I108: {=INDIRECT("個票77!AG11")} -> 0 | J108: {=INDIRECT("個票77!X15")} -> 0 | K108: {=INDIRECT("個票77!X16")} -> 0 | L108: {=INDIRECT("個票77!X17")} -> 0
B109: 78 | C109: {=INDIRECT("個票78!H7")} -> 0 | D109: {=INDIRECT("個票78!T7")} -> 0 | E109: {=INDIRECT("個票78!D9")} -> 0 | F109: {=INDIRECT("個票78!O9")} -> 0 | G109: {=INDIRECT("個票78!H10")} | H109: {=INDIRECT("個票78!W11")} -> 0 | I109: {=INDIRECT("個票78!AG11")} -> 0 | J109: {=INDIRECT("個票78!X15")} -> 0 | K109: {=INDIRECT("個票78!X16")} -> 0 | L109: {=INDIRECT("個票78!X17")} -> 0
B110: 79 | C110: {=INDIRECT("個票79!H7")} -> 0 | D110: {=INDIRECT("個票79!T7")} -> 0 | E110: {=INDIRECT("個票79!D9")} -> 0 | F110: {=INDIRECT("個票79!O9")} -> 0 | G110: {=INDIRECT("個票79!H10")} | H110: {=INDIRECT("個票79!W11")} -> 0 | I110: {=INDIRECT("個票79!AG11")} -> 0 | J110: {=INDIRECT("個票79!X15")} -> 0 | K110: {=INDIRECT("個票79!X16")} -> 0 | L110: {=INDIRECT("個票79!X17")} -> 0
B111: 80 | C111: {=INDIRECT("個票80!H7")} -> 0 | D111: {=INDIRECT("個票80!T7")} -> 0 | E111: {=INDIRECT("個票80!D9")} -> 0 | F111: {=INDIRECT("個票80!O9")} -> 0 | G111: {=INDIRECT("個票80!H10")} | H111: {=INDIRECT("個票80!W11")} -> 0 | I111: {=INDIRECT("個票80!AG11")} -> 0 | J111: {=INDIRECT("個票80!X15")} -> 0 | K111: {=INDIRECT("個票80!X16")} -> 0 | L111: {=INDIRECT("個票80!X17")} -> 0
B113: 個票番号 | C113: 整理番号 | D113: 事業所名 | E113: 科目 | F113: 支出済額（円） | G113: 内訳 | H113: 内示額（千円） | I113: 申請額（千円） | K113: 個票番号 | L113: 整理番号 | M113: 事業所名 | N113: 科目 | O113: 支出済額（円） | P113: 内訳 | Q113: 内示額（千円） | R113: 申請額（千円）
B114: 1 | C114: {=INDIRECT("個票１!H7")} -> 0 | D114: {=INDIRECT("個票１!T7")} -> 0 | E114: {=INDIRECT("個票１!A25")} -> (ア)燃料費、有料道路通行料等の移動に伴い必要となる経費 | F114: {=INDIRECT("個票１!H25")} -> 0 | G114: {=INDIRECT("個票１!M25")} -> 0 | H114: {=INDIRECT("個票１!AD22")} | I114: {=INDIRECT("個票１!AI22")} -> 0 | K114: 1 | L114: {=INDIRECT("個票１!H7")} -> 0 | M114: {=INDIRECT("個票１!T7")} -> 0 | N114: {=INDIRECT("個票１!A33")} -> (ア)飲料水、食料品等の備蓄物資の購入等経費 | O114: {=INDIRECT("個票１!H33")} -> 0 | P114: {=INDIRECT("個票１!M33")} -> 0 | Q114: {=INDIRECT("個票１!AD22")} | R114: {=INDIRECT("個票１!AI22")} -> 0
B115: 1 | C115: {=INDIRECT("個票１!H7")} -> 0 | D115: {=INDIRECT("個票１!T7")} -> 0 | E115: {=INDIRECT("個票１!A26")} -> (イ)ネッククーラー（ヒーター）等の猛暑・雪害対策用品の購入等経費 | F115: {=INDIRECT("個票１!H26")} -> 0 | G115: {=INDIRECT("個票１!M26")} -> 0 | H115: {=INDIRECT("個票１!AD22")} | I115: {=INDIRECT("個票１!AI22")} -> 0 | K115: 1 | L115: {=INDIRECT("個票１!H7")} -> 0 | M115: {=INDIRECT("個票１!T7")} -> 0 | N115: {=INDIRECT("個票１!A34")} -> (イ)ポータブル発電機、ポータブル電源・蓄電池等の購入等経費 | O115: {=INDIRECT("個票１!H34")} -> 0 | P115: {=INDIRECT("個票１!M34")} -> 0 | Q115: {=INDIRECT("個票１!AD22")} | R115: {=INDIRECT("個票１!AI22")} -> 0
B116: 1 | C116: {=INDIRECT("個票１!H7")} -> 0 | D116: {=INDIRECT("個票１!T7")} -> 0 | E116: {=INDIRECT("個票１!A27")} -> (ウ)燃料費等の入居者・利用者の生活環境改善、職員の負担軽減・勤務環境改善に必要となる経費 | F116: {=INDIRECT("個票１!H27")} -> 0 | G116: {=INDIRECT("個票１!M27")} -> 0 | H116: {=INDIRECT("個票１!AD22")} | I116: {=INDIRECT("個票１!AI22")} -> 0 | K116: 1 | L116: {=INDIRECT("個票１!H7")} -> 0 | M116: {=INDIRECT("個票１!T7")} -> 0 | N116: {=INDIRECT("個票１!A35")} -> (ウ)衛生用品、医療用品等の購入等経費 | O116: {=INDIRECT("個票１!H35")} -> 0 | P116: {=INDIRECT("個票１!M35")} -> 0 | Q116: {=INDIRECT("個票１!AD22")} | R116: {=INDIRECT("個票１!AI22")} -> 0
B117: 1 | C117: {=INDIRECT("個票１!H7")} -> 0 | D117: {=INDIRECT("個票１!T7")} -> 0 | E117: {=INDIRECT("個票１!A28")} -> (エ)業務用スポットクーラー（ヒーター）等の居室や浴室等における温度管理、湿度管理に必要な設備・物品等の購入等経費 | F117: {=INDIRECT("個票１!H28")} -> 0 | G117: {=INDIRECT("個票１!M28")} -> 0 | H117: {=INDIRECT("個票１!AD22")} | I117: {=INDIRECT("個票１!AI22")} -> 0 | K117: 1 | L117: {=INDIRECT("個票１!H7")} -> 0 | M117: {=INDIRECT("個票１!T7")} -> 0 | N117: {=INDIRECT("個票１!A36")} -> (エ)簡易浄水器、冷房機、暖房機、簡易トイレ、清潔保持のための用具等の購入等経費 | O117: {=INDIRECT("個票１!H36")} -> 0 | P117: {=INDIRECT("個票１!M36")} -> 0 | Q117: {=INDIRECT("個票１!AD22")} | R117: {=INDIRECT("個票１!AI22")} -> 0
B118: 1 | C118: {=INDIRECT("個票１!H7")} -> 0 | D118: {=INDIRECT("個票１!T7")} -> 0 | E118: {=INDIRECT("個票１!A29")} -> 合計 | F118: {=INDIRECT("個票１!H29")} -> 0 | G118: {=INDIRECT("個票１!M29")} -> 0 | H118: {=INDIRECT("個票１!AD22")} | I118: {=INDIRECT("個票１!AI22")} -> 0 | K118: 1 | L118: {=INDIRECT("個票１!H7")} -> 0 | M118: {=INDIRECT("個票１!T7")} -> 0 | N118: {=INDIRECT("個票１!A37")} -> (オ)その他災害への備えとして必要と認められる経費 | O118: {=INDIRECT("個票１!H37")} -> 0 | P118: {=INDIRECT("個票１!M37")} -> 0 | Q118: {=INDIRECT("個票１!AD22")} | R118: {=INDIRECT("個票１!AI22")} -> 0
...

Sheet 個票（記入例）
A1: （様式第３号）事業所・施設別個票
A3: 介護事業所等に対するサービス継続支援事業に関する交付申請書兼実績報告書 （事業所・施設単位）
A5: 施設概要
A7: 整理番号 | H7: 5900 | O7: 事業所名称 | T7: 広島県介護サービス
A8: 所在地 | D8: 郵便番号 | H8: 都道府県名 | O8: 住所
D9: 7300000 | H9: 広島県 | O9: 広島市中区基町1番地1
A10: 提供サービス | H10: =IFERROR(VLOOKUP(H7,内示額!A:B,2,FALSE),"") -> 居宅介護支援 | T10: 連絡先 | W10: 電話番号 | AG10: 担当部署名
W11: 0821234567 | AG11: 総務部
A13: 報告にあたっての確認事項
A15: 領収書、レシート等の根拠資料は事業所等において適切に保管している。 | X15: ✔
A16: 支出済の費用について、他の予算制度に基づく、負担又は補助と重複は生じていない。 | X16: ✔
A17: 「支出済額」の欄には、対象経費から消費税相当額を除いた実支出額を記載している。 | X17: ✔
A19: 支出済額
AD21: 内示額 | AI21: 申請額
AD22: =IFERROR(VLOOKUP(H7,内示額!A:C,3,FALSE),"") -> 186 | AG22: 千円 | AI22: =MIN(AD22,ROUNDDOWN((H29+H38)/1000,0)) -> 186 | AL22: 千円
A23: 【（１）介護サービス等を円滑に継続するための対応】
A24: 科目 | H24: 支出済額（円） （税抜き） | M24: 内訳（用途・品目・数量等）
A25: (ア)燃料費、有料道路通行料等の移動に伴い必要となる経費 | H25: 100000 | M25: ガソリン代（５台）令和８年９月１日～10月31日利用分
A26: (イ)ネッククーラー（ヒーター）等の猛暑・雪害対策用品の購入等経費
A27: (ウ)燃料費等の入居者・利用者の生活環境改善、職員の負担軽減・勤務環境改善に必要となる経費
A28: (エ)業務用スポットクーラー（ヒーター）等の居室や浴室等における温度管理、湿度管理に必要な設備・物品等の購入等経費 | H28: 150000 | M28: エアコン１台（単価140,000円） 遮光カーテン２枚（単価5,000円）
A29: 合計 | H29: =SUM(H25:L28) -> 250000
A31: 【（２）災害備蓄等への対応】
A32: 科目 | H32: 支出済額（円） （税抜き） | M32: 内訳（用途・品目・数量等）
A33: (ア)飲料水、食料品等の備蓄物資の購入等経費 | H33: 60000 | M33: 飲料水（２L×６本×50箱）（単価100円）
A34: (イ)ポータブル発電機、ポータブル電源・蓄電池等の購入等経費
A35: (ウ)衛生用品、医療用品等の購入等経費
A36: (エ)簡易浄水器、冷房機、暖房機、簡易トイレ、清潔保持のための用具等の購入等経費
A37: (オ)その他災害への備えとして必要と認められる経費
A38: 合計 | H38: =SUM(H33:L37) -> 60000
A41: （注）申請額は、内示額と支出済額を比較していずれか低い方の額が入力される。

Sheet 様式第1号(申請書兼報告書)
A1: （様式第１号）
A4: 介護事業所等に対するサービス継続支援事業費補助金交付申請書兼実績報告書
AC6: 令和 | AD6: 8 | AF6: 年 | AI6: 月 | AL6: 日
A8: 広島県知事 様
R10: （郵便番号）
R11: （所在地）
R12: （法人名）
R13: （代表者）
C14: 標記について、介護事業所等に関するサービス継続支援事業費補助金交付要綱第７条の規定により、次のとおり関係書類を添えて申請します。
B17: 交付申請
B18: 金 額 ： | J18: =SUM('様式第2号（申請額一覧）'!H5:H84)*1000 -> 0 | S18: 円
B25: （添付書類）
B26: ・事業所・施設別申請額一覧（様式第２号）
B27: ・介護事業所等に対するサービス継続支援事業に関する交付申請書兼実績報告書
B28: （事業所・施設単位）（様式第３号）
B29: ・その他知事の定める書類
T33: 【申請内容に関する問い合わせ先】
U34: ※日中連絡の取りやすい連絡先をご入力ください。
U35: 部署名
U36: 担当者氏名
U37: 連絡先 | Y37: 電話番号
Y38: e-mail

Sheet 様式第2号（申請額一覧）
A1: （様式第２号）事業所・施設別申請額一覧 | D1: ※本表は自動計算の為、入力は不要です。
A3: No. | B3: 事業所・施設名 | C3: 整理番号 | D3: サービス種別 | E3: 電話番号 | F3: 事業所・施設住所 | G3: 法人名 | H3: 申請額 （千円）
A5: =ROW()-4 -> 1 | B5: =IFERROR(INDIRECT("個票"&$A5&"！$t$7"),"") -> 0 | C5: =IFERROR(INDIRECT("個票"&$A5&"！$h$7"),"") -> 0 | D5: =IFERROR(INDIRECT("個票"&$A5&"！$H$10"),"") | E5: =IFERROR(INDIRECT("個票"&$A5&"！$w$11"),"") -> 0 | F5: =IFERROR(INDIRECT("個票"&$A5&"！$H$9")&INDIRECT("個票"&$A5&"！$O$9"),"") -> 広島県 | G5: =IF(H5>0,'様式第1号(申請書兼報告書)'!$W$12,"") | H5: =IFERROR(INDIRECT("個票"&$A5&"！$ai$22"),0) -> 0
A6: =ROW()-4 -> 2 | B6: =IFERROR(INDIRECT("個票"&$A6&"！$t$7"),"") -> 0 | C6: =IFERROR(INDIRECT("個票"&$A6&"！$h$7"),"") -> 0 | D6: =IFERROR(INDIRECT("個票"&$A6&"！$H$10"),"") | E6: =IFERROR(INDIRECT("個票"&$A6&"！$w$11"),"") -> 0 | F6: =IFERROR(INDIRECT("個票"&$A6&"！$H$9")&INDIRECT("個票"&$A6&"！$O$9"),"") -> 広島県 | G6: =IF(H6>0,'様式第1号(申請書兼報告書)'!$W$12,"") | H6: =IFERROR(INDIRECT("個票"&$A6&"！$ai$22"),0) -> 0
A7: =ROW()-4 -> 3 | B7: =IFERROR(INDIRECT("個票"&$A7&"！$t$7"),"") -> 0 | C7: =IFERROR(INDIRECT("個票"&$A7&"！$h$7"),"") -> 0 | D7: =IFERROR(INDIRECT("個票"&$A7&"！$H$10"),"") | E7: =IFERROR(INDIRECT("個票"&$A7&"！$w$11"),"") -> 0 | F7: =IFERROR(INDIRECT("個票"&$A7&"！$H$9")&INDIRECT("個票"&$A7&"！$O$9"),"") -> 広島県 | G7: =IF(H7>0,'様式第1号(申請書兼報告書)'!$W$12,"") | H7: =IFERROR(INDIRECT("個票"&$A7&"！$ai$22"),0) -> 0
A8: =ROW()-4 -> 4 | B8: =IFERROR(INDIRECT("個票"&$A8&"！$t$7"),"") -> 0 | C8: =IFERROR(INDIRECT("個票"&$A8&"！$h$7"),"") -> 0 | D8: =IFERROR(INDIRECT("個票"&$A8&"！$H$10"),"") | E8: =IFERROR(INDIRECT("個票"&$A8&"！$w$11"),"") -> 0 | F8: =IFERROR(INDIRECT("個票"&$A8&"！$H$9")&INDIRECT("個票"&$A8&"！$O$9"),"") -> 広島県 | G8: =IF(H8>0,'様式第1号(申請書兼報告書)'!$W$12,"") | H8: =IFERROR(INDIRECT("個票"&$A8&"！$ai$22"),0) -> 0
A9: =ROW()-4 -> 5 | B9: =IFERROR(INDIRECT("個票"&$A9&"！$t$7"),"") -> 0 | C9: =IFERROR(INDIRECT("個票"&$A9&"！$h$7"),"") -> 0 | D9: =IFERROR(INDIRECT("個票"&$A9&"！$H$10"),"") | E9: =IFERROR(INDIRECT("個票"&$A9&"！$w$11"),"") -> 0 | F9: =IFERROR(INDIRECT("個票"&$A9&"！$H$9")&INDIRECT("個票"&$A9&"！$O$9"),"") -> 広島県 | G9: =IF(H9>0,'様式第1号(申請書兼報告書)'!$W$12,"") | H9: =IFERROR(INDIRECT("個票"&$A9&"！$ai$22"),0) -> 0
A10: =ROW()-4 -> 6 | B10: =IFERROR(INDIRECT("個票"&$A10&"！$t$7"),"") -> 0 | C10: =IFERROR(INDIRECT("個票"&$A10&"！$h$7"),"") -> 0 | D10: =IFERROR(INDIRECT("個票"&$A10&"！$H$10"),"") | E10: =IFERROR(INDIRECT("個票"&$A10&"！$w$11"),"") -> 0 | F10: =IFERROR(INDIRECT("個票"&$A10&"！$H$9")&INDIRECT("個票"&$A10&"！$O$9"),"") -> 広島県 | G10: =IF(H10>0,'様式第1号(申請書兼報告書)'!$W$12,"") | H10: =IFERROR(INDIRECT("個票"&$A10&"！$ai$22"),0) -> 0
A11: =ROW()-4 -> 7 | B11: =IFERROR(INDIRECT("個票"&$A11&"！$t$7"),"") -> 0 | C11: =IFERROR(INDIRECT("個票"&$A11&"！$h$7"),"") -> 0 | D11: =IFERROR(INDIRECT("個票"&$A11&"！$H$10"),"") | E11: =IFERROR(INDIRECT("個票"&$A11&"！$w$11"),"") -> 0 | F11: =IFERROR(INDIRECT("個票"&$A11&"！$H$9")&INDIRECT("個票"&$A11&"！$O$9"),"") -> 広島県 | G11: =IF(H11>0,'様式第1号(申請書兼報告書)'!$W$12,"") | H11: =IFERROR(INDIRECT("個票"&$A11&"！$ai$22"),0) -> 0
A12: =ROW()-4 -> 8 | B12: =IFERROR(INDIRECT("個票"&$A12&"！$t$7"),"") -> 0 | C12: =IFERROR(INDIRECT("個票"&$A12&"！$h$7"),"") -> 0 | D12: =IFERROR(INDIRECT("個票"&$A12&"！$H$10"),"") | E12: =IFERROR(INDIRECT("個票"&$A12&"！$w$11"),"") -> 0 | F12: =IFERROR(INDIRECT("個票"&$A12&"！$H$9")&INDIRECT("個票"&$A12&"！$O$9"),"") -> 広島県 | G12: =IF(H12>0,'様式第1号(申請書兼報告書)'!$W$12,"") | H12: =IFERROR(INDIRECT("個票"&$A12&"！$ai$22"),0) -> 0
A13: =ROW()-4 -> 9 | B13: =IFERROR(INDIRECT("個票"&$A13&"！$t$7"),"") -> 0 | C13: =IFERROR(INDIRECT("個票"&$A13&"！$h$7"),"") -> 0 | D13: =IFERROR(INDIRECT("個票"&$A13&"！$H$10"),"") | E13: =IFERROR(INDIRECT("個票"&$A13&"！$w$11"),"") -> 0 | F13: =IFERROR(INDIRECT("個票"&$A13&"！$H$9")&INDIRECT("個票"&$A13&"！$O$9"),"") -> 広島県 | G13: =IF(H13>0,'様式第1号(申請書兼報告書)'!$W$12,"") | H13: =IFERROR(INDIRECT("個票"&$A13&"！$ai$22"),0) -> 0
A14: =ROW()-4 -> 10 | B14: =IFERROR(INDIRECT("個票"&$A14&"！$t$7"),"") -> 0 | C14: =IFERROR(INDIRECT("個票"&$A14&"！$h$7"),"") -> 0 | D14: =IFERROR(INDIRECT("個票"&$A14&"！$H$10"),"") | E14: =IFERROR(INDIRECT("個票"&$A14&"！$w$11"),"") -> 0 | F14: =IFERROR(INDIRECT("個票"&$A14&"！$H$9")&INDIRECT("個票"&$A14&"！$O$9"),"") -> 広島県 | G14: =IF(H14>0,'様式第1号(申請書兼報告書)'!$W$12,"") | H14: =IFERROR(INDIRECT("個票"&$A14&"！$ai$22"),0) -> 0
A15: =ROW()-4 -> 11 | B15: =IFERROR(INDIRECT("個票"&$A15&"！$t$7"),"") -> 0 | C15: =IFERROR(INDIRECT("個票"&$A15&"！$h$7"),"") -> 0 | D15: =IFERROR(INDIRECT("個票"&$A15&"！$H$10"),"") | E15: =IFERROR(INDIRECT("個票"&$A15&"！$w$11"),"") -> 0 | F15: =IFERROR(INDIRECT("個票"&$A15&"！$H$9")&INDIRECT("個票"&$A15&"！$O$9"),"") -> 広島県 | G15: =IF(H15>0,'様式第1号(申請書兼報告書)'!$W$12,"") | H15: =IFERROR(INDIRECT("個票"&$A15&"！$ai$22"),0) -> 0
A16: =ROW()-4 -> 12 | B16: =IFERROR(INDIRECT("個票"&$A16&"！$t$7"),"") -> 0 | C16: =IFERROR(INDIRECT("個票"&$A16&"！$h$7"),"") -> 0 | D16: =IFERROR(INDIRECT("個票"&$A16&"！$H$10"),"") | E16: =IFERROR(INDIRECT("個票"&$A16&"！$w$11"),"") -> 0 | F16: =IFERROR(INDIRECT("個票"&$A16&"！$H$9")&INDIRECT("個票"&$A16&"！$O$9"),"") -> 広島県 | G16: =IF(H16>0,'様式第1号(申請書兼報告書)'!$W$12,"") | H16: =IFERROR(INDIRECT("個票"&$A16&"！$ai$22"),0) -> 0
... A84: =ROW()-4 -> 80 | B84: =IFERROR(INDIRECT("個票"&$A84&"！$t$7"),"") -> 0 | C84: =IFERROR(INDIRECT("個票"&$A84&"！$h$7"),"") -> 0 | D84: =IFERROR(INDIRECT("個票"&$A84&"！$H$10"),"") | E84: =IFERROR(INDIRECT("個票"&$A84&"！$w$11"),"") -> 0 | F84: =IFERROR(INDIRECT("個票"&$A84&"！$H$9")&INDIRECT("個票"&$A84&"！$O$9"),"") -> 広島県 | G84: =IF(H84>0,'様式第1号(申請書兼報告書)'!$W$12,"") | H84: =IFERROR(INDIRECT("個票"&$A84&"！$ai$22"),0) -> 0
A85: （注）行が不足する場合には、「本申請書の使い方」に従って、必要に応じて行を追加すること。列の挿入は絶対に行わないこと。

Sheet 個票1
A1: （様式第３号）事業所・施設別個票
A3: 介護事業所等に対するサービス継続支援事業に関する交付申請書兼実績報告書 （事業所・施設単位）
A5: 施設概要
A7: 整理番号 | O7: 事業所名称
A8: 所在地 | D8: 郵便番号 | H8: 都道府県名 | O8: 住所
H9: 広島県
A10: 提供サービス | H10: =IFERROR(VLOOKUP(H7,内示額!A:B,2,FALSE),"") | T10: 連絡先 | W10: 電話番号 | AG10: 担当部署名
A13: 報告にあたっての確認事項
A15: 領収書、レシート等の根拠資料は事業所等において適切に保管している。
A16: 支出済の費用について、他の予算制度に基づく、負担又は補助と重複は生じていない。
A17: 「支出済額」の欄には、対象経費から消費税相当額を除いた実支出額を記載している。
A19: 支出済額
AD21: 内示額 | AI21: 申請額
AD22: =IFERROR(VLOOKUP(H7,内示額!A:C,3,FALSE),"") | AG22: 千円 | AI22: =MIN(AD22,ROUNDDOWN((H29+H38)/1000,0)) -> 0 | AL22: 千円
A23: 【（１）介護サービス等を円滑に継続するための対応】
A24: 科目 | H24: 支出済額（円） （税抜き） | M24: 内訳（用途・品目・数量等）
A25: (ア)燃料費、有料道路通行料等の移動に伴い必要となる経費
A26: (イ)ネッククーラー（ヒーター）等の猛暑・雪害対策用品の購入等経費
A27: (ウ)燃料費等の入居者・利用者の生活環境改善、職員の負担軽減・勤務環境改善に必要となる経費
A28: (エ)業務用スポットクーラー（ヒーター）等の居室や浴室等における温度管理、湿度管理に必要な設備・物品等の購入等経費
A29: 合計 | H29: =SUM(H25:L28) -> 0
A31: 【（２）災害備蓄等への対応】
A32: 科目 | H32: 支出済額（円） （税抜き） | M32: 内訳（用途・品目・数量等）
A33: (ア)飲料水、食料品等の備蓄物資の購入等経費
A34: (イ)ポータブル発電機、ポータブル電源・蓄電池等の購入等経費
A35: (ウ)衛生用品、医療用品等の購入等経費
A36: (エ)簡易浄水器、冷房機、暖房機、簡易トイレ、清潔保持のための用具等の購入等経費
A37: (オ)その他災害への備えとして必要と認められる経費
A38: 合計 | H38: =SUM(H33:L37) -> 0
A41: （注）申請額は、内示額と支出済額を比較していずれか低い方の額が入力される。

Sheet 個票2
A1: （様式第３号）事業所・施設別個票
A3: 介護事業所等に対するサービス継続支援事業に関する交付申請書兼実績報告書 （事業所・施設単位）
A5: 施設概要
A7: 整理番号 | O7: 事業所名称
A8: 所在地 | D8: 郵便番号 | H8: 都道府県名 | O8: 住所
H9: 広島県
A10: 提供サービス | H10: =IFERROR(VLOOKUP(H7,内示額!A:B,2,FALSE),"") | T10: 連絡先 | W10: 電話番号 | AG10: 担当部署名
A13: 報告にあたっての確認事項
A15: 領収書、レシート等の根拠資料は事業所等において適切に保管している。
A16: 支出済の費用について、他の予算制度に基づく、負担又は補助と重複は生じていない。
A17: 「支出済額」の欄には、対象経費から消費税相当額を除いた実支出額を記載している。
A19: 支出済額
AD21: 内示額 | AI21: 申請額
AD22: =IFERROR(VLOOKUP(H7,内示額!A:C,3,FALSE),"") | AG22: 千円 | AI22: =MIN(AD22,ROUNDDOWN((H29+H38)/1000,0)) -> 0 | AL22: 千円
A23: 【（１）介護サービス等を円滑に継続するための対応】
A24: 科目 | H24: 支出済額（円） （税抜き） | M24: 内訳（用途・品目・数量等）
A25: (ア)燃料費、有料道路通行料等の移動に伴い必要となる経費
A26: (イ)ネッククーラー（ヒーター）等の猛暑・雪害対策用品の購入等経費
A27: (ウ)燃料費等の入居者・利用者の生活環境改善、職員の負担軽減・勤務環境改善に必要となる経費
A28: (エ)業務用スポットクーラー（ヒーター）等の居室や浴室等における温度管理、湿度管理に必要な設備・物品等の購入等経費
A29: 合計 | H29: =SUM(H25:L28) -> 0
A31: 【（２）災害備蓄等への対応】
A32: 科目 | H32: 支出済額（円） （税抜き） | M32: 内訳（用途・品目・数量等）
A33: (ア)飲料水、食料品等の備蓄物資の購入等経費
A34: (イ)ポータブル発電機、ポータブル電源・蓄電池等の購入等経費
A35: (ウ)衛生用品、医療用品等の購入等経費
A36: (エ)簡易浄水器、冷房機、暖房機、簡易トイレ、清潔保持のための用具等の購入等経費
A37: (オ)その他災害への備えとして必要と認められる経費
A38: 合計 | H38: =SUM(H33:L37) -> 0
A41: （注）申請額は、内示額と支出済額を比較していずれか低い方の額が入力される。

Sheet 個票3
A1: （様式第３号）事業所・施設別個票
A3: 介護事業所等に対するサービス継続支援事業に関する交付申請書兼実績報告書 （事業所・施設単位）
A5: 施設概要
A7: 整理番号 | O7: 事業所名称
A8: 所在地 | D8: 郵便番号 | H8: 都道府県名 | O8: 住所
H9: 広島県
A10: 提供サービス | H10: =IFERROR(VLOOKUP(H7,内示額!A:B,2,FALSE),"") | T10: 連絡先 | W10: 電話番号 | AG10: 担当部署名
A13: 報告にあたっての確認事項
A15: 領収書、レシート等の根拠資料は事業所等において適切に保管している。
A16: 支出済の費用について、他の予算制度に基づく、負担又は補助と重複は生じていない。
A17: 「支出済額」の欄には、対象経費から消費税相当額を除いた実支出額を記載している。
A19: 支出済額
AD21: 内示額 | AI21: 申請額
AD22: =IFERROR(VLOOKUP(H7,内示額!A:C,3,FALSE),"") | AG22: 千円 | AI22: =MIN(AD22,ROUNDDOWN((H29+H38)/1000,0)) -> 0 | AL22: 千円
A23: 【（１）介護サービス等を円滑に継続するための対応】
A24: 科目 | H24: 支出済額（円） （税抜き） | M24: 内訳（用途・品目・数量等）
A25: (ア)燃料費、有料道路通行料等の移動に伴い必要となる経費
A26: (イ)ネッククーラー（ヒーター）等の猛暑・雪害対策用品の購入等経費
A27: (ウ)燃料費等の入居者・利用者の生活環境改善、職員の負担軽減・勤務環境改善に必要となる経費
A28: (エ)業務用スポットクーラー（ヒーター）等の居室や浴室等における温度管理、湿度管理に必要な設備・物品等の購入等経費
A29: 合計 | H29: =SUM(H25:L28) -> 0
A31: 【（２）災害備蓄等への対応】
A32: 科目 | H32: 支出済額（円） （税抜き） | M32: 内訳（用途・品目・数量等）
A33: (ア)飲料水、食料品等の備蓄物資の購入等経費
A34: (イ)ポータブル発電機、ポータブル電源・蓄電池等の購入等経費
A35: (ウ)衛生用品、医療用品等の購入等経費
A36: (エ)簡易浄水器、冷房機、暖房機、簡易トイレ、清潔保持のための用具等の購入等経費
A37: (オ)その他災害への備えとして必要と認められる経費
A38: 合計 | H38: =SUM(H33:L37) -> 0
A41: （注）申請額は、内示額と支出済額を比較していずれか低い方の額が入力される。

Sheet 個票4
A1: （様式第３号）事業所・施設別個票
A3: 介護事業所等に対するサービス継続支援事業に関する交付申請書兼実績報告書 （事業所・施設単位）
A5: 施設概要
A7: 整理番号 | O7: 事業所名称
A8: 所在地 | D8: 郵便番号 | H8: 都道府県名 | O8: 住所
H9: 広島県
A10: 提供サービス | H10: =IFERROR(VLOOKUP(H7,内示額!A:B,2,FALSE),"") | T10: 連絡先 | W10: 電話番号 | AG10: 担当部署名
A13: 報告にあたっての確認事項
A15: 領収書、レシート等の根拠資料は事業所等において適切に保管している。
A16: 支出済の費用について、他の予算制度に基づく、負担又は補助と重複は生じていない。
A17: 「支出済額」の欄には、対象経費から消費税相当額を除いた実支出額を記載している。
A19: 支出済額
AD21: 内示額 | AI21: 申請額
AD22: =IFERROR(VLOOKUP(H7,内示額!A:C,3,FALSE),"") | AG22: 千円 | AI22: =MIN(AD22,ROUNDDOWN((H29+H38)/1000,0)) -> 0 | AL22: 千円
A23: 【（１）介護サービス等を円滑に継続するための対応】
A24: 科目 | H24: 支出済額（円） （税抜き） | M24: 内訳（用途・品目・数量等）
A25: (ア)燃料費、有料道路通行料等の移動に伴い必要となる経費
A26: (イ)ネッククーラー（ヒーター）等の猛暑・雪害対策用品の購入等経費
A27: (ウ)燃料費等の入居者・利用者の生活環境改善、職員の負担軽減・勤務環境改善に必要となる経費
A28: (エ)業務用スポットクーラー（ヒーター）等の居室や浴室等における温度管理、湿度管理に必要な設備・物品等の購入等経費
A29: 合計 | H29: =SUM(H25:L28) -> 0
A31: 【（２）災害備蓄等への対応】
A32: 科目 | H32: 支出済額（円） （税抜き） | M32: 内訳（用途・品目・数量等）
A33: (ア)飲料水、食料品等の備蓄物資の購入等経費
A34: (イ)ポータブル発電機、ポータブル電源・蓄電池等の購入等経費
A35: (ウ)衛生用品、医療用品等の購入等経費
A36: (エ)簡易浄水器、冷房機、暖房機、簡易トイレ、清潔保持のための用具等の購入等経費
A37: (オ)その他災害への備えとして必要と認められる経費
A38: 合計 | H38: =SUM(H33:L37) -> 0
A41: （注）申請額は、内示額と支出済額を比較していずれか低い方の額が入力される。

Sheet 個票5
A1: （様式第３号）事業所・施設別個票
A3: 介護事業所等に対するサービス継続支援事業に関する交付申請書兼実績報告書 （事業所・施設単位）
A5: 施設概要
A7: 整理番号 | O7: 事業所名称
A8: 所在地 | D8: 郵便番号 | H8: 都道府県名 | O8: 住所
H9: 広島県
A10: 提供サービス | H10: =IFERROR(VLOOKUP(H7,内示額!A:B,2,FALSE),"") | T10: 連絡先 | W10: 電話番号 | AG10: 担当部署名
A13: 報告にあたっての確認事項
A15: 領収書、レシート等の根拠資料は事業所等において適切に保管している。
A16: 支出済の費用について、他の予算制度に基づく、負担又は補助と重複は生じていない。
A17: 「支出済額」の欄には、対象経費から消費税相当額を除いた実支出額を記載している。
A19: 支出済額
AD21: 内示額 | AI21: 申請額
AD22: =IFERROR(VLOOKUP(H7,内示額!A:C,3,FALSE),"") | AG22: 千円 | AI22: =MIN(AD22,ROUNDDOWN((H29+H38)/1000,0)) -> 0 | AL22: 千円
A23: 【（１）介護サービス等を円滑に継続するための対応】
A24: 科目 | H24: 支出済額（円） （税抜き） | M24: 内訳（用途・品目・数量等）
A25: (ア)燃料費、有料道路通行料等の移動に伴い必要となる経費
A26: (イ)ネッククーラー（ヒーター）等の猛暑・雪害対策用品の購入等経費
A27: (ウ)燃料費等の入居者・利用者の生活環境改善、職員の負担軽減・勤務環境改善に必要となる経費
A28: (エ)業務用スポットクーラー（ヒーター）等の居室や浴室等における温度管理、湿度管理に必要な設備・物品等の購入等経費
A29: 合計 | H29: =SUM(H25:L28) -> 0
A31: 【（２）災害備蓄等への対応】
A32: 科目 | H32: 支出済額（円） （税抜き） | M32: 内訳（用途・品目・数量等）
A33: (ア)飲料水、食料品等の備蓄物資の購入等経費
A34: (イ)ポータブル発電機、ポータブル電源・蓄電池等の購入等経費
A35: (ウ)衛生用品、医療用品等の購入等経費
A36: (エ)簡易浄水器、冷房機、暖房機、簡易トイレ、清潔保持のための用具等の購入等経費
A37: (オ)その他災害への備えとして必要と認められる経費
A38: 合計 | H38: =SUM(H33:L37) -> 0
A41: （注）申請額は、内示額と支出済額を比較していずれか低い方の額が入力される。

Sheet 個票6
A1: （様式第３号）事業所・施設別個票
A3: 介護事業所等に対するサービス継続支援事業に関する交付申請書兼実績報告書 （事業所・施設単位）
A5: 施設概要
A7: 整理番号 | O7: 事業所名称
A8: 所在地 | D8: 郵便番号 | H8: 都道府県名 | O8: 住所
H9: 広島県
A10: 提供サービス | H10: =IFERROR(VLOOKUP(H7,内示額!A:B,2,FALSE),"") | T10: 連絡先 | W10: 電話番号 | AG10: 担当部署名
A13: 報告にあたっての確認事項
A15: 領収書、レシート等の根拠資料は事業所等において適切に保管している。
A16: 支出済の費用について、他の予算制度に基づく、負担又は補助と重複は生じていない。
A17: 「支出済額」の欄には、対象経費から消費税相当額を除いた実支出額を記載している。
A19: 支出済額
AD21: 内示額 | AI21: 申請額
AD22: =IFERROR(VLOOKUP(H7,内示額!A:C,3,FALSE),"") | AG22: 千円 | AI22: =MIN(AD22,ROUNDDOWN((H29+H38)/1000,0)) -> 0 | AL22: 千円
A23: 【（１）介護サービス等を円滑に継続するための対応】
A24: 科目 | H24: 支出済額（円） （税抜き） | M24: 内訳（用途・品目・数量等）
A25: (ア)燃料費、有料道路通行料等の移動に伴い必要となる経費
A26: (イ)ネッククーラー（ヒーター）等の猛暑・雪害対策用品の購入等経費
A27: (ウ)燃料費等の入居者・利用者の生活環境改善、職員の負担軽減・勤務環境改善に必要となる経費
A28: (エ)業務用スポットクーラー（ヒーター）等の居室や浴室等における温度管理、湿度管理に必要な設備・物品等の購入等経費
A29: 合計 | H29: =SUM(H25:L28) -> 0
A31: 【（２）災害備蓄等への対応】
A32: 科目 | H32: 支出済額（円） （税抜き） | M32: 内訳（用途・品目・数量等）
A33: (ア)飲料水、食料品等の備蓄物資の購入等経費
A34: (イ)ポータブル発電機、ポータブル電源・蓄電池等の購入等経費
A35: (ウ)衛生用品、医療用品等の購入等経費
A36: (エ)簡易浄水器、冷房機、暖房機、簡易トイレ、清潔保持のための用具等の購入等経費
A37: (オ)その他災害への備えとして必要と認められる経費
A38: 合計 | H38: =SUM(H33:L37) -> 0
A41: （注）申請額は、内示額と支出済額を比較していずれか低い方の額が入力される。

Sheet 個票7
A1: （様式第３号）事業所・施設別個票
A3: 介護事業所等に対するサービス継続支援事業に関する交付申請書兼実績報告書 （事業所・施設単位）
A5: 施設概要
A7: 整理番号 | O7: 事業所名称
A8: 所在地 | D8: 郵便番号 | H8: 都道府県名 | O8: 住所
H9: 広島県
A10: 提供サービス | H10: =IFERROR(VLOOKUP(H7,内示額!A:B,2,FALSE),"") | T10: 連絡先 | W10: 電話番号 | AG10: 担当部署名
A13: 報告にあたっての確認事項
A15: 領収書、レシート等の根拠資料は事業所等において適切に保管している。
A16: 支出済の費用について、他の予算制度に基づく、負担又は補助と重複は生じていない。
A17: 「支出済額」の欄には、対象経費から消費税相当額を除いた実支出額を記載している。
A19: 支出済額
AD21: 内示額 | AI21: 申請額
AD22: =IFERROR(VLOOKUP(H7,内示額!A:C,3,FALSE),"") | AG22: 千円 | AI22: =MIN(AD22,ROUNDDOWN((H29+H38)/1000,0)) -> 0 | AL22: 千円
A23: 【（１）介護サービス等を円滑に継続するための対応】
A24: 科目 | H24: 支出済額（円） （税抜き） | M24: 内訳（用途・品目・数量等）
A25: (ア)燃料費、有料道路通行料等の移動に伴い必要となる経費
A26: (イ)ネッククーラー（ヒーター）等の猛暑・雪害対策用品の購入等経費
A27: (ウ)燃料費等の入居者・利用者の生活環境改善、職員の負担軽減・勤務環境改善に必要となる経費
A28: (エ)業務用スポットクーラー（ヒーター）等の居室や浴室等における温度管理、湿度管理に必要な設備・物品等の購入等経費
A29: 合計 | H29: =SUM(H25:L28) -> 0
A31: 【（２）災害備蓄等への対応】
A32: 科目 | H32: 支出済額（円） （税抜き） | M32: 内訳（用途・品目・数量等）
A33: (ア)飲料水、食料品等の備蓄物資の購入等経費
A34: (イ)ポータブル発電機、ポータブル電源・蓄電池等の購入等経費
A35: (ウ)衛生用品、医療用品等の購入等経費
A36: (エ)簡易浄水器、冷房機、暖房機、簡易トイレ、清潔保持のための用具等の購入等経費
A37: (オ)その他災害への備えとして必要と認められる経費
A38: 合計 | H38: =SUM(H33:L37) -> 0
A41: （注）申請額は、内示額と支出済額を比較していずれか低い方の額が入力される。

Sheet 個票8
A1: （様式第３号）事業所・施設別個票
A3: 介護事業所等に対するサービス継続支援事業に関する交付申請書兼実績報告書 （事業所・施設単位）
A5: 施設概要
A7: 整理番号 | O7: 事業所名称
A8: 所在地 | D8: 郵便番号 | H8: 都道府県名 | O8: 住所
H9: 広島県
A10: 提供サービス | H10: =IFERROR(VLOOKUP(H7,内示額!A:B,2,FALSE),"") | T10: 連絡先 | W10: 電話番号 | AG10: 担当部署名
A13: 報告にあたっての確認事項
A15: 領収書、レシート等の根拠資料は事業所等において適切に保管している。
A16: 支出済の費用について、他の予算制度に基づく、負担又は補助と重複は生じていない。
A17: 「支出済額」の欄には、対象経費から消費税相当額を除いた実支出額を記載している。
A19: 支出済額
AD21: 内示額 | AI21: 申請額
AD22: =IFERROR(VLOOKUP(H7,内示額!A:C,3,FALSE),"") | AG22: 千円 | AI22: =MIN(AD22,ROUNDDOWN((H29+H38)/1000,0)) -> 0 | AL22: 千円
A23: 【（１）介護サービス等を円滑に継続するための対応】
A24: 科目 | H24: 支出済額（円） （税抜き） | M24: 内訳（用途・品目・数量等）
A25: (ア)燃料費、有料道路通行料等の移動に伴い必要となる経費
A26: (イ)ネッククーラー（ヒーター）等の猛暑・雪害対策用品の購入等経費
A27: (ウ)燃料費等の入居者・利用者の生活環境改善、職員の負担軽減・勤務環境改善に必要となる経費
A28: (エ)業務用スポットクーラー（ヒーター）等の居室や浴室等における温度管理、湿度管理に必要な設備・物品等の購入等経費
A29: 合計 | H29: =SUM(H25:L28) -> 0
A31: 【（２）災害備蓄等への対応】
A32: 科目 | H32: 支出済額（円） （税抜き） | M32: 内訳（用途・品目・数量等）
A33: (ア)飲料水、食料品等の備蓄物資の購入等経費
A34: (イ)ポータブル発電機、ポータブル電源・蓄電池等の購入等経費
A35: (ウ)衛生用品、医療用品等の購入等経費
A36: (エ)簡易浄水器、冷房機、暖房機、簡易トイレ、清潔保持のための用具等の購入等経費
A37: (オ)その他災害への備えとして必要と認められる経費
A38: 合計 | H38: =SUM(H33:L37) -> 0
A41: （注）申請額は、内示額と支出済額を比較していずれか低い方の額が入力される。

Sheet 個票9
A1: （様式第３号）事業所・施設別個票
A3: 介護事業所等に対するサービス継続支援事業に関する交付申請書兼実績報告書 （事業所・施設単位）
A5: 施設概要
A7: 整理番号 | O7: 事業所名称
A8: 所在地 | D8: 郵便番号 | H8: 都道府県名 | O8: 住所
H9: 広島県
A10: 提供サービス | H10: =IFERROR(VLOOKUP(H7,内示額!A:B,2,FALSE),"") | T10: 連絡先 | W10: 電話番号 | AG10: 担当部署名
A13: 報告にあたっての確認事項
A15: 領収書、レシート等の根拠資料は事業所等において適切に保管している。
A16: 支出済の費用について、他の予算制度に基づく、負担又は補助と重複は生じていない。
A17: 「支出済額」の欄には、対象経費から消費税相当額を除いた実支出額を記載している。
A19: 支出済額
AD21: 内示額 | AI21: 申請額
AD22: =IFERROR(VLOOKUP(H7,内示額!A:C,3,FALSE),"") | AG22: 千円 | AI22: =MIN(AD22,ROUNDDOWN((H29+H38)/1000,0)) -> 0 | AL22: 千円
A23: 【（１）介護サービス等を円滑に継続するための対応】
A24: 科目 | H24: 支出済額（円） （税抜き） | M24: 内訳（用途・品目・数量等）
A25: (ア)燃料費、有料道路通行料等の移動に伴い必要となる経費
A26: (イ)ネッククーラー（ヒーター）等の猛暑・雪害対策用品の購入等経費
A27: (ウ)燃料費等の入居者・利用者の生活環境改善、職員の負担軽減・勤務環境改善に必要となる経費
A28: (エ)業務用スポットクーラー（ヒーター）等の居室や浴室等における温度管理、湿度管理に必要な設備・物品等の購入等経費
A29: 合計 | H29: =SUM(H25:L28) -> 0
A31: 【（２）災害備蓄等への対応】
A32: 科目 | H32: 支出済額（円） （税抜き） | M32: 内訳（用途・品目・数量等）
A33: (ア)飲料水、食料品等の備蓄物資の購入等経費
A34: (イ)ポータブル発電機、ポータブル電源・蓄電池等の購入等経費
A35: (ウ)衛生用品、医療用品等の購入等経費
A36: (エ)簡易浄水器、冷房機、暖房機、簡易トイレ、清潔保持のための用具等の購入等経費
A37: (オ)その他災害への備えとして必要と認められる経費
A38: 合計 | H38: =SUM(H33:L37) -> 0
A41: （注）申請額は、内示額と支出済額を比較していずれか低い方の額が入力される。

Sheet 個票10
A1: （様式第３号）事業所・施設別個票
A3: 介護事業所等に対するサービス継続支援事業に関する交付申請書兼実績報告書 （事業所・施設単位）
A5: 施設概要
A7: 整理番号 | O7: 事業所名称
A8: 所在地 | D8: 郵便番号 | H8: 都道府県名 | O8: 住所
H9: 広島県
A10: 提供サービス | H10: =IFERROR(VLOOKUP(H7,内示額!A:B,2,FALSE),"") | T10: 連絡先 | W10: 電話番号 | AG10: 担当部署名
A13: 報告にあたっての確認事項
A15: 領収書、レシート等の根拠資料は事業所等において適切に保管している。
A16: 支出済の費用について、他の予算制度に基づく、負担又は補助と重複は生じていない。
A17: 「支出済額」の欄には、対象経費から消費税相当額を除いた実支出額を記載している。
A19: 支出済額
AD21: 内示額 | AI21: 申請額
AD22: =IFERROR(VLOOKUP(H7,内示額!A:C,3,FALSE),"") | AG22: 千円 | AI22: =MIN(AD22,ROUNDDOWN((H29+H38)/1000,0)) -> 0 | AL22: 千円
A23: 【（１）介護サービス等を円滑に継続するための対応】
A24: 科目 | H24: 支出済額（円） （税抜き） | M24: 内訳（用途・品目・数量等）
A25: (ア)燃料費、有料道路通行料等の移動に伴い必要となる経費
A26: (イ)ネッククーラー（ヒーター）等の猛暑・雪害対策用品の購入等経費
A27: (ウ)燃料費等の入居者・利用者の生活環境改善、職員の負担軽減・勤務環境改善に必要となる経費
A28: (エ)業務用スポットクーラー（ヒーター）等の居室や浴室等における温度管理、湿度管理に必要な設備・物品等の購入等経費
A29: 合計 | H29: =SUM(H25:L28) -> 0
A31: 【（２）災害備蓄等への対応】
A32: 科目 | H32: 支出済額（円） （税抜き） | M32: 内訳（用途・品目・数量等）
A33: (ア)飲料水、食料品等の備蓄物資の購入等経費
A34: (イ)ポータブル発電機、ポータブル電源・蓄電池等の購入等経費
A35: (ウ)衛生用品、医療用品等の購入等経費
A36: (エ)簡易浄水器、冷房機、暖房機、簡易トイレ、清潔保持のための用具等の購入等経費
A37: (オ)その他災害への備えとして必要と認められる経費
A38: 合計 | H38: =SUM(H33:L37) -> 0
A41: （注）申請額は、内示額と支出済額を比較していずれか低い方の額が入力される。

Sheet 個票11
A1: （様式第３号）事業所・施設別個票
A3: 介護事業所等に対するサービス継続支援事業に関する交付申請書兼実績報告書 （事業所・施設単位）
A5: 施設概要
A7: 整理番号 | O7: 事業所名称
A8: 所在地 | D8: 郵便番号 | H8: 都道府県名 | O8: 住所
H9: 広島県
A10: 提供サービス | H10: =IFERROR(VLOOKUP(H7,内示額!A:B,2,FALSE),"") | T10: 連絡先 | W10: 電話番号 | AG10: 担当部署名
A13: 報告にあたっての確認事項
A15: 領収書、レシート等の根拠資料は事業所等において適切に保管している。
A16: 支出済の費用について、他の予算制度に基づく、負担又は補助と重複は生じていない。
A17: 「支出済額」の欄には、対象経費から消費税相当額を除いた実支出額を記載している。
A19: 支出済額
AD21: 内示額 | AI21: 申請額
AD22: =IFERROR(VLOOKUP(H7,内示額!A:C,3,FALSE),"") | AG22: 千円 | AI22: =MIN(AD22,ROUNDDOWN((H29+H38)/1000,0)) -> 0 | AL22: 千円
A23: 【（１）介護サービス等を円滑に継続するための対応】
A24: 科目 | H24: 支出済額（円） （税抜き） | M24: 内訳（用途・品目・数量等）
A25: (ア)燃料費、有料道路通行料等の移動に伴い必要となる経費
A26: (イ)ネッククーラー（ヒーター）等の猛暑・雪害対策用品の購入等経費
A27: (ウ)燃料費等の入居者・利用者の生活環境改善、職員の負担軽減・勤務環境改善に必要となる経費
A28: (エ)業務用スポットクーラー（ヒーター）等の居室や浴室等における温度管理、湿度管理に必要な設備・物品等の購入等経費
A29: 合計 | H29: =SUM(H25:L28) -> 0
A31: 【（２）災害備蓄等への対応】
A32: 科目 | H32: 支出済額（円） （税抜き） | M32: 内訳（用途・品目・数量等）
A33: (ア)飲料水、食料品等の備蓄物資の購入等経費
A34: (イ)ポータブル発電機、ポータブル電源・蓄電池等の購入等経費
A35: (ウ)衛生用品、医療用品等の購入等経費
A36: (エ)簡易浄水器、冷房機、暖房機、簡易トイレ、清潔保持のための用具等の購入等経費
A37: (オ)その他災害への備えとして必要と認められる経費
A38: 合計 | H38: =SUM(H33:L37) -> 0
A41: （注）申請額は、内示額と支出済額を比較していずれか低い方の額が入力される。

Sheet 個票12
A1: （様式第３号）事業所・施設別個票
A3: 介護事業所等に対するサービス継続支援事業に関する交付申請書兼実績報告書 （事業所・施設単位）
A5: 施設概要
A7: 整理番号 | O7: 事業所名称
A8: 所在地 | D8: 郵便番号 | H8: 都道府県名 | O8: 住所
H9: 広島県
A10: 提供サービス | H10: =IFERROR(VLOOKUP(H7,内示額!A:B,2,FALSE),"") | T10: 連絡先 | W10: 電話番号 | AG10: 担当部署名
A13: 報告にあたっての確認事項
A15: 領収書、レシート等の根拠資料は事業所等において適切に保管している。
A16: 支出済の費用について、他の予算制度に基づく、負担又は補助と重複は生じていない。
A17: 「支出済額」の欄には、対象経費から消費税相当額を除いた実支出額を記載している。
A19: 支出済額
AD21: 内示額 | AI21: 申請額
AD22: =IFERROR(VLOOKUP(H7,内示額!A:C,3,FALSE),"") | AG22: 千円 | AI22: =MIN(AD22,ROUNDDOWN((H29+H38)/1000,0)) -> 0 | AL22: 千円
A23: 【（１）介護サービス等を円滑に継続するための対応】
A24: 科目 | H24: 支出済額（円） （税抜き） | M24: 内訳（用途・品目・数量等）
A25: (ア)燃料費、有料道路通行料等の移動に伴い必要となる経費
A26: (イ)ネッククーラー（ヒーター）等の猛暑・雪害対策用品の購入等経費
A27: (ウ)燃料費等の入居者・利用者の生活環境改善、職員の負担軽減・勤務環境改善に必要となる経費
A28: (エ)業務用スポットクーラー（ヒーター）等の居室や浴室等における温度管理、湿度管理に必要な設備・物品等の購入等経費
A29: 合計 | H29: =SUM(H25:L28) -> 0
A31: 【（２）災害備蓄等への対応】
A32: 科目 | H32: 支出済額（円） （税抜き） | M32: 内訳（用途・品目・数量等）
A33: (ア)飲料水、食料品等の備蓄物資の購入等経費
A34: (イ)ポータブル発電機、ポータブル電源・蓄電池等の購入等経費
A35: (ウ)衛生用品、医療用品等の購入等経費
A36: (エ)簡易浄水器、冷房機、暖房機、簡易トイレ、清潔保持のための用具等の購入等経費
A37: (オ)その他災害への備えとして必要と認められる経費
A38: 合計 | H38: =SUM(H33:L37) -> 0
A41: （注）申請額は、内示額と支出済額を比較していずれか低い方の額が入力される。

Sheet 個票13
A1: （様式第３号）事業所・施設別個票
A3: 介護事業所等に対するサービス継続支援事業に関する交付申請書兼実績報告書 （事業所・施設単位）
A5: 施設概要
A7: 整理番号 | O7: 事業所名称
A8: 所在地 | D8: 郵便番号 | H8: 都道府県名 | O8: 住所
H9: 広島県
A10: 提供サービス | H10: =IFERROR(VLOOKUP(H7,内示額!A:B,2,FALSE),"") | T10: 連絡先 | W10: 電話番号 | AG10: 担当部署名
A13: 報告にあたっての確認事項
A15: 領収書、レシート等の根拠資料は事業所等において適切に保管している。
A16: 支出済の費用について、他の予算制度に基づく、負担又は補助と重複は生じていない。
A17: 「支出済額」の欄には、対象経費から消費税相当額を除いた実支出額を記載している。
A19: 支出済額
AD21: 内示額 | AI21: 申請額
AD22: =IFERROR(VLOOKUP(H7,内示額!A:C,3,FALSE),"") | AG22: 千円 | AI22: =MIN(AD22,ROUNDDOWN((H29+H38)/1000,0)) -> 0 | AL22: 千円
A23: 【（１）介護サービス等を円滑に継続するための対応】
A24: 科目 | H24: 支出済額（円） （税抜き） | M24: 内訳（用途・品目・数量等）
A25: (ア)燃料費、有料道路通行料等の移動に伴い必要となる経費
A26: (イ)ネッククーラー（ヒーター）等の猛暑・雪害対策用品の購入等経費
A27: (ウ)燃料費等の入居者・利用者の生活環境改善、職員の負担軽減・勤務環境改善に必要となる経費
A28: (エ)業務用スポットクーラー（ヒーター）等の居室や浴室等における温度管理、湿度管理に必要な設備・物品等の購入等経費
A29: 合計 | H29: =SUM(H25:L28) -> 0
A31: 【（２）災害備蓄等への対応】
A32: 科目 | H32: 支出済額（円） （税抜き） | M32: 内訳（用途・品目・数量等）
A33: (ア)飲料水、食料品等の備蓄物資の購入等経費
A34: (イ)ポータブル発電機、ポータブル電源・蓄電池等の購入等経費
A35: (ウ)衛生用品、医療用品等の購入等経費
A36: (エ)簡易浄水器、冷房機、暖房機、簡易トイレ、清潔保持のための用具等の購入等経費
A37: (オ)その他災害への備えとして必要と認められる経費
A38: 合計 | H38: =SUM(H33:L37) -> 0
A41: （注）申請額は、内示額と支出済額を比較していずれか低い方の額が入力される。

Sheet 個票14
A1: （様式第３号）事業所・施設別個票
A3: 介護事業所等に対するサービス継続支援事業に関する交付申請書兼実績報告書 （事業所・施設単位）
A5: 施設概要
A7: 整理番号 | O7: 事業所名称
A8: 所在地 | D8: 郵便番号 | H8: 都道府県名 | O8: 住所
H9: 広島県
A10: 提供サービス | H10: =IFERROR(VLOOKUP(H7,内示額!A:B,2,FALSE),"") | T10: 連絡先 | W10: 電話番号 | AG10: 担当部署名
A13: 報告にあたっての確認事項
A15: 領収書、レシート等の根拠資料は事業所等において適切に保管している。
A16: 支出済の費用について、他の予算制度に基づく、負担又は補助と重複は生じていない。
A17: 「支出済額」の欄には、対象経費から消費税相当額を除いた実支出額を記載している。
A19: 支出済額
AD21: 内示額 | AI21: 申請額
AD22: =IFERROR(VLOOKUP(H7,内示額!A:C,3,FALSE),"") | AG22: 千円 | AI22: =MIN(AD22,ROUNDDOWN((H29+H38)/1000,0)) -> 0 | AL22: 千円
A23: 【（１）介護サービス等を円滑に継続するための対応】
A24: 科目 | H24: 支出済額（円） （税抜き） | M24: 内訳（用途・品目・数量等）
A25: (ア)燃料費、有料道路通行料等の移動に伴い必要となる経費
A26: (イ)ネッククーラー（ヒーター）等の猛暑・雪害対策用品の購入等経費
A27: (ウ)燃料費等の入居者・利用者の生活環境改善、職員の負担軽減・勤務環境改善に必要となる経費
A28: (エ)業務用スポットクーラー（ヒーター）等の居室や浴室等における温度管理、湿度管理に必要な設備・物品等の購入等経費
A29: 合計 | H29: =SUM(H25:L28) -> 0
A31: 【（２）災害備蓄等への対応】
A32: 科目 | H32: 支出済額（円） （税抜き） | M32: 内訳（用途・品目・数量等）
A33: (ア)飲料水、食料品等の備蓄物資の購入等経費
A34: (イ)ポータブル発電機、ポータブル電源・蓄電池等の購入等経費
A35: (ウ)衛生用品、医療用品等の購入等経費
A36: (エ)簡易浄水器、冷房機、暖房機、簡易トイレ、清潔保持のための用具等の購入等経費
A37: (オ)その他災害への備えとして必要と認められる経費
A38: 合計 | H38: =SUM(H33:L37) -> 0
A41: （注）申請額は、内示額と支出済額を比較していずれか低い方の額が入力される。

Sheet 個票15
A1: （様式第３号）事業所・施設別個票
A3: 介護事業所等に対するサービス継続支援事業に関する交付申請書兼実績報告書 （事業所・施設単位）
A5: 施設概要
A7: 整理番号 | O7: 事業所名称
A8: 所在地 | D8: 郵便番号 | H8: 都道府県名 | O8: 住所
H9: 広島県
A10: 提供サービス | H10: =IFERROR(VLOOKUP(H7,内示額!A:B,2,FALSE),"") | T10: 連絡先 | W10: 電話番号 | AG10: 担当部署名
A13: 報告にあたっての確認事項
A15: 領収書、レシート等の根拠資料は事業所等において適切に保管している。
A16: 支出済の費用について、他の予算制度に基づく、負担又は補助と重複は生じていない。
A17: 「支出済額」の欄には、対象経費から消費税相当額を除いた実支出額を記載している。
A19: 支出済額
AD21: 内示額 | AI21: 申請額
AD22: =IFERROR(VLOOKUP(H7,内示額!A:C,3,FALSE),"") | AG22: 千円 | AI22: =MIN(AD22,ROUNDDOWN((H29+H38)/1000,0)) -> 0 | AL22: 千円
A23: 【（１）介護サービス等を円滑に継続するための対応】
A24: 科目 | H24: 支出済額（円） （税抜き） | M24: 内訳（用途・品目・数量等）
A25: (ア)燃料費、有料道路通行料等の移動に伴い必要となる経費
A26: (イ)ネッククーラー（ヒーター）等の猛暑・雪害対策用品の購入等経費
A27: (ウ)燃料費等の入居者・利用者の生活環境改善、職員の負担軽減・勤務環境改善に必要となる経費
A28: (エ)業務用スポットクーラー（ヒーター）等の居室や浴室等における温度管理、湿度管理に必要な設備・物品等の購入等経費
A29: 合計 | H29: =SUM(H25:L28) -> 0
A31: 【（２）災害備蓄等への対応】
A32: 科目 | H32: 支出済額（円） （税抜き） | M32: 内訳（用途・品目・数量等）
A33: (ア)飲料水、食料品等の備蓄物資の購入等経費
A34: (イ)ポータブル発電機、ポータブル電源・蓄電池等の購入等経費
A35: (ウ)衛生用品、医療用品等の購入等経費
A36: (エ)簡易浄水器、冷房機、暖房機、簡易トイレ、清潔保持のための用具等の購入等経費
A37: (オ)その他災害への備えとして必要と認められる経費
A38: 合計 | H38: =SUM(H33:L37) -> 0
A41: （注）申請額は、内示額と支出済額を比較していずれか低い方の額が入力される。

Sheet 個票16
A1: （様式第３号）事業所・施設別個票
A3: 介護事業所等に対するサービス継続支援事業に関する交付申請書兼実績報告書 （事業所・施設単位）
A5: 施設概要
A7: 整理番号 | O7: 事業所名称
A8: 所在地 | D8: 郵便番号 | H8: 都道府県名 | O8: 住所
H9: 広島県
A10: 提供サービス | H10: =IFERROR(VLOOKUP(H7,内示額!A:B,2,FALSE),"") | T10: 連絡先 | W10: 電話番号 | AG10: 担当部署名
A13: 報告にあたっての確認事項
A15: 領収書、レシート等の根拠資料は事業所等において適切に保管している。
A16: 支出済の費用について、他の予算制度に基づく、負担又は補助と重複は生じていない。
A17: 「支出済額」の欄には、対象経費から消費税相当額を除いた実支出額を記載している。
A19: 支出済額
AD21: 内示額 | AI21: 申請額
AD22: =IFERROR(VLOOKUP(H7,内示額!A:C,3,FALSE),"") | AG22: 千円 | AI22: =MIN(AD22,ROUNDDOWN((H29+H38)/1000,0)) -> 0 | AL22: 千円
A23: 【（１）介護サービス等を円滑に継続するための対応】
A24: 科目 | H24: 支出済額（円） （税抜き） | M24: 内訳（用途・品目・数量等）
A25: (ア)燃料費、有料道路通行料等の移動に伴い必要となる経費
A26: (イ)ネッククーラー（ヒーター）等の猛暑・雪害対策用品の購入等経費
A27: (ウ)燃料費等の入居者・利用者の生活環境改善、職員の負担軽減・勤務環境改善に必要となる経費
A28: (エ)業務用スポットクーラー（ヒーター）等の居室や浴室等における温度管理、湿度管理に必要な設備・物品等の購入等経費
A29: 合計 | H29: =SUM(H25:L28) -> 0
A31: 【（２）災害備蓄等への対応】
A32: 科目 | H32: 支出済額（円） （税抜き） | M32: 内訳（用途・品目・数量等）
A33: (ア)飲料水、食料品等の備蓄物資の購入等経費
A34: (イ)ポータブル発電機、ポータブル電源・蓄電池等の購入等経費
A35: (ウ)衛生用品、医療用品等の購入等経費
A36: (エ)簡易浄水器、冷房機、暖房機、簡易トイレ、清潔保持のための用具等の購入等経費
A37: (オ)その他災害への備えとして必要と認められる経費
A38: 合計 | H38: =SUM(H33:L37) -> 0
A41: （注）申請額は、内示額と支出済額を比較していずれか低い方の額が入力される。

Sheet 個票17
A1: （様式第３号）事業所・施設別個票
A3: 介護事業所等に対するサービス継続支援事業に関する交付申請書兼実績報告書 （事業所・施設単位）
A5: 施設概要
A7: 整理番号 | O7: 事業所名称
A8: 所在地 | D8: 郵便番号 | H8: 都道府県名 | O8: 住所
H9: 広島県
A10: 提供サービス | H10: =IFERROR(VLOOKUP(H7,内示額!A:B,2,FALSE),"") | T10: 連絡先 | W10: 電話番号 | AG10: 担当部署名
A13: 報告にあたっての確認事項
A15: 領収書、レシート等の根拠資料は事業所等において適切に保管している。
A16: 支出済の費用について、他の予算制度に基づく、負担又は補助と重複は生じていない。
A17: 「支出済額」の欄には、対象経費から消費税相当額を除いた実支出額を記載している。
A19: 支出済額
AD21: 内示額 | AI21: 申請額
AD22: =IFERROR(VLOOKUP(H7,内示額!A:C,3,FALSE),"") | AG22: 千円 | AI22: =MIN(AD22,ROUNDDOWN((H29+H38)/1000,0)) -> 0 | AL22: 千円
A23: 【（１）介護サービス等を円滑に継続するための対応】
A24: 科目 | H24: 支出済額（円） （税抜き） | M24: 内訳（用途・品目・数量等）
A25: (ア)燃料費、有料道路通行料等の移動に伴い必要となる経費
A26: (イ)ネッククーラー（ヒーター）等の猛暑・雪害対策用品の購入等経費
A27: (ウ)燃料費等の入居者・利用者の生活環境改善、職員の負担軽減・勤務環境改善に必要となる経費
A28: (エ)業務用スポットクーラー（ヒーター）等の居室や浴室等における温度管理、湿度管理に必要な設備・物品等の購入等経費
A29: 合計 | H29: =SUM(H25:L28) -> 0
A31: 【（２）災害備蓄等への対応】
A32: 科目 | H32: 支出済額（円） （税抜き） | M32: 内訳（用途・品目・数量等）
A33: (ア)飲料水、食料品等の備蓄物資の購入等経費
A34: (イ)ポータブル発電機、ポータブル電源・蓄電池等の購入等経費
A35: (ウ)衛生用品、医療用品等の購入等経費
A36: (エ)簡易浄水器、冷房機、暖房機、簡易トイレ、清潔保持のための用具等の購入等経費
A37: (オ)その他災害への備えとして必要と認められる経費
A38: 合計 | H38: =SUM(H33:L37) -> 0
A41: （注）申請額は、内示額と支出済額を比較していずれか低い方の額が入力される。

Sheet 個票18
A1: （様式第３号）事業所・施設別個票
A3: 介護事業所等に対するサービス継続支援事業に関する交付申請書兼実績報告書 （事業所・施設単位）
A5: 施設概要
A7: 整理番号 | O7: 事業所名称
A8: 所在地 | D8: 郵便番号 | H8: 都道府県名 | O8: 住所
H9: 広島県
A10: 提供サービス | H10: =IFERROR(VLOOKUP(H7,内示額!A:B,2,FALSE),"") | T10: 連絡先 | W10: 電話番号 | AG10: 担当部署名
A13: 報告にあたっての確認事項
A15: 領収書、レシート等の根拠資料は事業所等において適切に保管している。
A16: 支出済の費用について、他の予算制度に基づく、負担又は補助と重複は生じていない。
A17: 「支出済額」の欄には、対象経費から消費税相当額を除いた実支出額を記載している。
A19: 支出済額
AD21: 内示額 | AI21: 申請額
AD22: =IFERROR(VLOOKUP(H7,内示額!A:C,3,FALSE),"") | AG22: 千円 | AI22: =MIN(AD22,ROUNDDOWN((H29+H38)/1000,0)) -> 0 | AL22: 千円
A23: 【（１）介護サービス等を円滑に継続するための対応】
A24: 科目 | H24: 支出済額（円） （税抜き） | M24: 内訳（用途・品目・数量等）
A25: (ア)燃料費、有料道路通行料等の移動に伴い必要となる経費
A26: (イ)ネッククーラー（ヒーター）等の猛暑・雪害対策用品の購入等経費
A27: (ウ)燃料費等の入居者・利用者の生活環境改善、職員の負担軽減・勤務環境改善に必要となる経費
A28: (エ)業務用スポットクーラー（ヒーター）等の居室や浴室等における温度管理、湿度管理に必要な設備・物品等の購入等経費
A29: 合計 | H29: =SUM(H25:L28) -> 0
A31: 【（２）災害備蓄等への対応】
A32: 科目 | H32: 支出済額（円） （税抜き） | M32: 内訳（用途・品目・数量等）
A33: (ア)飲料水、食料品等の備蓄物資の購入等経費
A34: (イ)ポータブル発電機、ポータブル電源・蓄電池等の購入等経費
A35: (ウ)衛生用品、医療用品等の購入等経費
A36: (エ)簡易浄水器、冷房機、暖房機、簡易トイレ、清潔保持のための用具等の購入等経費
A37: (オ)その他災害への備えとして必要と認められる経費
A38: 合計 | H38: =SUM(H33:L37) -> 0
A41: （注）申請額は、内示額と支出済額を比較していずれか低い方の額が入力される。

Sheet 個票19
A1: （様式第３号）事業所・施設別個票
A3: 介護事業所等に対するサービス継続支援事業に関する交付申請書兼実績報告書 （事業所・施設単位）
A5: 施設概要
A7: 整理番号 | O7: 事業所名称
A8: 所在地 | D8: 郵便番号 | H8: 都道府県名 | O8: 住所
H9: 広島県
A10: 提供サービス | H10: =IFERROR(VLOOKUP(H7,内示額!A:B,2,FALSE),"") | T10: 連絡先 | W10: 電話番号 | AG10: 担当部署名
A13: 報告にあたっての確認事項
A15: 領収書、レシート等の根拠資料は事業所等において適切に保管している。
A16: 支出済の費用について、他の予算制度に基づく、負担又は補助と重複は生じていない。
A17: 「支出済額」の欄には、対象経費から消費税相当額を除いた実支出額を記載している。
A19: 支出済額
AD21: 内示額 | AI21: 申請額
AD22: =IFERROR(VLOOKUP(H7,内示額!A:C,3,FALSE),"") | AG22: 千円 | AI22: =MIN(AD22,ROUNDDOWN((H29+H38)/1000,0)) -> 0 | AL22: 千円
A23: 【（１）介護サービス等を円滑に継続するための対応】
A24: 科目 | H24: 支出済額（円） （税抜き） | M24: 内訳（用途・品目・数量等）
A25: (ア)燃料費、有料道路通行料等の移動に伴い必要となる経費
A26: (イ)ネッククーラー（ヒーター）等の猛暑・雪害対策用品の購入等経費
A27: (ウ)燃料費等の入居者・利用者の生活環境改善、職員の負担軽減・勤務環境改善に必要となる経費
A28: (エ)業務用スポットクーラー（ヒーター）等の居室や浴室等における温度管理、湿度管理に必要な設備・物品等の購入等経費
A29: 合計 | H29: =SUM(H25:L28) -> 0
A31: 【（２）災害備蓄等への対応】
A32: 科目 | H32: 支出済額（円） （税抜き） | M32: 内訳（用途・品目・数量等）
A33: (ア)飲料水、食料品等の備蓄物資の購入等経費
A34: (イ)ポータブル発電機、ポータブル電源・蓄電池等の購入等経費
A35: (ウ)衛生用品、医療用品等の購入等経費
A36: (エ)簡易浄水器、冷房機、暖房機、簡易トイレ、清潔保持のための用具等の購入等経費
A37: (オ)その他災害への備えとして必要と認められる経費
A38: 合計 | H38: =SUM(H33:L37) -> 0
A41: （注）申請額は、内示額と支出済額を比較していずれか低い方の額が入力される。

Sheet 個票20
A1: （様式第３号）事業所・施設別個票
A3: 介護事業所等に対するサービス継続支援事業に関する交付申請書兼実績報告書 （事業所・施設単位）
A5: 施設概要
A7: 整理番号 | O7: 事業所名称
A8: 所在地 | D8: 郵便番号 | H8: 都道府県名 | O8: 住所
H9: 広島県
A10: 提供サービス | H10: =IFERROR(VLOOKUP(H7,内示額!A:B,2,FALSE),"") | T10: 連絡先 | W10: 電話番号 | AG10: 担当部署名
A13: 報告にあたっての確認事項
A15: 領収書、レシート等の根拠資料は事業所等において適切に保管している。
A16: 支出済の費用について、他の予算制度に基づく、負担又は補助と重複は生じていない。
A17: 「支出済額」の欄には、対象経費から消費税相当額を除いた実支出額を記載している。
A19: 支出済額
AD21: 内示額 | AI21: 申請額
AD22: =IFERROR(VLOOKUP(H7,内示額!A:C,3,FALSE),"") | AG22: 千円 | AI22: =MIN(AD22,ROUNDDOWN((H29+H38)/1000,0)) -> 0 | AL22: 千円
A23: 【（１）介護サービス等を円滑に継続するための対応】
A24: 科目 | H24: 支出済額（円） （税抜き） | M24: 内訳（用途・品目・数量等）
A25: (ア)燃料費、有料道路通行料等の移動に伴い必要となる経費
A26: (イ)ネッククーラー（ヒーター）等の猛暑・雪害対策用品の購入等経費
A27: (ウ)燃料費等の入居者・利用者の生活環境改善、職員の負担軽減・勤務環境改善に必要となる経費
A28: (エ)業務用スポットクーラー（ヒーター）等の居室や浴室等における温度管理、湿度管理に必要な設備・物品等の購入等経費
A29: 合計 | H29: =SUM(H25:L28) -> 0
A31: 【（２）災害備蓄等への対応】
A32: 科目 | H32: 支出済額（円） （税抜き） | M32: 内訳（用途・品目・数量等）
A33: (ア)飲料水、食料品等の備蓄物資の購入等経費
A34: (イ)ポータブル発電機、ポータブル電源・蓄電池等の購入等経費
A35: (ウ)衛生用品、医療用品等の購入等経費
A36: (エ)簡易浄水器、冷房機、暖房機、簡易トイレ、清潔保持のための用具等の購入等経費
A37: (オ)その他災害への備えとして必要と認められる経費
A38: 合計 | H38: =SUM(H33:L37) -> 0
A41: （注）申請額は、内示額と支出済額を比較していずれか低い方の額が入力される。

Sheet 個票21
A1: （様式第３号）事業所・施設別個票
A3: 介護事業所等に対するサービス継続支援事業に関する交付申請書兼実績報告書 （事業所・施設単位）
A5: 施設概要
A7: 整理番号 | O7: 事業所名称
A8: 所在地 | D8: 郵便番号 | H8: 都道府県名 | O8: 住所
H9: 広島県
A10: 提供サービス | H10: =IFERROR(VLOOKUP(H7,内示額!A:B,2,FALSE),"") | T10: 連絡先 | W10: 電話番号 | AG10: 担当部署名
A13: 報告にあたっての確認事項
A15: 領収書、レシート等の根拠資料は事業所等において適切に保管している。
A16: 支出済の費用について、他の予算制度に基づく、負担又は補助と重複は生じていない。
A17: 「支出済額」の欄には、対象経費から消費税相当額を除いた実支出額を記載している。
A19: 支出済額
AD21: 内示額 | AI21: 申請額
AD22: =IFERROR(VLOOKUP(H7,内示額!A:C,3,FALSE),"") | AG22: 千円 | AI22: =MIN(AD22,ROUNDDOWN((H29+H38)/1000,0)) -> 0 | AL22: 千円
A23: 【（１）介護サービス等を円滑に継続するための対応】
A24: 科目 | H24: 支出済額（円） （税抜き） | M24: 内訳（用途・品目・数量等）
A25: (ア)燃料費、有料道路通行料等の移動に伴い必要となる経費
A26: (イ)ネッククーラー（ヒーター）等の猛暑・雪害対策用品の購入等経費
A27: (ウ)燃料費等の入居者・利用者の生活環境改善、職員の負担軽減・勤務環境改善に必要となる経費
A28: (エ)業務用スポットクーラー（ヒーター）等の居室や浴室等における温度管理、湿度管理に必要な設備・物品等の購入等経費
A29: 合計 | H29: =SUM(H25:L28) -> 0
A31: 【（２）災害備蓄等への対応】
A32: 科目 | H32: 支出済額（円） （税抜き） | M32: 内訳（用途・品目・数量等）
A33: (ア)飲料水、食料品等の備蓄物資の購入等経費
A34: (イ)ポータブル発電機、ポータブル電源・蓄電池等の購入等経費
A35: (ウ)衛生用品、医療用品等の購入等経費
A36: (エ)簡易浄水器、冷房機、暖房機、簡易トイレ、清潔保持のための用具等の購入等経費
A37: (オ)その他災害への備えとして必要と認められる経費
A38: 合計 | H38: =SUM(H33:L37) -> 0
A41: （注）申請額は、内示額と支出済額を比較していずれか低い方の額が入力される。

Sheet 個票22
A1: （様式第３号）事業所・施設別個票
A3: 介護事業所等に対するサービス継続支援事業に関する交付申請書兼実績報告書 （事業所・施設単位）
A5: 施設概要
A7: 整理番号 | O7: 事業所名称
A8: 所在地 | D8: 郵便番号 | H8: 都道府県名 | O8: 住所
H9: 広島県
A10: 提供サービス | H10: =IFERROR(VLOOKUP(H7,内示額!A:B,2,FALSE),"") | T10: 連絡先 | W10: 電話番号 | AG10: 担当部署名
A13: 報告にあたっての確認事項
A15: 領収書、レシート等の根拠資料は事業所等において適切に保管している。
A16: 支出済の費用について、他の予算制度に基づく、負担又は補助と重複は生じていない。
A17: 「支出済額」の欄には、対象経費から消費税相当額を除いた実支出額を記載している。
A19: 支出済額
AD21: 内示額 | AI21: 申請額
AD22: =IFERROR(VLOOKUP(H7,内示額!A:C,3,FALSE),"") | AG22: 千円 | AI22: =MIN(AD22,ROUNDDOWN((H29+H38)/1000,0)) -> 0 | AL22: 千円
A23: 【（１）介護サービス等を円滑に継続するための対応】
A24: 科目 | H24: 支出済額（円） （税抜き） | M24: 内訳（用途・品目・数量等）
A25: (ア)燃料費、有料道路通行料等の移動に伴い必要となる経費
A26: (イ)ネッククーラー（ヒーター）等の猛暑・雪害対策用品の購入等経費
A27: (ウ)燃料費等の入居者・利用者の生活環境改善、職員の負担軽減・勤務環境改善に必要となる経費
A28: (エ)業務用スポットクーラー（ヒーター）等の居室や浴室等における温度管理、湿度管理に必要な設備・物品等の購入等経費
A29: 合計 | H29: =SUM(H25:L28) -> 0
A31: 【（２）災害備蓄等への対応】
A32: 科目 | H32: 支出済額（円） （税抜き） | M32: 内訳（用途・品目・数量等）
A33: (ア)飲料水、食料品等の備蓄物資の購入等経費
A34: (イ)ポータブル発電機、ポータブル電源・蓄電池等の購入等経費
A35: (ウ)衛生用品、医療用品等の購入等経費
A36: (エ)簡易浄水器、冷房機、暖房機、簡易トイレ、清潔保持のための用具等の購入等経費
A37: (オ)その他災害への備えとして必要と認められる経費
A38: 合計 | H38: =SUM(H33:L37) -> 0
A41: （注）申請額は、内示額と支出済額を比較していずれか低い方の額が入力される。

Sheet 個票23
A1: （様式第３号）事業所・施設別個票
A3: 介護事業所等に対するサービス継続支援事業に関する交付申請書兼実績報告書 （事業所・施設単位）
A5: 施設概要
A7: 整理番号 | O7: 事業所名称
A8: 所在地 | D8: 郵便番号 | H8: 都道府県名 | O8: 住所
H9: 広島県
A10: 提供サービス | H10: =IFERROR(VLOOKUP(H7,内示額!A:B,2,FALSE),"") | T10: 連絡先 | W10: 電話番号 | AG10: 担当部署名
A13: 報告にあたっての確認事項
A15: 領収書、レシート等の根拠資料は事業所等において適切に保管している。
A16: 支出済の費用について、他の予算制度に基づく、負担又は補助と重複は生じていない。
A17: 「支出済額」の欄には、対象経費から消費税相当額を除いた実支出額を記載している。
A19: 支出済額
AD21: 内示額 | AI21: 申請額
AD22: =IFERROR(VLOOKUP(H7,内示額!A:C,3,FALSE),"") | AG22: 千円 | AI22: =MIN(AD22,ROUNDDOWN((H29+H38)/1000,0)) -> 0 | AL22: 千円
A23: 【（１）介護サービス等を円滑に継続するための対応】
A24: 科目 | H24: 支出済額（円） （税抜き） | M24: 内訳（用途・品目・数量等）
A25: (ア)燃料費、有料道路通行料等の移動に伴い必要となる経費
A26: (イ)ネッククーラー（ヒーター）等の猛暑・雪害対策用品の購入等経費
A27: (ウ)燃料費等の入居者・利用者の生活環境改善、職員の負担軽減・勤務環境改善に必要となる経費
A28: (エ)業務用スポットクーラー（ヒーター）等の居室や浴室等における温度管理、湿度管理に必要な設備・物品等の購入等経費
A29: 合計 | H29: =SUM(H25:L28) -> 0
A31: 【（２）災害備蓄等への対応】
A32: 科目 | H32: 支出済額（円） （税抜き） | M32: 内訳（用途・品目・数量等）
A33: (ア)飲料水、食料品等の備蓄物資の購入等経費
A34: (イ)ポータブル発電機、ポータブル電源・蓄電池等の購入等経費
A35: (ウ)衛生用品、医療用品等の購入等経費
A36: (エ)簡易浄水器、冷房機、暖房機、簡易トイレ、清潔保持のための用具等の購入等経費
A37: (オ)その他災害への備えとして必要と認められる経費
A38: 合計 | H38: =SUM(H33:L37) -> 0
A41: （注）申請額は、内示額と支出済額を比較していずれか低い方の額が入力される。

Sheet 個票24
A1: （様式第３号）事業所・施設別個票
A3: 介護事業所等に対するサービス継続支援事業に関する交付申請書兼実績報告書 （事業所・施設単位）
A5: 施設概要
A7: 整理番号 | O7: 事業所名称
A8: 所在地 | D8: 郵便番号 | H8: 都道府県名 | O8: 住所
H9: 広島県
A10: 提供サービス | H10: =IFERROR(VLOOKUP(H7,内示額!A:B,2,FALSE),"") | T10: 連絡先 | W10: 電話番号 | AG10: 担当部署名
A13: 報告にあたっての確認事項
A15: 領収書、レシート等の根拠資料は事業所等において適切に保管している。
A16: 支出済の費用について、他の予算制度に基づく、負担又は補助と重複は生じていない。
A17: 「支出済額」の欄には、対象経費から消費税相当額を除いた実支出額を記載している。
A19: 支出済額
AD21: 内示額 | AI21: 申請額
AD22: =IFERROR(VLOOKUP(H7,内示額!A:C,3,FALSE),"") | AG22: 千円 | AI22: =MIN(AD22,ROUNDDOWN((H29+H38)/1000,0)) -> 0 | AL22: 千円
A23: 【（１）介護サービス等を円滑に継続するための対応】
A24: 科目 | H24: 支出済額（円） （税抜き） | M24: 内訳（用途・品目・数量等）
A25: (ア)燃料費、有料道路通行料等の移動に伴い必要となる経費
A26: (イ)ネッククーラー（ヒーター）等の猛暑・雪害対策用品の購入等経費
A27: (ウ)燃料費等の入居者・利用者の生活環境改善、職員の負担軽減・勤務環境改善に必要となる経費
A28: (エ)業務用スポットクーラー（ヒーター）等の居室や浴室等における温度管理、湿度管理に必要な設備・物品等の購入等経費
A29: 合計 | H29: =SUM(H25:L28) -> 0
A31: 【（２）災害備蓄等への対応】
A32: 科目 | H32: 支出済額（円） （税抜き） | M32: 内訳（用途・品目・数量等）
A33: (ア)飲料水、食料品等の備蓄物資の購入等経費
A34: (イ)ポータブル発電機、ポータブル電源・蓄電池等の購入等経費
A35: (ウ)衛生用品、医療用品等の購入等経費
A36: (エ)簡易浄水器、冷房機、暖房機、簡易トイレ、清潔保持のための用具等の購入等経費
A37: (オ)その他災害への備えとして必要と認められる経費
A38: 合計 | H38: =SUM(H33:L37) -> 0
A41: （注）申請額は、内示額と支出済額を比較していずれか低い方の額が入力される。

Sheet 個票25
A1: （様式第３号）事業所・施設別個票
A3: 介護事業所等に対するサービス継続支援事業に関する交付申請書兼実績報告書 （事業所・施設単位）
A5: 施設概要
A7: 整理番号 | O7: 事業所名称
A8: 所在地 | D8: 郵便番号 | H8: 都道府県名 | O8: 住所
H9: 広島県
A10: 提供サービス | H10: =IFERROR(VLOOKUP(H7,内示額!A:B,2,FALSE),"") | T10: 連絡先 | W10: 電話番号 | AG10: 担当部署名
A13: 報告にあたっての確認事項
A15: 領収書、レシート等の根拠資料は事業所等において適切に保管している。
A16: 支出済の費用について、他の予算制度に基づく、負担又は補助と重複は生じていない。
A17: 「支出済額」の欄には、対象経費から消費税相当額を除いた実支出額を記載している。
A19: 支出済額
AD21: 内示額 | AI21: 申請額
AD22: =IFERROR(VLOOKUP(H7,内示額!A:C,3,FALSE),"") | AG22: 千円 | AI22: =MIN(AD22,ROUNDDOWN((H29+H38)/1000,0)) -> 0 | AL22: 千円
A23: 【（１）介護サービス等を円滑に継続するための対応】
A24: 科目 | H24: 支出済額（円） （税抜き） | M24: 内訳（用途・品目・数量等）
A25: (ア)燃料費、有料道路通行料等の移動に伴い必要となる経費
A26: (イ)ネッククーラー（ヒーター）等の猛暑・雪害対策用品の購入等経費
A27: (ウ)燃料費等の入居者・利用者の生活環境改善、職員の負担軽減・勤務環境改善に必要となる経費
A28: (エ)業務用スポットクーラー（ヒーター）等の居室や浴室等における温度管理、湿度管理に必要な設備・物品等の購入等経費
A29: 合計 | H29: =SUM(H25:L28) -> 0
A31: 【（２）災害備蓄等への対応】
A32: 科目 | H32: 支出済額（円） （税抜き） | M32: 内訳（用途・品目・数量等）
A33: (ア)飲料水、食料品等の備蓄物資の購入等経費
A34: (イ)ポータブル発電機、ポータブル電源・蓄電池等の購入等経費
A35: (ウ)衛生用品、医療用品等の購入等経費
A36: (エ)簡易浄水器、冷房機、暖房機、簡易トイレ、清潔保持のための用具等の購入等経費
A37: (オ)その他災害への備えとして必要と認められる経費
A38: 合計 | H38: =SUM(H33:L37) -> 0
A41: （注）申請額は、内示額と支出済額を比較していずれか低い方の額が入力される。

Sheet 個票26
A1: （様式第３号）事業所・施設別個票
A3: 介護事業所等に対するサービス継続支援事業に関する交付申請書兼実績報告書 （事業所・施設単位）
A5: 施設概要
A7: 整理番号 | O7: 事業所名称
A8: 所在地 | D8: 郵便番号 | H8: 都道府県名 | O8: 住所
H9: 広島県
A10: 提供サービス | H10: =IFERROR(VLOOKUP(H7,内示額!A:B,2,FALSE),"") | T10: 連絡先 | W10: 電話番号 | AG10: 担当部署名
A13: 報告にあたっての確認事項
A15: 領収書、レシート等の根拠資料は事業所等において適切に保管している。
A16: 支出済の費用について、他の予算制度に基づく、負担又は補助と重複は生じていない。
A17: 「支出済額」の欄には、対象経費から消費税相当額を除いた実支出額を記載している。
A19: 支出済額
AD21: 内示額 | AI21: 申請額
AD22: =IFERROR(VLOOKUP(H7,内示額!A:C,3,FALSE),"") | AG22: 千円 | AI22: =MIN(AD22,ROUNDDOWN((H29+H38)/1000,0)) -> 0 | AL22: 千円
A23: 【（１）介護サービス等を円滑に継続するための対応】
A24: 科目 | H24: 支出済額（円） （税抜き） | M24: 内訳（用途・品目・数量等）
A25: (ア)燃料費、有料道路通行料等の移動に伴い必要となる経費
A26: (イ)ネッククーラー（ヒーター）等の猛暑・雪害対策用品の購入等経費
A27: (ウ)燃料費等の入居者・利用者の生活環境改善、職員の負担軽減・勤務環境改善に必要となる経費
A28: (エ)業務用スポットクーラー（ヒーター）等の居室や浴室等における温度管理、湿度管理に必要な設備・物品等の購入等経費
A29: 合計 | H29: =SUM(H25:L28) -> 0
A31: 【（２）災害備蓄等への対応】
A32: 科目 | H32: 支出済額（円） （税抜き） | M32: 内訳（用途・品目・数量等）
A33: (ア)飲料水、食料品等の備蓄物資の購入等経費
A34: (イ)ポータブル発電機、ポータブル電源・蓄電池等の購入等経費
A35: (ウ)衛生用品、医療用品等の購入等経費
A36: (エ)簡易浄水器、冷房機、暖房機、簡易トイレ、清潔保持のための用具等の購入等経費
A37: (オ)その他災害への備えとして必要と認められる経費
A38: 合計 | H38: =SUM(H33:L37) -> 0
A41: （注）申請額は、内示額と支出済額を比較していずれか低い方の額が入力される。

Sheet 個票27
A1: （様式第３号）事業所・施設別個票
A3: 介護事業所等に対するサービス継続支援事業に関する交付申請書兼実績報告書 （事業所・施設単位）
A5: 施設概要
A7: 整理番号 | O7: 事業所名称
A8: 所在地 | D8: 郵便番号 | H8: 都道府県名 | O8: 住所
H9: 広島県
A10: 提供サービス | H10: =IFERROR(VLOOKUP(H7,内示額!A:B,2,FALSE),"") | T10: 連絡先 | W10: 電話番号 | AG10: 担当部署名
A13: 報告にあたっての確認事項
A15: 領収書、レシート等の根拠資料は事業所等において適切に保管している。
A16: 支出済の費用について、他の予算制度に基づく、負担又は補助と重複は生じていない。
A17: 「支出済額」の欄には、対象経費から消費税相当額を除いた実支出額を記載している。
A19: 支出済額
AD21: 内示額 | AI21: 申請額
AD22: =IFERROR(VLOOKUP(H7,内示額!A:C,3,FALSE),"") | AG22: 千円 | AI22: =MIN(AD22,ROUNDDOWN((H29+H38)/1000,0)) -> 0 | AL22: 千円
A23: 【（１）介護サービス等を円滑に継続するための対応】
A24: 科目 | H24: 支出済額（円） （税抜き） | M24: 内訳（用途・品目・数量等）
A25: (ア)燃料費、有料道路通行料等の移動に伴い必要となる経費
A26: (イ)ネッククーラー（ヒーター）等の猛暑・雪害対策用品の購入等経費
A27: (ウ)燃料費等の入居者・利用者の生活環境改善、職員の負担軽減・勤務環境改善に必要となる経費
A28: (エ)業務用スポットクーラー（ヒーター）等の居室や浴室等における温度管理、湿度管理に必要な設備・物品等の購入等経費
A29: 合計 | H29: =SUM(H25:L28) -> 0
A31: 【（２）災害備蓄等への対応】
A32: 科目 | H32: 支出済額（円） （税抜き） | M32: 内訳（用途・品目・数量等）
A33: (ア)飲料水、食料品等の備蓄物資の購入等経費
A34: (イ)ポータブル発電機、ポータブル電源・蓄電池等の購入等経費
A35: (ウ)衛生用品、医療用品等の購入等経費
A36: (エ)簡易浄水器、冷房機、暖房機、簡易トイレ、清潔保持のための用具等の購入等経費
A37: (オ)その他災害への備えとして必要と認められる経費
A38: 合計 | H38: =SUM(H33:L37) -> 0
A41: （注）申請額は、内示額と支出済額を比較していずれか低い方の額が入力される。

Sheet 個票28
A1: （様式第３号）事業所・施設別個票
A3: 介護事業所等に対するサービス継続支援事業に関する交付申請書兼実績報告書 （事業所・施設単位）
A5: 施設概要
A7: 整理番号 | O7: 事業所名称
A8: 所在地 | D8: 郵便番号 | H8: 都道府県名 | O8: 住所
H9: 広島県
A10: 提供サービス | H10: =IFERROR(VLOOKUP(H7,内示額!A:B,2,FALSE),"") | T10: 連絡先 | W10: 電話番号 | AG10: 担当部署名
A13: 報告にあたっての確認事項
A15: 領収書、レシート等の根拠資料は事業所等において適切に保管している。
A16: 支出済の費用について、他の予算制度に基づく、負担又は補助と重複は生じていない。
A17: 「支出済額」の欄には、対象経費から消費税相当額を除いた実支出額を記載している。
A19: 支出済額
AD21: 内示額 | AI21: 申請額
AD22: =IFERROR(VLOOKUP(H7,内示額!A:C,3,FALSE),"") | AG22: 千円 | AI22: =MIN(AD22,ROUNDDOWN((H29+H38)/1000,0)) -> 0 | AL22: 千円
A23: 【（１）介護サービス等を円滑に継続するための対応】
A24: 科目 | H24: 支出済額（円） （税抜き） | M24: 内訳（用途・品目・数量等）
A25: (ア)燃料費、有料道路通行料等の移動に伴い必要となる経費
A26: (イ)ネッククーラー（ヒーター）等の猛暑・雪害対策用品の購入等経費
A27: (ウ)燃料費等の入居者・利用者の生活環境改善、職員の負担軽減・勤務環境改善に必要となる経費
A28: (エ)業務用スポットクーラー（ヒーター）等の居室や浴室等における温度管理、湿度管理に必要な設備・物品等の購入等経費
A29: 合計 | H29: =SUM(H25:L28) -> 0
A31: 【（２）災害備蓄等への対応】
A32: 科目 | H32: 支出済額（円） （税抜き） | M32: 内訳（用途・品目・数量等）
A33: (ア)飲料水、食料品等の備蓄物資の購入等経費
A34: (イ)ポータブル発電機、ポータブル電源・蓄電池等の購入等経費
A35: (ウ)衛生用品、医療用品等の購入等経費
A36: (エ)簡易浄水器、冷房機、暖房機、簡易トイレ、清潔保持のための用具等の購入等経費
A37: (オ)その他災害への備えとして必要と認められる経費
A38: 合計 | H38: =SUM(H33:L37) -> 0
A41: （注）申請額は、内示額と支出済額を比較していずれか低い方の額が入力される。

Sheet 個票29
A1: （様式第３号）事業所・施設別個票
A3: 介護事業所等に対するサービス継続支援事業に関する交付申請書兼実績報告書 （事業所・施設単位）
A5: 施設概要
A7: 整理番号 | O7: 事業所名称
A8: 所在地 | D8: 郵便番号 | H8: 都道府県名 | O8: 住所
H9: 広島県
A10: 提供サービス | H10: =IFERROR(VLOOKUP(H7,内示額!A:B,2,FALSE),"") | T10: 連絡先 | W10: 電話番号 | AG10: 担当部署名
A13: 報告にあたっての確認事項
A15: 領収書、レシート等の根拠資料は事業所等において適切に保管している。
A16: 支出済の費用について、他の予算制度に基づく、負担又は補助と重複は生じていない。
A17: 「支出済額」の欄には、対象経費から消費税相当額を除いた実支出額を記載している。
A19: 支出済額
AD21: 内示額 | AI21: 申請額
AD22: =IFERROR(VLOOKUP(H7,内示額!A:C,3,FALSE),"") | AG22: 千円 | AI22: =MIN(AD22,ROUNDDOWN((H29+H38)/1000,0)) -> 0 | AL22: 千円
A23: 【（１）介護サービス等を円滑に継続するための対応】
A24: 科目 | H24: 支出済額（円） （税抜き） | M24: 内訳（用途・品目・数量等）
A25: (ア)燃料費、有料道路通行料等の移動に伴い必要となる経費
A26: (イ)ネッククーラー（ヒーター）等の猛暑・雪害対策用品の購入等経費
A27: (ウ)燃料費等の入居者・利用者の生活環境改善、職員の負担軽減・勤務環境改善に必要となる経費
A28: (エ)業務用スポットクーラー（ヒーター）等の居室や浴室等における温度管理、湿度管理に必要な設備・物品等の購入等経費
A29: 合計 | H29: =SUM(H25:L28) -> 0
A31: 【（２）災害備蓄等への対応】
A32: 科目 | H32: 支出済額（円） （税抜き） | M32: 内訳（用途・品目・数量等）
A33: (ア)飲料水、食料品等の備蓄物資の購入等経費
A34: (イ)ポータブル発電機、ポータブル電源・蓄電池等の購入等経費
A35: (ウ)衛生用品、医療用品等の購入等経費
A36: (エ)簡易浄水器、冷房機、暖房機、簡易トイレ、清潔保持のための用具等の購入等経費
A37: (オ)その他災害への備えとして必要と認められる経費
A38: 合計 | H38: =SUM(H33:L37) -> 0
A41: （注）申請額は、内示額と支出済額を比較していずれか低い方の額が入力される。

Sheet 個票30
A1: （様式第３号）事業所・施設別個票
A3: 介護事業所等に対するサービス継続支援事業に関する交付申請書兼実績報告書 （事業所・施設単位）
A5: 施設概要
A7: 整理番号 | O7: 事業所名称
A8: 所在地 | D8: 郵便番号 | H8: 都道府県名 | O8: 住所
H9: 広島県
A10: 提供サービス | H10: =IFERROR(VLOOKUP(H7,内示額!A:B,2,FALSE),"") | T10: 連絡先 | W10: 電話番号 | AG10: 担当部署名
A13: 報告にあたっての確認事項
A15: 領収書、レシート等の根拠資料は事業所等において適切に保管している。
A16: 支出済の費用について、他の予算制度に基づく、負担又は補助と重複は生じていない。
A17: 「支出済額」の欄には、対象経費から消費税相当額を除いた実支出額を記載している。
A19: 支出済額
AD21: 内示額 | AI21: 申請額
AD22: =IFERROR(VLOOKUP(H7,内示額!A:C,3,FALSE),"") | AG22: 千円 | AI22: =MIN(AD22,ROUNDDOWN((H29+H38)/1000,0)) -> 0 | AL22: 千円
A23: 【（１）介護サービス等を円滑に継続するための対応】
A24: 科目 | H24: 支出済額（円） （税抜き） | M24: 内訳（用途・品目・数量等）
A25: (ア)燃料費、有料道路通行料等の移動に伴い必要となる経費
A26: (イ)ネッククーラー（ヒーター）等の猛暑・雪害対策用品の購入等経費
A27: (ウ)燃料費等の入居者・利用者の生活環境改善、職員の負担軽減・勤務環境改善に必要となる経費
A28: (エ)業務用スポットクーラー（ヒーター）等の居室や浴室等における温度管理、湿度管理に必要な設備・物品等の購入等経費
A29: 合計 | H29: =SUM(H25:L28) -> 0
A31: 【（２）災害備蓄等への対応】
A32: 科目 | H32: 支出済額（円） （税抜き） | M32: 内訳（用途・品目・数量等）
A33: (ア)飲料水、食料品等の備蓄物資の購入等経費
A34: (イ)ポータブル発電機、ポータブル電源・蓄電池等の購入等経費
A35: (ウ)衛生用品、医療用品等の購入等経費
A36: (エ)簡易浄水器、冷房機、暖房機、簡易トイレ、清潔保持のための用具等の購入等経費
A37: (オ)その他災害への備えとして必要と認められる経費
A38: 合計 | H38: =SUM(H33:L37) -> 0
A41: （注）申請額は、内示額と支出済額を比較していずれか低い方の額が入力される。

Sheet 個票31
A1: （様式第３号）事業所・施設別個票
A3: 介護事業所等に対するサービス継続支援事業に関する交付申請書兼実績報告書 （事業所・施設単位）
A5: 施設概要
A7: 整理番号 | O7: 事業所名称
A8: 所在地 | D8: 郵便番号 | H8: 都道府県名 | O8: 住所
H9: 広島県
A10: 提供サービス | H10: =IFERROR(VLOOKUP(H7,内示額!A:B,2,FALSE),"") | T10: 連絡先 | W10: 電話番号 | AG10: 担当部署名
A13: 報告にあたっての確認事項
A15: 領収書、レシート等の根拠資料は事業所等において適切に保管している。
A16: 支出済の費用について、他の予算制度に基づく、負担又は補助と重複は生じていない。
A17: 「支出済額」の欄には、対象経費から消費税相当額を除いた実支出額を記載している。
A19: 支出済額
AD21: 内示額 | AI21: 申請額
AD22: =IFERROR(VLOOKUP(H7,内示額!A:C,3,FALSE),"") | AG22: 千円 | AI22: =MIN(AD22,ROUNDDOWN((H29+H38)/1000,0)) -> 0 | AL22: 千円
A23: 【（１）介護サービス等を円滑に継続するための対応】
A24: 科目 | H24: 支出済額（円） （税抜き） | M24: 内訳（用途・品目・数量等）
A25: (ア)燃料費、有料道路通行料等の移動に伴い必要となる経費
A26: (イ)ネッククーラー（ヒーター）等の猛暑・雪害対策用品の購入等経費
A27: (ウ)燃料費等の入居者・利用者の生活環境改善、職員の負担軽減・勤務環境改善に必要となる経費
A28: (エ)業務用スポットクーラー（ヒーター）等の居室や浴室等における温度管理、湿度管理に必要な設備・物品等の購入等経費
A29: 合計 | H29: =SUM(H25:L28) -> 0
A31: 【（２）災害備蓄等への対応】
A32: 科目 | H32: 支出済額（円） （税抜き） | M32: 内訳（用途・品目・数量等）
A33: (ア)飲料水、食料品等の備蓄物資の購入等経費
A34: (イ)ポータブル発電機、ポータブル電源・蓄電池等の購入等経費
A35: (ウ)衛生用品、医療用品等の購入等経費
A36: (エ)簡易浄水器、冷房機、暖房機、簡易トイレ、清潔保持のための用具等の購入等経費
A37: (オ)その他災害への備えとして必要と認められる経費
A38: 合計 | H38: =SUM(H33:L37) -> 0
A41: （注）申請額は、内示額と支出済額を比較していずれか低い方の額が入力される。

Sheet 個票32
A1: （様式第３号）事業所・施設別個票
A3: 介護事業所等に対するサービス継続支援事業に関する交付申請書兼実績報告書 （事業所・施設単位）
A5: 施設概要
A7: 整理番号 | O7: 事業所名称
A8: 所在地 | D8: 郵便番号 | H8: 都道府県名 | O8: 住所
H9: 広島県
A10: 提供サービス | H10: =IFERROR(VLOOKUP(H7,内示額!A:B,2,FALSE),"") | T10: 連絡先 | W10: 電話番号 | AG10: 担当部署名
A13: 報告にあたっての確認事項
A15: 領収書、レシート等の根拠資料は事業所等において適切に保管している。
A16: 支出済の費用について、他の予算制度に基づく、負担又は補助と重複は生じていない。
A17: 「支出済額」の欄には、対象経費から消費税相当額を除いた実支出額を記載している。
A19: 支出済額
AD21: 内示額 | AI21: 申請額
AD22: =IFERROR(VLOOKUP(H7,内示額!A:C,3,FALSE),"") | AG22: 千円 | AI22: =MIN(AD22,ROUNDDOWN((H29+H38)/1000,0)) -> 0 | AL22: 千円
A23: 【（１）介護サービス等を円滑に継続するための対応】
A24: 科目 | H24: 支出済額（円） （税抜き） | M24: 内訳（用途・品目・数量等）
A25: (ア)燃料費、有料道路通行料等の移動に伴い必要となる経費
A26: (イ)ネッククーラー（ヒーター）等の猛暑・雪害対策用品の購入等経費
A27: (ウ)燃料費等の入居者・利用者の生活環境改善、職員の負担軽減・勤務環境改善に必要となる経費
A28: (エ)業務用スポットクーラー（ヒーター）等の居室や浴室等における温度管理、湿度管理に必要な設備・物品等の購入等経費
A29: 合計 | H29: =SUM(H25:L28) -> 0
A31: 【（２）災害備蓄等への対応】
A32: 科目 | H32: 支出済額（円） （税抜き） | M32: 内訳（用途・品目・数量等）
A33: (ア)飲料水、食料品等の備蓄物資の購入等経費
A34: (イ)ポータブル発電機、ポータブル電源・蓄電池等の購入等経費
A35: (ウ)衛生用品、医療用品等の購入等経費
A36: (エ)簡易浄水器、冷房機、暖房機、簡易トイレ、清潔保持のための用具等の購入等経費
A37: (オ)その他災害への備えとして必要と認められる経費
A38: 合計 | H38: =SUM(H33:L37) -> 0
A41: （注）申請額は、内示額と支出済額を比較していずれか低い方の額が入力される。

Sheet 個票33
A1: （様式第３号）事業所・施設別個票
A3: 介護事業所等に対するサービス継続支援事業に関する交付申請書兼実績報告書 （事業所・施設単位）
A5: 施設概要
A7: 整理番号 | O7: 事業所名称
A8: 所在地 | D8: 郵便番号 | H8: 都道府県名 | O8: 住所
H9: 広島県
A10: 提供サービス | H10: =IFERROR(VLOOKUP(H7,内示額!A:B,2,FALSE),"") | T10: 連絡先 | W10: 電話番号 | AG10: 担当部署名
A13: 報告にあたっての確認事項
A15: 領収書、レシート等の根拠資料は事業所等において適切に保管している。
A16: 支出済の費用について、他の予算制度に基づく、負担又は補助と重複は生じていない。
A17: 「支出済額」の欄には、対象経費から消費税相当額を除いた実支出額を記載している。
A19: 支出済額
AD21: 内示額 | AI21: 申請額
AD22: =IFERROR(VLOOKUP(H7,内示額!A:C,3,FALSE),"") | AG22: 千円 | AI22: =MIN(AD22,ROUNDDOWN((H29+H38)/1000,0)) -> 0 | AL22: 千円
A23: 【（１）介護サービス等を円滑に継続するための対応】
A24: 科目 | H24: 支出済額（円） （税抜き） | M24: 内訳（用途・品目・数量等）
A25: (ア)燃料費、有料道路通行料等の移動に伴い必要となる経費
A26: (イ)ネッククーラー（ヒーター）等の猛暑・雪害対策用品の購入等経費
A27: (ウ)燃料費等の入居者・利用者の生活環境改善、職員の負担軽減・勤務環境改善に必要となる経費
A28: (エ)業務用スポットクーラー（ヒーター）等の居室や浴室等における温度管理、湿度管理に必要な設備・物品等の購入等経費
A29: 合計 | H29: =SUM(H25:L28) -> 0
A31: 【（２）災害備蓄等への対応】
A32: 科目 | H32: 支出済額（円） （税抜き） | M32: 内訳（用途・品目・数量等）
A33: (ア)飲料水、食料品等の備蓄物資の購入等経費
A34: (イ)ポータブル発電機、ポータブル電源・蓄電池等の購入等経費
A35: (ウ)衛生用品、医療用品等の購入等経費
A36: (エ)簡易浄水器、冷房機、暖房機、簡易トイレ、清潔保持のための用具等の購入等経費
A37: (オ)その他災害への備えとして必要と認められる経費
A38: 合計 | H38: =SUM(H33:L37) -> 0
A41: （注）申請額は、内示額と支出済額を比較していずれか低い方の額が入力される。

Sheet 個票34
A1: （様式第３号）事業所・施設別個票
A3: 介護事業所等に対するサービス継続支援事業に関する交付申請書兼実績報告書 （事業所・施設単位）
A5: 施設概要
A7: 整理番号 | O7: 事業所名称
A8: 所在地 | D8: 郵便番号 | H8: 都道府県名 | O8: 住所
H9: 広島県
A10: 提供サービス | H10: =IFERROR(VLOOKUP(H7,内示額!A:B,2,FALSE),"") | T10: 連絡先 | W10: 電話番号 | AG10: 担当部署名
A13: 報告にあたっての確認事項
A15: 領収書、レシート等の根拠資料は事業所等において適切に保管している。
A16: 支出済の費用について、他の予算制度に基づく、負担又は補助と重複は生じていない。
A17: 「支出済額」の欄には、対象経費から消費税相当額を除いた実支出額を記載している。
A19: 支出済額
AD21: 内示額 | AI21: 申請額
AD22: =IFERROR(VLOOKUP(H7,内示額!A:C,3,FALSE),"") | AG22: 千円 | AI22: =MIN(AD22,ROUNDDOWN((H29+H38)/1000,0)) -> 0 | AL22: 千円
A23: 【（１）介護サービス等を円滑に継続するための対応】
A24: 科目 | H24: 支出済額（円） （税抜き） | M24: 内訳（用途・品目・数量等）
A25: (ア)燃料費、有料道路通行料等の移動に伴い必要となる経費
A26: (イ)ネッククーラー（ヒーター）等の猛暑・雪害対策用品の購入等経費
A27: (ウ)燃料費等の入居者・利用者の生活環境改善、職員の負担軽減・勤務環境改善に必要となる経費
A28: (エ)業務用スポットクーラー（ヒーター）等の居室や浴室等における温度管理、湿度管理に必要な設備・物品等の購入等経費
A29: 合計 | H29: =SUM(H25:L28) -> 0
A31: 【（２）災害備蓄等への対応】
A32: 科目 | H32: 支出済額（円） （税抜き） | M32: 内訳（用途・品目・数量等）
A33: (ア)飲料水、食料品等の備蓄物資の購入等経費
A34: (イ)ポータブル発電機、ポータブル電源・蓄電池等の購入等経費
A35: (ウ)衛生用品、医療用品等の購入等経費
A36: (エ)簡易浄水器、冷房機、暖房機、簡易トイレ、清潔保持のための用具等の購入等経費
A37: (オ)その他災害への備えとして必要と認められる経費
A38: 合計 | H38: =SUM(H33:L37) -> 0
A41: （注）申請額は、内示額と支出済額を比較していずれか低い方の額が入力される。

Sheet 個票35
A1: （様式第３号）事業所・施設別個票
A3: 介護事業所等に対するサービス継続支援事業に関する交付申請書兼実績報告書 （事業所・施設単位）
A5: 施設概要
A7: 整理番号 | O7: 事業所名称
A8: 所在地 | D8: 郵便番号 | H8: 都道府県名 | O8: 住所
H9: 広島県
A10: 提供サービス | H10: =IFERROR(VLOOKUP(H7,内示額!A:B,2,FALSE),"") | T10: 連絡先 | W10: 電話番号 | AG10: 担当部署名
A13: 報告にあたっての確認事項
A15: 領収書、レシート等の根拠資料は事業所等において適切に保管している。
A16: 支出済の費用について、他の予算制度に基づく、負担又は補助と重複は生じていない。
A17: 「支出済額」の欄には、対象経費から消費税相当額を除いた実支出額を記載している。
A19: 支出済額
AD21: 内示額 | AI21: 申請額
AD22: =IFERROR(VLOOKUP(H7,内示額!A:C,3,FALSE),"") | AG22: 千円 | AI22: =MIN(AD22,ROUNDDOWN((H29+H38)/1000,0)) -> 0 | AL22: 千円
A23: 【（１）介護サービス等を円滑に継続するための対応】
A24: 科目 | H24: 支出済額（円） （税抜き） | M24: 内訳（用途・品目・数量等）
A25: (ア)燃料費、有料道路通行料等の移動に伴い必要となる経費
A26: (イ)ネッククーラー（ヒーター）等の猛暑・雪害対策用品の購入等経費
A27: (ウ)燃料費等の入居者・利用者の生活環境改善、職員の負担軽減・勤務環境改善に必要となる経費
A28: (エ)業務用スポットクーラー（ヒーター）等の居室や浴室等における温度管理、湿度管理に必要な設備・物品等の購入等経費
A29: 合計 | H29: =SUM(H25:L28) -> 0
A31: 【（２）災害備蓄等への対応】
A32: 科目 | H32: 支出済額（円） （税抜き） | M32: 内訳（用途・品目・数量等）
A33: (ア)飲料水、食料品等の備蓄物資の購入等経費
A34: (イ)ポータブル発電機、ポータブル電源・蓄電池等の購入等経費
A35: (ウ)衛生用品、医療用品等の購入等経費
A36: (エ)簡易浄水器、冷房機、暖房機、簡易トイレ、清潔保持のための用具等の購入等経費
A37: (オ)その他災害への備えとして必要と認められる経費
A38: 合計 | H38: =SUM(H33:L37) -> 0
A41: （注）申請額は、内示額と支出済額を比較していずれか低い方の額が入力される。

Sheet 個票36
A1: （様式第３号）事業所・施設別個票
A3: 介護事業所等に対するサービス継続支援事業に関する交付申請書兼実績報告書 （事業所・施設単位）
A5: 施設概要
A7: 整理番号 | O7: 事業所名称
A8: 所在地 | D8: 郵便番号 | H8: 都道府県名 | O8: 住所
H9: 広島県
A10: 提供サービス | H10: =IFERROR(VLOOKUP(H7,内示額!A:B,2,FALSE),"") | T10: 連絡先 | W10: 電話番号 | AG10: 担当部署名
A13: 報告にあたっての確認事項
A15: 領収書、レシート等の根拠資料は事業所等において適切に保管している。
A16: 支出済の費用について、他の予算制度に基づく、負担又は補助と重複は生じていない。
A17: 「支出済額」の欄には、対象経費から消費税相当額を除いた実支出額を記載している。
A19: 支出済額
AD21: 内示額 | AI21: 申請額
AD22: =IFERROR(VLOOKUP(H7,内示額!A:C,3,FALSE),"") | AG22: 千円 | AI22: =MIN(AD22,ROUNDDOWN((H29+H38)/1000,0)) -> 0 | AL22: 千円
A23: 【（１）介護サービス等を円滑に継続するための対応】
A24: 科目 | H24: 支出済額（円） （税抜き） | M24: 内訳（用途・品目・数量等）
A25: (ア)燃料費、有料道路通行料等の移動に伴い必要となる経費
A26: (イ)ネッククーラー（ヒーター）等の猛暑・雪害対策用品の購入等経費
A27: (ウ)燃料費等の入居者・利用者の生活環境改善、職員の負担軽減・勤務環境改善に必要となる経費
A28: (エ)業務用スポットクーラー（ヒーター）等の居室や浴室等における温度管理、湿度管理に必要な設備・物品等の購入等経費
A29: 合計 | H29: =SUM(H25:L28) -> 0
A31: 【（２）災害備蓄等への対応】
A32: 科目 | H32: 支出済額（円） （税抜き） | M32: 内訳（用途・品目・数量等）
A33: (ア)飲料水、食料品等の備蓄物資の購入等経費
A34: (イ)ポータブル発電機、ポータブル電源・蓄電池等の購入等経費
A35: (ウ)衛生用品、医療用品等の購入等経費
A36: (エ)簡易浄水器、冷房機、暖房機、簡易トイレ、清潔保持のための用具等の購入等経費
A37: (オ)その他災害への備えとして必要と認められる経費
A38: 合計 | H38: =SUM(H33:L37) -> 0
A41: （注）申請額は、内示額と支出済額を比較していずれか低い方の額が入力される。

Sheet 個票37
A1: （様式第３号）事業所・施設別個票
A3: 介護事業所等に対するサービス継続支援事業に関する交付申請書兼実績報告書 （事業所・施設単位）
A5: 施設概要
A7: 整理番号 | O7: 事業所名称
A8: 所在地 | D8: 郵便番号 | H8: 都道府県名 | O8: 住所
H9: 広島県
A10: 提供サービス | H10: =IFERROR(VLOOKUP(H7,内示額!A:B,2,FALSE),"") | T10: 連絡先 | W10: 電話番号 | AG10: 担当部署名
A13: 報告にあたっての確認事項
A15: 領収書、レシート等の根拠資料は事業所等において適切に保管している。
A16: 支出済の費用について、他の予算制度に基づく、負担又は補助と重複は生じていない。
A17: 「支出済額」の欄には、対象経費から消費税相当額を除いた実支出額を記載している。
A19: 支出済額
AD21: 内示額 | AI21: 申請額
AD22: =IFERROR(VLOOKUP(H7,内示額!A:C,3,FALSE),"") | AG22: 千円 | AI22: =MIN(AD22,ROUNDDOWN((H29+H38)/1000,0)) -> 0 | AL22: 千円
A23: 【（１）介護サービス等を円滑に継続するための対応】
A24: 科目 | H24: 支出済額（円） （税抜き） | M24: 内訳（用途・品目・数量等）
A25: (ア)燃料費、有料道路通行料等の移動に伴い必要となる経費
A26: (イ)ネッククーラー（ヒーター）等の猛暑・雪害対策用品の購入等経費
A27: (ウ)燃料費等の入居者・利用者の生活環境改善、職員の負担軽減・勤務環境改善に必要となる経費
A28: (エ)業務用スポットクーラー（ヒーター）等の居室や浴室等における温度管理、湿度管理に必要な設備・物品等の購入等経費
A29: 合計 | H29: =SUM(H25:L28) -> 0
A31: 【（２）災害備蓄等への対応】
A32: 科目 | H32: 支出済額（円） （税抜き） | M32: 内訳（用途・品目・数量等）
A33: (ア)飲料水、食料品等の備蓄物資の購入等経費
A34: (イ)ポータブル発電機、ポータブル電源・蓄電池等の購入等経費
A35: (ウ)衛生用品、医療用品等の購入等経費
A36: (エ)簡易浄水器、冷房機、暖房機、簡易トイレ、清潔保持のための用具等の購入等経費
A37: (オ)その他災害への備えとして必要と認められる経費
A38: 合計 | H38: =SUM(H33:L37) -> 0
A41: （注）申請額は、内示額と支出済額を比較していずれか低い方の額が入力される。

Sheet 個票38
A1: （様式第３号）事業所・施設別個票
A3: 介護事業所等に対するサービス継続支援事業に関する交付申請書兼実績報告書 （事業所・施設単位）
A5: 施設概要
A7: 整理番号 | O7: 事業所名称
A8: 所在地 | D8: 郵便番号 | H8: 都道府県名 | O8: 住所
H9: 広島県
A10: 提供サービス | H10: =IFERROR(VLOOKUP(H7,内示額!A:B,2,FALSE),"") | T10: 連絡先 | W10: 電話番号 | AG10: 担当部署名
A13: 報告にあたっての確認事項
A15: 領収書、レシート等の根拠資料は事業所等において適切に保管している。
A16: 支出済の費用について、他の予算制度に基づく、負担又は補助と重複は生じていない。
A17: 「支出済額」の欄には、対象経費から消費税相当額を除いた実支出額を記載している。
A19: 支出済額
AD21: 内示額 | AI21: 申請額
AD22: =IFERROR(VLOOKUP(H7,内示額!A:C,3,FALSE),"") | AG22: 千円 | AI22: =MIN(AD22,ROUNDDOWN((H29+H38)/1000,0)) -> 0 | AL22: 千円
A23: 【（１）介護サービス等を円滑に継続するための対応】
A24: 科目 | H24: 支出済額（円） （税抜き） | M24: 内訳（用途・品目・数量等）
A25: (ア)燃料費、有料道路通行料等の移動に伴い必要となる経費
A26: (イ)ネッククーラー（ヒーター）等の猛暑・雪害対策用品の購入等経費
A27: (ウ)燃料費等の入居者・利用者の生活環境改善、職員の負担軽減・勤務環境改善に必要となる経費
A28: (エ)業務用スポットクーラー（ヒーター）等の居室や浴室等における温度管理、湿度管理に必要な設備・物品等の購入等経費
A29: 合計 | H29: =SUM(H25:L28) -> 0
A31: 【（２）災害備蓄等への対応】
A32: 科目 | H32: 支出済額（円） （税抜き） | M32: 内訳（用途・品目・数量等）
A33: (ア)飲料水、食料品等の備蓄物資の購入等経費
A34: (イ)ポータブル発電機、ポータブル電源・蓄電池等の購入等経費
A35: (ウ)衛生用品、医療用品等の購入等経費
A36: (エ)簡易浄水器、冷房機、暖房機、簡易トイレ、清潔保持のための用具等の購入等経費
A37: (オ)その他災害への備えとして必要と認められる経費
A38: 合計 | H38: =SUM(H33:L37) -> 0
A41: （注）申請額は、内示額と支出済額を比較していずれか低い方の額が入力される。

Sheet 個票39
A1: （様式第３号）事業所・施設別個票
A3: 介護事業所等に対するサービス継続支援事業に関する交付申請書兼実績報告書 （事業所・施設単位）
A5: 施設概要
A7: 整理番号 | O7: 事業所名称
A8: 所在地 | D8: 郵便番号 | H8: 都道府県名 | O8: 住所
H9: 広島県
A10: 提供サービス | H10: =IFERROR(VLOOKUP(H7,内示額!A:B,2,FALSE),"") | T10: 連絡先 | W10: 電話番号 | AG10: 担当部署名
A13: 報告にあたっての確認事項
A15: 領収書、レシート等の根拠資料は事業所等において適切に保管している。
A16: 支出済の費用について、他の予算制度に基づく、負担又は補助と重複は生じていない。
A17: 「支出済額」の欄には、対象経費から消費税相当額を除いた実支出額を記載している。
A19: 支出済額
AD21: 内示額 | AI21: 申請額
AD22: =IFERROR(VLOOKUP(H7,内示額!A:C,3,FALSE),"") | AG22: 千円 | AI22: =MIN(AD22,ROUNDDOWN((H29+H38)/1000,0)) -> 0 | AL22: 千円
A23: 【（１）介護サービス等を円滑に継続するための対応】
A24: 科目 | H24: 支出済額（円） （税抜き） | M24: 内訳（用途・品目・数量等）
A25: (ア)燃料費、有料道路通行料等の移動に伴い必要となる経費
A26: (イ)ネッククーラー（ヒーター）等の猛暑・雪害対策用品の購入等経費
A27: (ウ)燃料費等の入居者・利用者の生活環境改善、職員の負担軽減・勤務環境改善に必要となる経費
A28: (エ)業務用スポットクーラー（ヒーター）等の居室や浴室等における温度管理、湿度管理に必要な設備・物品等の購入等経費
A29: 合計 | H29: =SUM(H25:L28) -> 0
A31: 【（２）災害備蓄等への対応】
A32: 科目 | H32: 支出済額（円） （税抜き） | M32: 内訳（用途・品目・数量等）
A33: (ア)飲料水、食料品等の備蓄物資の購入等経費
A34: (イ)ポータブル発電機、ポータブル電源・蓄電池等の購入等経費
A35: (ウ)衛生用品、医療用品等の購入等経費
A36: (エ)簡易浄水器、冷房機、暖房機、簡易トイレ、清潔保持のための用具等の購入等経費
A37: (オ)その他災害への備えとして必要と認められる経費
A38: 合計 | H38: =SUM(H33:L37) -> 0
A41: （注）申請額は、内示額と支出済額を比較していずれか低い方の額が入力される。

Sheet 個票40
A1: （様式第３号）事業所・施設別個票
A3: 介護事業所等に対するサービス継続支援事業に関する交付申請書兼実績報告書 （事業所・施設単位）
A5: 施設概要
A7: 整理番号 | O7: 事業所名称
A8: 所在地 | D8: 郵便番号 | H8: 都道府県名 | O8: 住所
H9: 広島県
A10: 提供サービス | H10: =IFERROR(VLOOKUP(H7,内示額!A:B,2,FALSE),"") | T10: 連絡先 | W10: 電話番号 | AG10: 担当部署名
A13: 報告にあたっての確認事項
A15: 領収書、レシート等の根拠資料は事業所等において適切に保管している。
A16: 支出済の費用について、他の予算制度に基づく、負担又は補助と重複は生じていない。
A17: 「支出済額」の欄には、対象経費から消費税相当額を除いた実支出額を記載している。
A19: 支出済額
AD21: 内示額 | AI21: 申請額
AD22: =IFERROR(VLOOKUP(H7,内示額!A:C,3,FALSE),"") | AG22: 千円 | AI22: =MIN(AD22,ROUNDDOWN((H29+H38)/1000,0)) -> 0 | AL22: 千円
A23: 【（１）介護サービス等を円滑に継続するための対応】
A24: 科目 | H24: 支出済額（円） （税抜き） | M24: 内訳（用途・品目・数量等）
A25: (ア)燃料費、有料道路通行料等の移動に伴い必要となる経費
A26: (イ)ネッククーラー（ヒーター）等の猛暑・雪害対策用品の購入等経費
A27: (ウ)燃料費等の入居者・利用者の生活環境改善、職員の負担軽減・勤務環境改善に必要となる経費
A28: (エ)業務用スポットクーラー（ヒーター）等の居室や浴室等における温度管理、湿度管理に必要な設備・物品等の購入等経費
A29: 合計 | H29: =SUM(H25:L28) -> 0
A31: 【（２）災害備蓄等への対応】
A32: 科目 | H32: 支出済額（円） （税抜き） | M32: 内訳（用途・品目・数量等）
A33: (ア)飲料水、食料品等の備蓄物資の購入等経費
A34: (イ)ポータブル発電機、ポータブル電源・蓄電池等の購入等経費
A35: (ウ)衛生用品、医療用品等の購入等経費
A36: (エ)簡易浄水器、冷房機、暖房機、簡易トイレ、清潔保持のための用具等の購入等経費
A37: (オ)その他災害への備えとして必要と認められる経費
A38: 合計 | H38: =SUM(H33:L37) -> 0
A41: （注）申請額は、内示額と支出済額を比較していずれか低い方の額が入力される。

Sheet 個票41
A1: （様式第３号）事業所・施設別個票
A3: 介護事業所等に対するサービス継続支援事業に関する交付申請書兼実績報告書 （事業所・施設単位）
A5: 施設概要
A7: 整理番号 | O7: 事業所名称
A8: 所在地 | D8: 郵便番号 | H8: 都道府県名 | O8: 住所
H9: 広島県
A10: 提供サービス | H10: =IFERROR(VLOOKUP(H7,内示額!A:B,2,FALSE),"") | T10: 連絡先 | W10: 電話番号 | AG10: 担当部署名
A13: 報告にあたっての確認事項
A15: 領収書、レシート等の根拠資料は事業所等において適切に保管している。
A16: 支出済の費用について、他の予算制度に基づく、負担又は補助と重複は生じていない。
A17: 「支出済額」の欄には、対象経費から消費税相当額を除いた実支出額を記載している。
A19: 支出済額
AD21: 内示額 | AI21: 申請額
AD22: =IFERROR(VLOOKUP(H7,内示額!A:C,3,FALSE),"") | AG22: 千円 | AI22: =MIN(AD22,ROUNDDOWN((H29+H38)/1000,0)) -> 0 | AL22: 千円
A23: 【（１）介護サービス等を円滑に継続するための対応】
A24: 科目 | H24: 支出済額（円） （税抜き） | M24: 内訳（用途・品目・数量等）
A25: (ア)燃料費、有料道路通行料等の移動に伴い必要となる経費
A26: (イ)ネッククーラー（ヒーター）等の猛暑・雪害対策用品の購入等経費
A27: (ウ)燃料費等の入居者・利用者の生活環境改善、職員の負担軽減・勤務環境改善に必要となる経費
A28: (エ)業務用スポットクーラー（ヒーター）等の居室や浴室等における温度管理、湿度管理に必要な設備・物品等の購入等経費
A29: 合計 | H29: =SUM(H25:L28) -> 0
A31: 【（２）災害備蓄等への対応】
A32: 科目 | H32: 支出済額（円） （税抜き） | M32: 内訳（用途・品目・数量等）
A33: (ア)飲料水、食料品等の備蓄物資の購入等経費
A34: (イ)ポータブル発電機、ポータブル電源・蓄電池等の購入等経費
A35: (ウ)衛生用品、医療用品等の購入等経費
A36: (エ)簡易浄水器、冷房機、暖房機、簡易トイレ、清潔保持のための用具等の購入等経費
A37: (オ)その他災害への備えとして必要と認められる経費
A38: 合計 | H38: =SUM(H33:L37) -> 0
A41: （注）申請額は、内示額と支出済額を比較していずれか低い方の額が入力される。

Sheet 個票42
A1: （様式第３号）事業所・施設別個票
A3: 介護事業所等に対するサービス継続支援事業に関する交付申請書兼実績報告書 （事業所・施設単位）
A5: 施設概要
A7: 整理番号 | O7: 事業所名称
A8: 所在地 | D8: 郵便番号 | H8: 都道府県名 | O8: 住所
H9: 広島県
A10: 提供サービス | H10: =IFERROR(VLOOKUP(H7,内示額!A:B,2,FALSE),"") | T10: 連絡先 | W10: 電話番号 | AG10: 担当部署名
A13: 報告にあたっての確認事項
A15: 領収書、レシート等の根拠資料は事業所等において適切に保管している。
A16: 支出済の費用について、他の予算制度に基づく、負担又は補助と重複は生じていない。
A17: 「支出済額」の欄には、対象経費から消費税相当額を除いた実支出額を記載している。
A19: 支出済額
AD21: 内示額 | AI21: 申請額
AD22: =IFERROR(VLOOKUP(H7,内示額!A:C,3,FALSE),"") | AG22: 千円 | AI22: =MIN(AD22,ROUNDDOWN((H29+H38)/1000,0)) -> 0 | AL22: 千円
A23: 【（１）介護サービス等を円滑に継続するための対応】
A24: 科目 | H24: 支出済額（円） （税抜き） | M24: 内訳（用途・品目・数量等）
A25: (ア)燃料費、有料道路通行料等の移動に伴い必要となる経費
A26: (イ)ネッククーラー（ヒーター）等の猛暑・雪害対策用品の購入等経費
A27: (ウ)燃料費等の入居者・利用者の生活環境改善、職員の負担軽減・勤務環境改善に必要となる経費
A28: (エ)業務用スポットクーラー（ヒーター）等の居室や浴室等における温度管理、湿度管理に必要な設備・物品等の購入等経費
A29: 合計 | H29: =SUM(H25:L28) -> 0
A31: 【（２）災害備蓄等への対応】
A32: 科目 | H32: 支出済額（円） （税抜き） | M32: 内訳（用途・品目・数量等）
A33: (ア)飲料水、食料品等の備蓄物資の購入等経費
A34: (イ)ポータブル発電機、ポータブル電源・蓄電池等の購入等経費
A35: (ウ)衛生用品、医療用品等の購入等経費
A36: (エ)簡易浄水器、冷房機、暖房機、簡易トイレ、清潔保持のための用具等の購入等経費
A37: (オ)その他災害への備えとして必要と認められる経費
A38: 合計 | H38: =SUM(H33:L37) -> 0
A41: （注）申請額は、内示額と支出済額を比較していずれか低い方の額が入力される。

Sheet 個票43
A1: （様式第３号）事業所・施設別個票
A3: 介護事業所等に対するサービス継続支援事業に関する交付申請書兼実績報告書 （事業所・施設単位）
A5: 施設概要
A7: 整理番号 | O7: 事業所名称
A8: 所在地 | D8: 郵便番号 | H8: 都道府県名 | O8: 住所
H9: 広島県
A10: 提供サービス | H10: =IFERROR(VLOOKUP(H7,内示額!A:B,2,FALSE),"") | T10: 連絡先 | W10: 電話番号 | AG10: 担当部署名
A13: 報告にあたっての確認事項
A15: 領収書、レシート等の根拠資料は事業所等において適切に保管している。
A16: 支出済の費用について、他の予算制度に基づく、負担又は補助と重複は生じていない。
A17: 「支出済額」の欄には、対象経費から消費税相当額を除いた実支出額を記載している。
A19: 支出済額
AD21: 内示額 | AI21: 申請額
AD22: =IFERROR(VLOOKUP(H7,内示額!A:C,3,FALSE),"") | AG22: 千円 | AI22: =MIN(AD22,ROUNDDOWN((H29+H38)/1000,0)) -> 0 | AL22: 千円
A23: 【（１）介護サービス等を円滑に継続するための対応】
A24: 科目 | H24: 支出済額（円） （税抜き） | M24: 内訳（用途・品目・数量等）
A25: (ア)燃料費、有料道路通行料等の移動に伴い必要となる経費
A26: (イ)ネッククーラー（ヒーター）等の猛暑・雪害対策用品の購入等経費
A27: (ウ)燃料費等の入居者・利用者の生活環境改善、職員の負担軽減・勤務環境改善に必要となる経費
A28: (エ)業務用スポットクーラー（ヒーター）等の居室や浴室等における温度管理、湿度管理に必要な設備・物品等の購入等経費
A29: 合計 | H29: =SUM(H25:L28) -> 0
A31: 【（２）災害備蓄等への対応】
A32: 科目 | H32: 支出済額（円） （税抜き） | M32: 内訳（用途・品目・数量等）
A33: (ア)飲料水、食料品等の備蓄物資の購入等経費
A34: (イ)ポータブル発電機、ポータブル電源・蓄電池等の購入等経費
A35: (ウ)衛生用品、医療用品等の購入等経費
A36: (エ)簡易浄水器、冷房機、暖房機、簡易トイレ、清潔保持のための用具等の購入等経費
A37: (オ)その他災害への備えとして必要と認められる経費
A38: 合計 | H38: =SUM(H33:L37) -> 0
A41: （注）申請額は、内示額と支出済額を比較していずれか低い方の額が入力される。

Sheet 個票44
A1: （様式第３号）事業所・施設別個票
A3: 介護事業所等に対するサービス継続支援事業に関する交付申請書兼実績報告書 （事業所・施設単位）
A5: 施設概要
A7: 整理番号 | O7: 事業所名称
A8: 所在地 | D8: 郵便番号 | H8: 都道府県名 | O8: 住所
H9: 広島県
A10: 提供サービス | H10: =IFERROR(VLOOKUP(H7,内示額!A:B,2,FALSE),"") | T10: 連絡先 | W10: 電話番号 | AG10: 担当部署名
A13: 報告にあたっての確認事項
A15: 領収書、レシート等の根拠資料は事業所等において適切に保管している。
A16: 支出済の費用について、他の予算制度に基づく、負担又は補助と重複は生じていない。
A17: 「支出済額」の欄には、対象経費から消費税相当額を除いた実支出額を記載している。
A19: 支出済額
AD21: 内示額 | AI21: 申請額
AD22: =IFERROR(VLOOKUP(H7,内示額!A:C,3,FALSE),"") | AG22: 千円 | AI22: =MIN(AD22,ROUNDDOWN((H29+H38)/1000,0)) -> 0 | AL22: 千円
A23: 【（１）介護サービス等を円滑に継続するための対応】
A24: 科目 | H24: 支出済額（円） （税抜き） | M24: 内訳（用途・品目・数量等）
A25: (ア)燃料費、有料道路通行料等の移動に伴い必要となる経費
A26: (イ)ネッククーラー（ヒーター）等の猛暑・雪害対策用品の購入等経費
A27: (ウ)燃料費等の入居者・利用者の生活環境改善、職員の負担軽減・勤務環境改善に必要となる経費
A28: (エ)業務用スポットクーラー（ヒーター）等の居室や浴室等における温度管理、湿度管理に必要な設備・物品等の購入等経費
A29: 合計 | H29: =SUM(H25:L28) -> 0
A31: 【（２）災害備蓄等への対応】
A32: 科目 | H32: 支出済額（円） （税抜き） | M32: 内訳（用途・品目・数量等）
A33: (ア)飲料水、食料品等の備蓄物資の購入等経費
A34: (イ)ポータブル発電機、ポータブル電源・蓄電池等の購入等経費
A35: (ウ)衛生用品、医療用品等の購入等経費
A36: (エ)簡易浄水器、冷房機、暖房機、簡易トイレ、清潔保持のための用具等の購入等経費
A37: (オ)その他災害への備えとして必要と認められる経費
A38: 合計 | H38: =SUM(H33:L37) -> 0
A41: （注）申請額は、内示額と支出済額を比較していずれか低い方の額が入力される。

Sheet 個票45
A1: （様式第３号）事業所・施設別個票
A3: 介護事業所等に対するサービス継続支援事業に関する交付申請書兼実績報告書 （事業所・施設単位）
A5: 施設概要
A7: 整理番号 | O7: 事業所名称
A8: 所在地 | D8: 郵便番号 | H8: 都道府県名 | O8: 住所
H9: 広島県
A10: 提供サービス | H10: =IFERROR(VLOOKUP(H7,内示額!A:B,2,FALSE),"") | T10: 連絡先 | W10: 電話番号 | AG10: 担当部署名
A13: 報告にあたっての確認事項
A15: 領収書、レシート等の根拠資料は事業所等において適切に保管している。
A16: 支出済の費用について、他の予算制度に基づく、負担又は補助と重複は生じていない。
A17: 「支出済額」の欄には、対象経費から消費税相当額を除いた実支出額を記載している。
A19: 支出済額
AD21: 内示額 | AI21: 申請額
AD22: =IFERROR(VLOOKUP(H7,内示額!A:C,3,FALSE),"") | AG22: 千円 | AI22: =MIN(AD22,ROUNDDOWN((H29+H38)/1000,0)) -> 0 | AL22: 千円
A23: 【（１）介護サービス等を円滑に継続するための対応】
A24: 科目 | H24: 支出済額（円） （税抜き） | M24: 内訳（用途・品目・数量等）
A25: (ア)燃料費、有料道路通行料等の移動に伴い必要となる経費
A26: (イ)ネッククーラー（ヒーター）等の猛暑・雪害対策用品の購入等経費
A27: (ウ)燃料費等の入居者・利用者の生活環境改善、職員の負担軽減・勤務環境改善に必要となる経費
A28: (エ)業務用スポットクーラー（ヒーター）等の居室や浴室等における温度管理、湿度管理に必要な設備・物品等の購入等経費
A29: 合計 | H29: =SUM(H25:L28) -> 0
A31: 【（２）災害備蓄等への対応】
A32: 科目 | H32: 支出済額（円） （税抜き） | M32: 内訳（用途・品目・数量等）
A33: (ア)飲料水、食料品等の備蓄物資の購入等経費
A34: (イ)ポータブル発電機、ポータブル電源・蓄電池等の購入等経費
A35: (ウ)衛生用品、医療用品等の購入等経費
A36: (エ)簡易浄水器、冷房機、暖房機、簡易トイレ、清潔保持のための用具等の購入等経費
A37: (オ)その他災害への備えとして必要と認められる経費
A38: 合計 | H38: =SUM(H33:L37) -> 0
A41: （注）申請額は、内示額と支出済額を比較していずれか低い方の額が入力される。

Sheet 個票46
A1: （様式第３号）事業所・施設別個票
A3: 介護事業所等に対するサービス継続支援事業に関する交付申請書兼実績報告書 （事業所・施設単位）
A5: 施設概要
A7: 整理番号 | O7: 事業所名称
A8: 所在地 | D8: 郵便番号 | H8: 都道府県名 | O8: 住所
H9: 広島県
A10: 提供サービス | H10: =IFERROR(VLOOKUP(H7,内示額!A:B,2,FALSE),"") | T10: 連絡先 | W10: 電話番号 | AG10: 担当部署名
A13: 報告にあたっての確認事項
A15: 領収書、レシート等の根拠資料は事業所等において適切に保管している。
A16: 支出済の費用について、他の予算制度に基づく、負担又は補助と重複は生じていない。
A17: 「支出済額」の欄には、対象経費から消費税相当額を除いた実支出額を記載している。
A19: 支出済額
AD21: 内示額 | AI21: 申請額
AD22: =IFERROR(VLOOKUP(H7,内示額!A:C,3,FALSE),"") | AG22: 千円 | AI22: =MIN(AD22,ROUNDDOWN((H29+H38)/1000,0)) -> 0 | AL22: 千円
A23: 【（１）介護サービス等を円滑に継続するための対応】
A24: 科目 | H24: 支出済額（円） （税抜き） | M24: 内訳（用途・品目・数量等）
A25: (ア)燃料費、有料道路通行料等の移動に伴い必要となる経費
A26: (イ)ネッククーラー（ヒーター）等の猛暑・雪害対策用品の購入等経費
A27: (ウ)燃料費等の入居者・利用者の生活環境改善、職員の負担軽減・勤務環境改善に必要となる経費
A28: (エ)業務用スポットクーラー（ヒーター）等の居室や浴室等における温度管理、湿度管理に必要な設備・物品等の購入等経費
A29: 合計 | H29: =SUM(H25:L28) -> 0
A31: 【（２）災害備蓄等への対応】
A32: 科目 | H32: 支出済額（円） （税抜き） | M32: 内訳（用途・品目・数量等）
A33: (ア)飲料水、食料品等の備蓄物資の購入等経費
A34: (イ)ポータブル発電機、ポータブル電源・蓄電池等の購入等経費
A35: (ウ)衛生用品、医療用品等の購入等経費
A36: (エ)簡易浄水器、冷房機、暖房機、簡易トイレ、清潔保持のための用具等の購入等経費
A37: (オ)その他災害への備えとして必要と認められる経費
A38: 合計 | H38: =SUM(H33:L37) -> 0
A41: （注）申請額は、内示額と支出済額を比較していずれか低い方の額が入力される。

Sheet 個票47
A1: （様式第３号）事業所・施設別個票
A3: 介護事業所等に対するサービス継続支援事業に関する交付申請書兼実績報告書 （事業所・施設単位）
A5: 施設概要
A7: 整理番号 | O7: 事業所名称
A8: 所在地 | D8: 郵便番号 | H8: 都道府県名 | O8: 住所
H9: 広島県
A10: 提供サービス | H10: =IFERROR(VLOOKUP(H7,内示額!A:B,2,FALSE),"") | T10: 連絡先 | W10: 電話番号 | AG10: 担当部署名
A13: 報告にあたっての確認事項
A15: 領収書、レシート等の根拠資料は事業所等において適切に保管している。
A16: 支出済の費用について、他の予算制度に基づく、負担又は補助と重複は生じていない。
A17: 「支出済額」の欄には、対象経費から消費税相当額を除いた実支出額を記載している。
A19: 支出済額
AD21: 内示額 | AI21: 申請額
AD22: =IFERROR(VLOOKUP(H7,内示額!A:C,3,FALSE),"") | AG22: 千円 | AI22: =MIN(AD22,ROUNDDOWN((H29+H38)/1000,0)) -> 0 | AL22: 千円
A23: 【（１）介護サービス等を円滑に継続するための対応】
A24: 科目 | H24: 支出済額（円） （税抜き） | M24: 内訳（用途・品目・数量等）
A25: (ア)燃料費、有料道路通行料等の移動に伴い必要となる経費
A26: (イ)ネッククーラー（ヒーター）等の猛暑・雪害対策用品の購入等経費
A27: (ウ)燃料費等の入居者・利用者の生活環境改善、職員の負担軽減・勤務環境改善に必要となる経費
A28: (エ)業務用スポットクーラー（ヒーター）等の居室や浴室等における温度管理、湿度管理に必要な設備・物品等の購入等経費
A29: 合計 | H29: =SUM(H25:L28) -> 0
A31: 【（２）災害備蓄等への対応】
A32: 科目 | H32: 支出済額（円） （税抜き） | M32: 内訳（用途・品目・数量等）
A33: (ア)飲料水、食料品等の備蓄物資の購入等経費
A34: (イ)ポータブル発電機、ポータブル電源・蓄電池等の購入等経費
A35: (ウ)衛生用品、医療用品等の購入等経費
A36: (エ)簡易浄水器、冷房機、暖房機、簡易トイレ、清潔保持のための用具等の購入等経費
A37: (オ)その他災害への備えとして必要と認められる経費
A38: 合計 | H38: =SUM(H33:L37) -> 0
A41: （注）申請額は、内示額と支出済額を比較していずれか低い方の額が入力される。

Sheet 個票48
A1: （様式第３号）事業所・施設別個票
A3: 介護事業所等に対するサービス継続支援事業に関する交付申請書兼実績報告書 （事業所・施設単位）
A5: 施設概要
A7: 整理番号 | O7: 事業所名称
A8: 所在地 | D8: 郵便番号 | H8: 都道府県名 | O8: 住所
H9: 広島県
A10: 提供サービス | H10: =IFERROR(VLOOKUP(H7,内示額!A:B,2,FALSE),"") | T10: 連絡先 | W10: 電話番号 | AG10: 担当部署名
A13: 報告にあたっての確認事項
A15: 領収書、レシート等の根拠資料は事業所等において適切に保管している。
A16: 支出済の費用について、他の予算制度に基づく、負担又は補助と重複は生じていない。
A17: 「支出済額」の欄には、対象経費から消費税相当額を除いた実支出額を記載している。
A19: 支出済額
AD21: 内示額 | AI21: 申請額
AD22: =IFERROR(VLOOKUP(H7,内示額!A:C,3,FALSE),"") | AG22: 千円 | AI22: =MIN(AD22,ROUNDDOWN((H29+H38)/1000,0)) -> 0 | AL22: 千円
A23: 【（１）介護サービス等を円滑に継続するための対応】
A24: 科目 | H24: 支出済額（円） （税抜き） | M24: 内訳（用途・品目・数量等）
A25: (ア)燃料費、有料道路通行料等の移動に伴い必要となる経費
A26: (イ)ネッククーラー（ヒーター）等の猛暑・雪害対策用品の購入等経費
A27: (ウ)燃料費等の入居者・利用者の生活環境改善、職員の負担軽減・勤務環境改善に必要となる経費
A28: (エ)業務用スポットクーラー（ヒーター）等の居室や浴室等における温度管理、湿度管理に必要な設備・物品等の購入等経費
A29: 合計 | H29: =SUM(H25:L28) -> 0
A31: 【（２）災害備蓄等への対応】
A32: 科目 | H32: 支出済額（円） （税抜き） | M32: 内訳（用途・品目・数量等）
A33: (ア)飲料水、食料品等の備蓄物資の購入等経費
A34: (イ)ポータブル発電機、ポータブル電源・蓄電池等の購入等経費
A35: (ウ)衛生用品、医療用品等の購入等経費
A36: (エ)簡易浄水器、冷房機、暖房機、簡易トイレ、清潔保持のための用具等の購入等経費
A37: (オ)その他災害への備えとして必要と認められる経費
A38: 合計 | H38: =SUM(H33:L37) -> 0
A41: （注）申請額は、内示額と支出済額を比較していずれか低い方の額が入力される。

Sheet 個票49
A1: （様式第３号）事業所・施設別個票
A3: 介護事業所等に対するサービス継続支援事業に関する交付申請書兼実績報告書 （事業所・施設単位）
A5: 施設概要
A7: 整理番号 | O7: 事業所名称
A8: 所在地 | D8: 郵便番号 | H8: 都道府県名 | O8: 住所
H9: 広島県
A10: 提供サービス | H10: =IFERROR(VLOOKUP(H7,内示額!A:B,2,FALSE),"") | T10: 連絡先 | W10: 電話番号 | AG10: 担当部署名
A13: 報告にあたっての確認事項
A15: 領収書、レシート等の根拠資料は事業所等において適切に保管している。
A16: 支出済の費用について、他の予算制度に基づく、負担又は補助と重複は生じていない。
A17: 「支出済額」の欄には、対象経費から消費税相当額を除いた実支出額を記載している。
A19: 支出済額
AD21: 内示額 | AI21: 申請額
AD22: =IFERROR(VLOOKUP(H7,内示額!A:C,3,FALSE),"") | AG22: 千円 | AI22: =MIN(AD22,ROUNDDOWN((H29+H38)/1000,0)) -> 0 | AL22: 千円
A23: 【（１）介護サービス等を円滑に継続するための対応】
A24: 科目 | H24: 支出済額（円） （税抜き） | M24: 内訳（用途・品目・数量等）
A25: (ア)燃料費、有料道路通行料等の移動に伴い必要となる経費
A26: (イ)ネッククーラー（ヒーター）等の猛暑・雪害対策用品の購入等経費
A27: (ウ)燃料費等の入居者・利用者の生活環境改善、職員の負担軽減・勤務環境改善に必要となる経費
A28: (エ)業務用スポットクーラー（ヒーター）等の居室や浴室等における温度管理、湿度管理に必要な設備・物品等の購入等経費
A29: 合計 | H29: =SUM(H25:L28) -> 0
A31: 【（２）災害備蓄等への対応】
A32: 科目 | H32: 支出済額（円） （税抜き） | M32: 内訳（用途・品目・数量等）
A33: (ア)飲料水、食料品等の備蓄物資の購入等経費
A34: (イ)ポータブル発電機、ポータブル電源・蓄電池等の購入等経費
A35: (ウ)衛生用品、医療用品等の購入等経費
A36: (エ)簡易浄水器、冷房機、暖房機、簡易トイレ、清潔保持のための用具等の購入等経費
A37: (オ)その他災害への備えとして必要と認められる経費
A38: 合計 | H38: =SUM(H33:L37) -> 0
A41: （注）申請額は、内示額と支出済額を比較していずれか低い方の額が入力される。

Sheet 個票50
A1: （様式第３号）事業所・施設別個票
A3: 介護事業所等に対するサービス継続支援事業に関する交付申請書兼実績報告書 （事業所・施設単位）
A5: 施設概要
A7: 整理番号 | O7: 事業所名称
A8: 所在地 | D8: 郵便番号 | H8: 都道府県名 | O8: 住所
H9: 広島県
A10: 提供サービス | H10: =IFERROR(VLOOKUP(H7,内示額!A:B,2,FALSE),"") | T10: 連絡先 | W10: 電話番号 | AG10: 担当部署名
A13: 報告にあたっての確認事項
A15: 領収書、レシート等の根拠資料は事業所等において適切に保管している。
A16: 支出済の費用について、他の予算制度に基づく、負担又は補助と重複は生じていない。
A17: 「支出済額」の欄には、対象経費から消費税相当額を除いた実支出額を記載している。
A19: 支出済額
AD21: 内示額 | AI21: 申請額
AD22: =IFERROR(VLOOKUP(H7,内示額!A:C,3,FALSE),"") | AG22: 千円 | AI22: =MIN(AD22,ROUNDDOWN((H29+H38)/1000,0)) -> 0 | AL22: 千円
A23: 【（１）介護サービス等を円滑に継続するための対応】
A24: 科目 | H24: 支出済額（円） （税抜き） | M24: 内訳（用途・品目・数量等）
A25: (ア)燃料費、有料道路通行料等の移動に伴い必要となる経費
A26: (イ)ネッククーラー（ヒーター）等の猛暑・雪害対策用品の購入等経費
A27: (ウ)燃料費等の入居者・利用者の生活環境改善、職員の負担軽減・勤務環境改善に必要となる経費
A28: (エ)業務用スポットクーラー（ヒーター）等の居室や浴室等における温度管理、湿度管理に必要な設備・物品等の購入等経費
A29: 合計 | H29: =SUM(H25:L28) -> 0
A31: 【（２）災害備蓄等への対応】
A32: 科目 | H32: 支出済額（円） （税抜き） | M32: 内訳（用途・品目・数量等）
A33: (ア)飲料水、食料品等の備蓄物資の購入等経費
A34: (イ)ポータブル発電機、ポータブル電源・蓄電池等の購入等経費
A35: (ウ)衛生用品、医療用品等の購入等経費
A36: (エ)簡易浄水器、冷房機、暖房機、簡易トイレ、清潔保持のための用具等の購入等経費
A37: (オ)その他災害への備えとして必要と認められる経費
A38: 合計 | H38: =SUM(H33:L37) -> 0
A41: （注）申請額は、内示額と支出済額を比較していずれか低い方の額が入力される。

Sheet 個票51
A1: （様式第３号）事業所・施設別個票
A3: 介護事業所等に対するサービス継続支援事業に関する交付申請書兼実績報告書 （事業所・施設単位）
A5: 施設概要
A7: 整理番号 | O7: 事業所名称
A8: 所在地 | D8: 郵便番号 | H8: 都道府県名 | O8: 住所
H9: 広島県
A10: 提供サービス | H10: =IFERROR(VLOOKUP(H7,内示額!A:B,2,FALSE),"") | T10: 連絡先 | W10: 電話番号 | AG10: 担当部署名
A13: 報告にあたっての確認事項
A15: 領収書、レシート等の根拠資料は事業所等において適切に保管している。
A16: 支出済の費用について、他の予算制度に基づく、負担又は補助と重複は生じていない。
A17: 「支出済額」の欄には、対象経費から消費税相当額を除いた実支出額を記載している。
A19: 支出済額
AD21: 内示額 | AI21: 申請額
AD22: =IFERROR(VLOOKUP(H7,内示額!A:C,3,FALSE),"") | AG22: 千円 | AI22: =MIN(AD22,ROUNDDOWN((H29+H38)/1000,0)) -> 0 | AL22: 千円
A23: 【（１）介護サービス等を円滑に継続するための対応】
A24: 科目 | H24: 支出済額（円） （税抜き） | M24: 内訳（用途・品目・数量等）
A25: (ア)燃料費、有料道路通行料等の移動に伴い必要となる経費
A26: (イ)ネッククーラー（ヒーター）等の猛暑・雪害対策用品の購入等経費
A27: (ウ)燃料費等の入居者・利用者の生活環境改善、職員の負担軽減・勤務環境改善に必要となる経費
A28: (エ)業務用スポットクーラー（ヒーター）等の居室や浴室等における温度管理、湿度管理に必要な設備・物品等の購入等経費
A29: 合計 | H29: =SUM(H25:L28) -> 0
A31: 【（２）災害備蓄等への対応】
A32: 科目 | H32: 支出済額（円） （税抜き） | M32: 内訳（用途・品目・数量等）
A33: (ア)飲料水、食料品等の備蓄物資の購入等経費
A34: (イ)ポータブル発電機、ポータブル電源・蓄電池等の購入等経費
A35: (ウ)衛生用品、医療用品等の購入等経費
A36: (エ)簡易浄水器、冷房機、暖房機、簡易トイレ、清潔保持のための用具等の購入等経費
A37: (オ)その他災害への備えとして必要と認められる経費
A38: 合計 | H38: =SUM(H33:L37) -> 0
A41: （注）申請額は、内示額と支出済額を比較していずれか低い方の額が入力される。

Sheet 個票52
A1: （様式第３号）事業所・施設別個票
A3: 介護事業所等に対するサービス継続支援事業に関する交付申請書兼実績報告書 （事業所・施設単位）
A5: 施設概要
A7: 整理番号 | O7: 事業所名称
A8: 所在地 | D8: 郵便番号 | H8: 都道府県名 | O8: 住所
H9: 広島県
A10: 提供サービス | H10: =IFERROR(VLOOKUP(H7,内示額!A:B,2,FALSE),"") | T10: 連絡先 | W10: 電話番号 | AG10: 担当部署名
A13: 報告にあたっての確認事項
A15: 領収書、レシート等の根拠資料は事業所等において適切に保管している。
A16: 支出済の費用について、他の予算制度に基づく、負担又は補助と重複は生じていない。
A17: 「支出済額」の欄には、対象経費から消費税相当額を除いた実支出額を記載している。
A19: 支出済額
AD21: 内示額 | AI21: 申請額
AD22: =IFERROR(VLOOKUP(H7,内示額!A:C,3,FALSE),"") | AG22: 千円 | AI22: =MIN(AD22,ROUNDDOWN((H29+H38)/1000,0)) -> 0 | AL22: 千円
A23: 【（１）介護サービス等を円滑に継続するための対応】
A24: 科目 | H24: 支出済額（円） （税抜き） | M24: 内訳（用途・品目・数量等）
A25: (ア)燃料費、有料道路通行料等の移動に伴い必要となる経費
A26: (イ)ネッククーラー（ヒーター）等の猛暑・雪害対策用品の購入等経費
A27: (ウ)燃料費等の入居者・利用者の生活環境改善、職員の負担軽減・勤務環境改善に必要となる経費
A28: (エ)業務用スポットクーラー（ヒーター）等の居室や浴室等における温度管理、湿度管理に必要な設備・物品等の購入等経費
A29: 合計 | H29: =SUM(H25:L28) -> 0
A31: 【（２）災害備蓄等への対応】
A32: 科目 | H32: 支出済額（円） （税抜き） | M32: 内訳（用途・品目・数量等）
A33: (ア)飲料水、食料品等の備蓄物資の購入等経費
A34: (イ)ポータブル発電機、ポータブル電源・蓄電池等の購入等経費
A35: (ウ)衛生用品、医療用品等の購入等経費
A36: (エ)簡易浄水器、冷房機、暖房機、簡易トイレ、清潔保持のための用具等の購入等経費
A37: (オ)その他災害への備えとして必要と認められる経費
A38: 合計 | H38: =SUM(H33:L37) -> 0
A41: （注）申請額は、内示額と支出済額を比較していずれか低い方の額が入力される。

Sheet 個票53
A1: （様式第３号）事業所・施設別個票
A3: 介護事業所等に対するサービス継続支援事業に関する交付申請書兼実績報告書 （事業所・施設単位）
A5: 施設概要
A7: 整理番号 | O7: 事業所名称
A8: 所在地 | D8: 郵便番号 | H8: 都道府県名 | O8: 住所
H9: 広島県
A10: 提供サービス | H10: =IFERROR(VLOOKUP(H7,内示額!A:B,2,FALSE),"") | T10: 連絡先 | W10: 電話番号 | AG10: 担当部署名
A13: 報告にあたっての確認事項
A15: 領収書、レシート等の根拠資料は事業所等において適切に保管している。
A16: 支出済の費用について、他の予算制度に基づく、負担又は補助と重複は生じていない。
A17: 「支出済額」の欄には、対象経費から消費税相当額を除いた実支出額を記載している。
A19: 支出済額
AD21: 内示額 | AI21: 申請額
AD22: =IFERROR(VLOOKUP(H7,内示額!A:C,3,FALSE),"") | AG22: 千円 | AI22: =MIN(AD22,ROUNDDOWN((H29+H38)/1000,0)) -> 0 | AL22: 千円
A23: 【（１）介護サービス等を円滑に継続するための対応】
A24: 科目 | H24: 支出済額（円） （税抜き） | M24: 内訳（用途・品目・数量等）
A25: (ア)燃料費、有料道路通行料等の移動に伴い必要となる経費
A26: (イ)ネッククーラー（ヒーター）等の猛暑・雪害対策用品の購入等経費
A27: (ウ)燃料費等の入居者・利用者の生活環境改善、職員の負担軽減・勤務環境改善に必要となる経費
A28: (エ)業務用スポットクーラー（ヒーター）等の居室や浴室等における温度管理、湿度管理に必要な設備・物品等の購入等経費
A29: 合計 | H29: =SUM(H25:L28) -> 0
A31: 【（２）災害備蓄等への対応】
A32: 科目 | H32: 支出済額（円） （税抜き） | M32: 内訳（用途・品目・数量等）
A33: (ア)飲料水、食料品等の備蓄物資の購入等経費
A34: (イ)ポータブル発電機、ポータブル電源・蓄電池等の購入等経費
A35: (ウ)衛生用品、医療用品等の購入等経費
A36: (エ)簡易浄水器、冷房機、暖房機、簡易トイレ、清潔保持のための用具等の購入等経費
A37: (オ)その他災害への備えとして必要と認められる経費
A38: 合計 | H38: =SUM(H33:L37) -> 0
A41: （注）申請額は、内示額と支出済額を比較していずれか低い方の額が入力される。

Sheet 個票54
A1: （様式第３号）事業所・施設別個票
A3: 介護事業所等に対するサービス継続支援事業に関する交付申請書兼実績報告書 （事業所・施設単位）
A5: 施設概要
A7: 整理番号 | O7: 事業所名称
A8: 所在地 | D8: 郵便番号 | H8: 都道府県名 | O8: 住所
H9: 広島県
A10: 提供サービス | H10: =IFERROR(VLOOKUP(H7,内示額!A:B,2,FALSE),"") | T10: 連絡先 | W10: 電話番号 | AG10: 担当部署名
A13: 報告にあたっての確認事項
A15: 領収書、レシート等の根拠資料は事業所等において適切に保管している。
A16: 支出済の費用について、他の予算制度に基づく、負担又は補助と重複は生じていない。
A17: 「支出済額」の欄には、対象経費から消費税相当額を除いた実支出額を記載している。
A19: 支出済額
AD21: 内示額 | AI21: 申請額
AD22: =IFERROR(VLOOKUP(H7,内示額!A:C,3,FALSE),"") | AG22: 千円 | AI22: =MIN(AD22,ROUNDDOWN((H29+H38)/1000,0)) -> 0 | AL22: 千円
A23: 【（１）介護サービス等を円滑に継続するための対応】
A24: 科目 | H24: 支出済額（円） （税抜き） | M24: 内訳（用途・品目・数量等）
A25: (ア)燃料費、有料道路通行料等の移動に伴い必要となる経費
A26: (イ)ネッククーラー（ヒーター）等の猛暑・雪害対策用品の購入等経費
A27: (ウ)燃料費等の入居者・利用者の生活環境改善、職員の負担軽減・勤務環境改善に必要となる経費
A28: (エ)業務用スポットクーラー（ヒーター）等の居室や浴室等における温度管理、湿度管理に必要な設備・物品等の購入等経費
A29: 合計 | H29: =SUM(H25:L28) -> 0
A31: 【（２）災害備蓄等への対応】
A32: 科目 | H32: 支出済額（円） （税抜き） | M32: 内訳（用途・品目・数量等）
A33: (ア)飲料水、食料品等の備蓄物資の購入等経費
A34: (イ)ポータブル発電機、ポータブル電源・蓄電池等の購入等経費
A35: (ウ)衛生用品、医療用品等の購入等経費
A36: (エ)簡易浄水器、冷房機、暖房機、簡易トイレ、清潔保持のための用具等の購入等経費
A37: (オ)その他災害への備えとして必要と認められる経費
A38: 合計 | H38: =SUM(H33:L37) -> 0
A41: （注）申請額は、内示額と支出済額を比較していずれか低い方の額が入力される。

Sheet 個票55
A1: （様式第３号）事業所・施設別個票
A3: 介護事業所等に対するサービス継続支援事業に関する交付申請書兼実績報告書 （事業所・施設単位）
A5: 施設概要
A7: 整理番号 | O7: 事業所名称
A8: 所在地 | D8: 郵便番号 | H8: 都道府県名 | O8: 住所
H9: 広島県
A10: 提供サービス | H10: =IFERROR(VLOOKUP(H7,内示額!A:B,2,FALSE),"") | T10: 連絡先 | W10: 電話番号 | AG10: 担当部署名
A13: 報告にあたっての確認事項
A15: 領収書、レシート等の根拠資料は事業所等において適切に保管している。
A16: 支出済の費用について、他の予算制度に基づく、負担又は補助と重複は生じていない。
A17: 「支出済額」の欄には、対象経費から消費税相当額を除いた実支出額を記載している。
A19: 支出済額
AD21: 内示額 | AI21: 申請額
AD22: =IFERROR(VLOOKUP(H7,内示額!A:C,3,FALSE),"") | AG22: 千円 | AI22: =MIN(AD22,ROUNDDOWN((H29+H38)/1000,0)) -> 0 | AL22: 千円
A23: 【（１）介護サービス等を円滑に継続するための対応】
A24: 科目 | H24: 支出済額（円） （税抜き） | M24: 内訳（用途・品目・数量等）
A25: (ア)燃料費、有料道路通行料等の移動に伴い必要となる経費
A26: (イ)ネッククーラー（ヒーター）等の猛暑・雪害対策用品の購入等経費
A27: (ウ)燃料費等の入居者・利用者の生活環境改善、職員の負担軽減・勤務環境改善に必要となる経費
A28: (エ)業務用スポットクーラー（ヒーター）等の居室や浴室等における温度管理、湿度管理に必要な設備・物品等の購入等経費
A29: 合計 | H29: =SUM(H25:L28) -> 0
A31: 【（２）災害備蓄等への対応】
A32: 科目 | H32: 支出済額（円） （税抜き） | M32: 内訳（用途・品目・数量等）
A33: (ア)飲料水、食料品等の備蓄物資の購入等経費
A34: (イ)ポータブル発電機、ポータブル電源・蓄電池等の購入等経費
A35: (ウ)衛生用品、医療用品等の購入等経費
A36: (エ)簡易浄水器、冷房機、暖房機、簡易トイレ、清潔保持のための用具等の購入等経費
A37: (オ)その他災害への備えとして必要と認められる経費
A38: 合計 | H38: =SUM(H33:L37) -> 0
A41: （注）申請額は、内示額と支出済額を比較していずれか低い方の額が入力される。

Sheet 個票56
A1: （様式第３号）事業所・施設別個票
A3: 介護事業所等に対するサービス継続支援事業に関する交付申請書兼実績報告書 （事業所・施設単位）
A5: 施設概要
A7: 整理番号 | O7: 事業所名称
A8: 所在地 | D8: 郵便番号 | H8: 都道府県名 | O8: 住所
H9: 広島県
A10: 提供サービス | H10: =IFERROR(VLOOKUP(H7,内示額!A:B,2,FALSE),"") | T10: 連絡先 | W10: 電話番号 | AG10: 担当部署名
A13: 報告にあたっての確認事項
A15: 領収書、レシート等の根拠資料は事業所等において適切に保管している。
A16: 支出済の費用について、他の予算制度に基づく、負担又は補助と重複は生じていない。
A17: 「支出済額」の欄には、対象経費から消費税相当額を除いた実支出額を記載している。
A19: 支出済額
AD21: 内示額 | AI21: 申請額
AD22: =IFERROR(VLOOKUP(H7,内示額!A:C,3,FALSE),"") | AG22: 千円 | AI22: =MIN(AD22,ROUNDDOWN((H29+H38)/1000,0)) -> 0 | AL22: 千円
A23: 【（１）介護サービス等を円滑に継続するための対応】
A24: 科目 | H24: 支出済額（円） （税抜き） | M24: 内訳（用途・品目・数量等）
A25: (ア)燃料費、有料道路通行料等の移動に伴い必要となる経費
A26: (イ)ネッククーラー（ヒーター）等の猛暑・雪害対策用品の購入等経費
A27: (ウ)燃料費等の入居者・利用者の生活環境改善、職員の負担軽減・勤務環境改善に必要となる経費
A28: (エ)業務用スポットクーラー（ヒーター）等の居室や浴室等における温度管理、湿度管理に必要な設備・物品等の購入等経費
A29: 合計 | H29: =SUM(H25:L28) -> 0
A31: 【（２）災害備蓄等への対応】
A32: 科目 | H32: 支出済額（円） （税抜き） | M32: 内訳（用途・品目・数量等）
A33: (ア)飲料水、食料品等の備蓄物資の購入等経費
A34: (イ)ポータブル発電機、ポータブル電源・蓄電池等の購入等経費
A35: (ウ)衛生用品、医療用品等の購入等経費
A36: (エ)簡易浄水器、冷房機、暖房機、簡易トイレ、清潔保持のための用具等の購入等経費
A37: (オ)その他災害への備えとして必要と認められる経費
A38: 合計 | H38: =SUM(H33:L37) -> 0
A41: （注）申請額は、内示額と支出済額を比較していずれか低い方の額が入力される。

Sheet 個票57
A1: （様式第３号）事業所・施設別個票
A3: 介護事業所等に対するサービス継続支援事業に関する交付申請書兼実績報告書 （事業所・施設単位）
A5: 施設概要
A7: 整理番号 | O7: 事業所名称
A8: 所在地 | D8: 郵便番号 | H8: 都道府県名 | O8: 住所
H9: 広島県
A10: 提供サービス | H10: =IFERROR(VLOOKUP(H7,内示額!A:B,2,FALSE),"") | T10: 連絡先 | W10: 電話番号 | AG10: 担当部署名
A13: 報告にあたっての確認事項
A15: 領収書、レシート等の根拠資料は事業所等において適切に保管している。
A16: 支出済の費用について、他の予算制度に基づく、負担又は補助と重複は生じていない。
A17: 「支出済額」の欄には、対象経費から消費税相当額を除いた実支出額を記載している。
A19: 支出済額
AD21: 内示額 | AI21: 申請額
AD22: =IFERROR(VLOOKUP(H7,内示額!A:C,3,FALSE),"") | AG22: 千円 | AI22: =MIN(AD22,ROUNDDOWN((H29+H38)/1000,0)) -> 0 | AL22: 千円
A23: 【（１）介護サービス等を円滑に継続するための対応】
A24: 科目 | H24: 支出済額（円） （税抜き） | M24: 内訳（用途・品目・数量等）
A25: (ア)燃料費、有料道路通行料等の移動に伴い必要となる経費
A26: (イ)ネッククーラー（ヒーター）等の猛暑・雪害対策用品の購入等経費
A27: (ウ)燃料費等の入居者・利用者の生活環境改善、職員の負担軽減・勤務環境改善に必要となる経費
A28: (エ)業務用スポットクーラー（ヒーター）等の居室や浴室等における温度管理、湿度管理に必要な設備・物品等の購入等経費
A29: 合計 | H29: =SUM(H25:L28) -> 0
A31: 【（２）災害備蓄等への対応】
A32: 科目 | H32: 支出済額（円） （税抜き） | M32: 内訳（用途・品目・数量等）
A33: (ア)飲料水、食料品等の備蓄物資の購入等経費
A34: (イ)ポータブル発電機、ポータブル電源・蓄電池等の購入等経費
A35: (ウ)衛生用品、医療用品等の購入等経費
A36: (エ)簡易浄水器、冷房機、暖房機、簡易トイレ、清潔保持のための用具等の購入等経費
A37: (オ)その他災害への備えとして必要と認められる経費
A38: 合計 | H38: =SUM(H33:L37) -> 0
A41: （注）申請額は、内示額と支出済額を比較していずれか低い方の額が入力される。

Sheet 個票58
A1: （様式第３号）事業所・施設別個票
A3: 介護事業所等に対するサービス継続支援事業に関する交付申請書兼実績報告書 （事業所・施設単位）
A5: 施設概要
A7: 整理番号 | O7: 事業所名称
A8: 所在地 | D8: 郵便番号 | H8: 都道府県名 | O8: 住所
H9: 広島県
A10: 提供サービス | H10: =IFERROR(VLOOKUP(H7,内示額!A:B,2,FALSE),"") | T10: 連絡先 | W10: 電話番号 | AG10: 担当部署名
A13: 報告にあたっての確認事項
A15: 領収書、レシート等の根拠資料は事業所等において適切に保管している。
A16: 支出済の費用について、他の予算制度に基づく、負担又は補助と重複は生じていない。
A17: 「支出済額」の欄には、対象経費から消費税相当額を除いた実支出額を記載している。
A19: 支出済額
AD21: 内示額 | AI21: 申請額
AD22: =IFERROR(VLOOKUP(H7,内示額!A:C,3,FALSE),"") | AG22: 千円 | AI22: =MIN(AD22,ROUNDDOWN((H29+H38)/1000,0)) -> 0 | AL22: 千円
A23: 【（１）介護サービス等を円滑に継続するための対応】
A24: 科目 | H24: 支出済額（円） （税抜き） | M24: 内訳（用途・品目・数量等）
A25: (ア)燃料費、有料道路通行料等の移動に伴い必要となる経費
A26: (イ)ネッククーラー（ヒーター）等の猛暑・雪害対策用品の購入等経費
A27: (ウ)燃料費等の入居者・利用者の生活環境改善、職員の負担軽減・勤務環境改善に必要となる経費
A28: (エ)業務用スポットクーラー（ヒーター）等の居室や浴室等における温度管理、湿度管理に必要な設備・物品等の購入等経費
A29: 合計 | H29: =SUM(H25:L28) -> 0
A31: 【（２）災害備蓄等への対応】
A32: 科目 | H32: 支出済額（円） （税抜き） | M32: 内訳（用途・品目・数量等）
A33: (ア)飲料水、食料品等の備蓄物資の購入等経費
A34: (イ)ポータブル発電機、ポータブル電源・蓄電池等の購入等経費
A35: (ウ)衛生用品、医療用品等の購入等経費
A36: (エ)簡易浄水器、冷房機、暖房機、簡易トイレ、清潔保持のための用具等の購入等経費
A37: (オ)その他災害への備えとして必要と認められる経費
A38: 合計 | H38: =SUM(H33:L37) -> 0
A41: （注）申請額は、内示額と支出済額を比較していずれか低い方の額が入力される。

Sheet 個票59
A1: （様式第３号）事業所・施設別個票
A3: 介護事業所等に対するサービス継続支援事業に関する交付申請書兼実績報告書 （事業所・施設単位）
A5: 施設概要
A7: 整理番号 | O7: 事業所名称
A8: 所在地 | D8: 郵便番号 | H8: 都道府県名 | O8: 住所
H9: 広島県
A10: 提供サービス | H10: =IFERROR(VLOOKUP(H7,内示額!A:B,2,FALSE),"") | T10: 連絡先 | W10: 電話番号 | AG10: 担当部署名
A13: 報告にあたっての確認事項
A15: 領収書、レシート等の根拠資料は事業所等において適切に保管している。
A16: 支出済の費用について、他の予算制度に基づく、負担又は補助と重複は生じていない。
A17: 「支出済額」の欄には、対象経費から消費税相当額を除いた実支出額を記載している。
A19: 支出済額
AD21: 内示額 | AI21: 申請額
AD22: =IFERROR(VLOOKUP(H7,内示額!A:C,3,FALSE),"") | AG22: 千円 | AI22: =MIN(AD22,ROUNDDOWN((H29+H38)/1000,0)) -> 0 | AL22: 千円
A23: 【（１）介護サービス等を円滑に継続するための対応】
A24: 科目 | H24: 支出済額（円） （税抜き） | M24: 内訳（用途・品目・数量等）
A25: (ア)燃料費、有料道路通行料等の移動に伴い必要となる経費
A26: (イ)ネッククーラー（ヒーター）等の猛暑・雪害対策用品の購入等経費
A27: (ウ)燃料費等の入居者・利用者の生活環境改善、職員の負担軽減・勤務環境改善に必要となる経費
A28: (エ)業務用スポットクーラー（ヒーター）等の居室や浴室等における温度管理、湿度管理に必要な設備・物品等の購入等経費
A29: 合計 | H29: =SUM(H25:L28) -> 0
A31: 【（２）災害備蓄等への対応】
A32: 科目 | H32: 支出済額（円） （税抜き） | M32: 内訳（用途・品目・数量等）
A33: (ア)飲料水、食料品等の備蓄物資の購入等経費
A34: (イ)ポータブル発電機、ポータブル電源・蓄電池等の購入等経費
A35: (ウ)衛生用品、医療用品等の購入等経費
A36: (エ)簡易浄水器、冷房機、暖房機、簡易トイレ、清潔保持のための用具等の購入等経費
A37: (オ)その他災害への備えとして必要と認められる経費
A38: 合計 | H38: =SUM(H33:L37) -> 0
A41: （注）申請額は、内示額と支出済額を比較していずれか低い方の額が入力される。

Sheet 個票60
A1: （様式第３号）事業所・施設別個票
A3: 介護事業所等に対するサービス継続支援事業に関する交付申請書兼実績報告書 （事業所・施設単位）
A5: 施設概要
A7: 整理番号 | O7: 事業所名称
A8: 所在地 | D8: 郵便番号 | H8: 都道府県名 | O8: 住所
H9: 広島県
A10: 提供サービス | H10: =IFERROR(VLOOKUP(H7,内示額!A:B,2,FALSE),"") | T10: 連絡先 | W10: 電話番号 | AG10: 担当部署名
A13: 報告にあたっての確認事項
A15: 領収書、レシート等の根拠資料は事業所等において適切に保管している。
A16: 支出済の費用について、他の予算制度に基づく、負担又は補助と重複は生じていない。
A17: 「支出済額」の欄には、対象経費から消費税相当額を除いた実支出額を記載している。
A19: 支出済額
AD21: 内示額 | AI21: 申請額
AD22: =IFERROR(VLOOKUP(H7,内示額!A:C,3,FALSE),"") | AG22: 千円 | AI22: =MIN(AD22,ROUNDDOWN((H29+H38)/1000,0)) -> 0 | AL22: 千円
A23: 【（１）介護サービス等を円滑に継続するための対応】
A24: 科目 | H24: 支出済額（円） （税抜き） | M24: 内訳（用途・品目・数量等）
A25: (ア)燃料費、有料道路通行料等の移動に伴い必要となる経費
A26: (イ)ネッククーラー（ヒーター）等の猛暑・雪害対策用品の購入等経費
A27: (ウ)燃料費等の入居者・利用者の生活環境改善、職員の負担軽減・勤務環境改善に必要となる経費
A28: (エ)業務用スポットクーラー（ヒーター）等の居室や浴室等における温度管理、湿度管理に必要な設備・物品等の購入等経費
A29: 合計 | H29: =SUM(H25:L28) -> 0
A31: 【（２）災害備蓄等への対応】
A32: 科目 | H32: 支出済額（円） （税抜き） | M32: 内訳（用途・品目・数量等）
A33: (ア)飲料水、食料品等の備蓄物資の購入等経費
A34: (イ)ポータブル発電機、ポータブル電源・蓄電池等の購入等経費
A35: (ウ)衛生用品、医療用品等の購入等経費
A36: (エ)簡易浄水器、冷房機、暖房機、簡易トイレ、清潔保持のための用具等の購入等経費
A37: (オ)その他災害への備えとして必要と認められる経費
A38: 合計 | H38: =SUM(H33:L37) -> 0
A41: （注）申請額は、内示額と支出済額を比較していずれか低い方の額が入力される。

Sheet 個票61
A1: （様式第３号）事業所・施設別個票
A3: 介護事業所等に対するサービス継続支援事業に関する交付申請書兼実績報告書 （事業所・施設単位）
A5: 施設概要
A7: 整理番号 | O7: 事業所名称
A8: 所在地 | D8: 郵便番号 | H8: 都道府県名 | O8: 住所
H9: 広島県
A10: 提供サービス | H10: =IFERROR(VLOOKUP(H7,内示額!A:B,2,FALSE),"") | T10: 連絡先 | W10: 電話番号 | AG10: 担当部署名
A13: 報告にあたっての確認事項
A15: 領収書、レシート等の根拠資料は事業所等において適切に保管している。
A16: 支出済の費用について、他の予算制度に基づく、負担又は補助と重複は生じていない。
A17: 「支出済額」の欄には、対象経費から消費税相当額を除いた実支出額を記載している。
A19: 支出済額
AD21: 内示額 | AI21: 申請額
AD22: =IFERROR(VLOOKUP(H7,内示額!A:C,3,FALSE),"") | AG22: 千円 | AI22: =MIN(AD22,ROUNDDOWN((H29+H38)/1000,0)) -> 0 | AL22: 千円
A23: 【（１）介護サービス等を円滑に継続するための対応】
A24: 科目 | H24: 支出済額（円） （税抜き） | M24: 内訳（用途・品目・数量等）
A25: (ア)燃料費、有料道路通行料等の移動に伴い必要となる経費
A26: (イ)ネッククーラー（ヒーター）等の猛暑・雪害対策用品の購入等経費
A27: (ウ)燃料費等の入居者・利用者の生活環境改善、職員の負担軽減・勤務環境改善に必要となる経費
A28: (エ)業務用スポットクーラー（ヒーター）等の居室や浴室等における温度管理、湿度管理に必要な設備・物品等の購入等経費
A29: 合計 | H29: =SUM(H25:L28) -> 0
A31: 【（２）災害備蓄等への対応】
A32: 科目 | H32: 支出済額（円） （税抜き） | M32: 内訳（用途・品目・数量等）
A33: (ア)飲料水、食料品等の備蓄物資の購入等経費
A34: (イ)ポータブル発電機、ポータブル電源・蓄電池等の購入等経費
A35: (ウ)衛生用品、医療用品等の購入等経費
A36: (エ)簡易浄水器、冷房機、暖房機、簡易トイレ、清潔保持のための用具等の購入等経費
A37: (オ)その他災害への備えとして必要と認められる経費
A38: 合計 | H38: =SUM(H33:L37) -> 0
A41: （注）申請額は、内示額と支出済額を比較していずれか低い方の額が入力される。

Sheet 個票62
A1: （様式第３号）事業所・施設別個票
A3: 介護事業所等に対するサービス継続支援事業に関する交付申請書兼実績報告書 （事業所・施設単位）
A5: 施設概要
A7: 整理番号 | O7: 事業所名称
A8: 所在地 | D8: 郵便番号 | H8: 都道府県名 | O8: 住所
H9: 広島県
A10: 提供サービス | H10: =IFERROR(VLOOKUP(H7,内示額!A:B,2,FALSE),"") | T10: 連絡先 | W10: 電話番号 | AG10: 担当部署名
A13: 報告にあたっての確認事項
A15: 領収書、レシート等の根拠資料は事業所等において適切に保管している。
A16: 支出済の費用について、他の予算制度に基づく、負担又は補助と重複は生じていない。
A17: 「支出済額」の欄には、対象経費から消費税相当額を除いた実支出額を記載している。
A19: 支出済額
AD21: 内示額 | AI21: 申請額
AD22: =IFERROR(VLOOKUP(H7,内示額!A:C,3,FALSE),"") | AG22: 千円 | AI22: =MIN(AD22,ROUNDDOWN((H29+H38)/1000,0)) -> 0 | AL22: 千円
A23: 【（１）介護サービス等を円滑に継続するための対応】
A24: 科目 | H24: 支出済額（円） （税抜き） | M24: 内訳（用途・品目・数量等）
A25: (ア)燃料費、有料道路通行料等の移動に伴い必要となる経費
A26: (イ)ネッククーラー（ヒーター）等の猛暑・雪害対策用品の購入等経費
A27: (ウ)燃料費等の入居者・利用者の生活環境改善、職員の負担軽減・勤務環境改善に必要となる経費
A28: (エ)業務用スポットクーラー（ヒーター）等の居室や浴室等における温度管理、湿度管理に必要な設備・物品等の購入等経費
A29: 合計 | H29: =SUM(H25:L28) -> 0
A31: 【（２）災害備蓄等への対応】
A32: 科目 | H32: 支出済額（円） （税抜き） | M32: 内訳（用途・品目・数量等）
A33: (ア)飲料水、食料品等の備蓄物資の購入等経費
A34: (イ)ポータブル発電機、ポータブル電源・蓄電池等の購入等経費
A35: (ウ)衛生用品、医療用品等の購入等経費
A36: (エ)簡易浄水器、冷房機、暖房機、簡易トイレ、清潔保持のための用具等の購入等経費
A37: (オ)その他災害への備えとして必要と認められる経費
A38: 合計 | H38: =SUM(H33:L37) -> 0
A41: （注）申請額は、内示額と支出済額を比較していずれか低い方の額が入力される。

Sheet 個票63
A1: （様式第３号）事業所・施設別個票
A3: 介護事業所等に対するサービス継続支援事業に関する交付申請書兼実績報告書 （事業所・施設単位）
A5: 施設概要
A7: 整理番号 | O7: 事業所名称
A8: 所在地 | D8: 郵便番号 | H8: 都道府県名 | O8: 住所
H9: 広島県
A10: 提供サービス | H10: =IFERROR(VLOOKUP(H7,内示額!A:B,2,FALSE),"") | T10: 連絡先 | W10: 電話番号 | AG10: 担当部署名
A13: 報告にあたっての確認事項
A15: 領収書、レシート等の根拠資料は事業所等において適切に保管している。
A16: 支出済の費用について、他の予算制度に基づく、負担又は補助と重複は生じていない。
A17: 「支出済額」の欄には、対象経費から消費税相当額を除いた実支出額を記載している。
A19: 支出済額
AD21: 内示額 | AI21: 申請額
AD22: =IFERROR(VLOOKUP(H7,内示額!A:C,3,FALSE),"") | AG22: 千円 | AI22: =MIN(AD22,ROUNDDOWN((H29+H38)/1000,0)) -> 0 | AL22: 千円
A23: 【（１）介護サービス等を円滑に継続するための対応】
A24: 科目 | H24: 支出済額（円） （税抜き） | M24: 内訳（用途・品目・数量等）
A25: (ア)燃料費、有料道路通行料等の移動に伴い必要となる経費
A26: (イ)ネッククーラー（ヒーター）等の猛暑・雪害対策用品の購入等経費
A27: (ウ)燃料費等の入居者・利用者の生活環境改善、職員の負担軽減・勤務環境改善に必要となる経費
A28: (エ)業務用スポットクーラー（ヒーター）等の居室や浴室等における温度管理、湿度管理に必要な設備・物品等の購入等経費
A29: 合計 | H29: =SUM(H25:L28) -> 0
A31: 【（２）災害備蓄等への対応】
A32: 科目 | H32: 支出済額（円） （税抜き） | M32: 内訳（用途・品目・数量等）
A33: (ア)飲料水、食料品等の備蓄物資の購入等経費
A34: (イ)ポータブル発電機、ポータブル電源・蓄電池等の購入等経費
A35: (ウ)衛生用品、医療用品等の購入等経費
A36: (エ)簡易浄水器、冷房機、暖房機、簡易トイレ、清潔保持のための用具等の購入等経費
A37: (オ)その他災害への備えとして必要と認められる経費
A38: 合計 | H38: =SUM(H33:L37) -> 0
A41: （注）申請額は、内示額と支出済額を比較していずれか低い方の額が入力される。

Sheet 個票64
A1: （様式第３号）事業所・施設別個票
A3: 介護事業所等に対するサービス継続支援事業に関する交付申請書兼実績報告書 （事業所・施設単位）
A5: 施設概要
A7: 整理番号 | O7: 事業所名称
A8: 所在地 | D8: 郵便番号 | H8: 都道府県名 | O8: 住所
H9: 広島県
A10: 提供サービス | H10: =IFERROR(VLOOKUP(H7,内示額!A:B,2,FALSE),"") | T10: 連絡先 | W10: 電話番号 | AG10: 担当部署名
A13: 報告にあたっての確認事項
A15: 領収書、レシート等の根拠資料は事業所等において適切に保管している。
A16: 支出済の費用について、他の予算制度に基づく、負担又は補助と重複は生じていない。
A17: 「支出済額」の欄には、対象経費から消費税相当額を除いた実支出額を記載している。
A19: 支出済額
AD21: 内示額 | AI21: 申請額
AD22: =IFERROR(VLOOKUP(H7,内示額!A:C,3,FALSE),"") | AG22: 千円 | AI22: =MIN(AD22,ROUNDDOWN((H29+H38)/1000,0)) -> 0 | AL22: 千円
A23: 【（１）介護サービス等を円滑に継続するための対応】
A24: 科目 | H24: 支出済額（円） （税抜き） | M24: 内訳（用途・品目・数量等）
A25: (ア)燃料費、有料道路通行料等の移動に伴い必要となる経費
A26: (イ)ネッククーラー（ヒーター）等の猛暑・雪害対策用品の購入等経費
A27: (ウ)燃料費等の入居者・利用者の生活環境改善、職員の負担軽減・勤務環境改善に必要となる経費
A28: (エ)業務用スポットクーラー（ヒーター）等の居室や浴室等における温度管理、湿度管理に必要な設備・物品等の購入等経費
A29: 合計 | H29: =SUM(H25:L28) -> 0
A31: 【（２）災害備蓄等への対応】
A32: 科目 | H32: 支出済額（円） （税抜き） | M32: 内訳（用途・品目・数量等）
A33: (ア)飲料水、食料品等の備蓄物資の購入等経費
A34: (イ)ポータブル発電機、ポータブル電源・蓄電池等の購入等経費
A35: (ウ)衛生用品、医療用品等の購入等経費
A36: (エ)簡易浄水器、冷房機、暖房機、簡易トイレ、清潔保持のための用具等の購入等経費
A37: (オ)その他災害への備えとして必要と認められる経費
A38: 合計 | H38: =SUM(H33:L37) -> 0
A41: （注）申請額は、内示額と支出済額を比較していずれか低い方の額が入力される。

Sheet 個票65
A1: （様式第３号）事業所・施設別個票
A3: 介護事業所等に対するサービス継続支援事業に関する交付申請書兼実績報告書 （事業所・施設単位）
A5: 施設概要
A7: 整理番号 | O7: 事業所名称
A8: 所在地 | D8: 郵便番号 | H8: 都道府県名 | O8: 住所
H9: 広島県
A10: 提供サービス | H10: =IFERROR(VLOOKUP(H7,内示額!A:B,2,FALSE),"") | T10: 連絡先 | W10: 電話番号 | AG10: 担当部署名
A13: 報告にあたっての確認事項
A15: 領収書、レシート等の根拠資料は事業所等において適切に保管している。
A16: 支出済の費用について、他の予算制度に基づく、負担又は補助と重複は生じていない。
A17: 「支出済額」の欄には、対象経費から消費税相当額を除いた実支出額を記載している。
A19: 支出済額
AD21: 内示額 | AI21: 申請額
AD22: =IFERROR(VLOOKUP(H7,内示額!A:C,3,FALSE),"") | AG22: 千円 | AI22: =MIN(AD22,ROUNDDOWN((H29+H38)/1000,0)) -> 0 | AL22: 千円
A23: 【（１）介護サービス等を円滑に継続するための対応】
A24: 科目 | H24: 支出済額（円） （税抜き） | M24: 内訳（用途・品目・数量等）
A25: (ア)燃料費、有料道路通行料等の移動に伴い必要となる経費
A26: (イ)ネッククーラー（ヒーター）等の猛暑・雪害対策用品の購入等経費
A27: (ウ)燃料費等の入居者・利用者の生活環境改善、職員の負担軽減・勤務環境改善に必要となる経費
A28: (エ)業務用スポットクーラー（ヒーター）等の居室や浴室等における温度管理、湿度管理に必要な設備・物品等の購入等経費
A29: 合計 | H29: =SUM(H25:L28) -> 0
A31: 【（２）災害備蓄等への対応】
A32: 科目 | H32: 支出済額（円） （税抜き） | M32: 内訳（用途・品目・数量等）
A33: (ア)飲料水、食料品等の備蓄物資の購入等経費
A34: (イ)ポータブル発電機、ポータブル電源・蓄電池等の購入等経費
A35: (ウ)衛生用品、医療用品等の購入等経費
A36: (エ)簡易浄水器、冷房機、暖房機、簡易トイレ、清潔保持のための用具等の購入等経費
A37: (オ)その他災害への備えとして必要と認められる経費
A38: 合計 | H38: =SUM(H33:L37) -> 0
A41: （注）申請額は、内示額と支出済額を比較していずれか低い方の額が入力される。

Sheet 個票66
A1: （様式第３号）事業所・施設別個票
A3: 介護事業所等に対するサービス継続支援事業に関する交付申請書兼実績報告書 （事業所・施設単位）
A5: 施設概要
A7: 整理番号 | O7: 事業所名称
A8: 所在地 | D8: 郵便番号 | H8: 都道府県名 | O8: 住所
H9: 広島県
A10: 提供サービス | H10: =IFERROR(VLOOKUP(H7,内示額!A:B,2,FALSE),"") | T10: 連絡先 | W10: 電話番号 | AG10: 担当部署名
A13: 報告にあたっての確認事項
A15: 領収書、レシート等の根拠資料は事業所等において適切に保管している。
A16: 支出済の費用について、他の予算制度に基づく、負担又は補助と重複は生じていない。
A17: 「支出済額」の欄には、対象経費から消費税相当額を除いた実支出額を記載している。
A19: 支出済額
AD21: 内示額 | AI21: 申請額
AD22: =IFERROR(VLOOKUP(H7,内示額!A:C,3,FALSE),"") | AG22: 千円 | AI22: =MIN(AD22,ROUNDDOWN((H29+H38)/1000,0)) -> 0 | AL22: 千円
A23: 【（１）介護サービス等を円滑に継続するための対応】
A24: 科目 | H24: 支出済額（円） （税抜き） | M24: 内訳（用途・品目・数量等）
A25: (ア)燃料費、有料道路通行料等の移動に伴い必要となる経費
A26: (イ)ネッククーラー（ヒーター）等の猛暑・雪害対策用品の購入等経費
A27: (ウ)燃料費等の入居者・利用者の生活環境改善、職員の負担軽減・勤務環境改善に必要となる経費
A28: (エ)業務用スポットクーラー（ヒーター）等の居室や浴室等における温度管理、湿度管理に必要な設備・物品等の購入等経費
A29: 合計 | H29: =SUM(H25:L28) -> 0
A31: 【（２）災害備蓄等への対応】
A32: 科目 | H32: 支出済額（円） （税抜き） | M32: 内訳（用途・品目・数量等）
A33: (ア)飲料水、食料品等の備蓄物資の購入等経費
A34: (イ)ポータブル発電機、ポータブル電源・蓄電池等の購入等経費
A35: (ウ)衛生用品、医療用品等の購入等経費
A36: (エ)簡易浄水器、冷房機、暖房機、簡易トイレ、清潔保持のための用具等の購入等経費
A37: (オ)その他災害への備えとして必要と認められる経費
A38: 合計 | H38: =SUM(H33:L37) -> 0
A41: （注）申請額は、内示額と支出済額を比較していずれか低い方の額が入力される。

Sheet 個票67
A1: （様式第３号）事業所・施設別個票
A3: 介護事業所等に対するサービス継続支援事業に関する交付申請書兼実績報告書 （事業所・施設単位）
A5: 施設概要
A7: 整理番号 | O7: 事業所名称
A8: 所在地 | D8: 郵便番号 | H8: 都道府県名 | O8: 住所
H9: 広島県
A10: 提供サービス | H10: =IFERROR(VLOOKUP(H7,内示額!A:B,2,FALSE),"") | T10: 連絡先 | W10: 電話番号 | AG10: 担当部署名
A13: 報告にあたっての確認事項
A15: 領収書、レシート等の根拠資料は事業所等において適切に保管している。
A16: 支出済の費用について、他の予算制度に基づく、負担又は補助と重複は生じていない。
A17: 「支出済額」の欄には、対象経費から消費税相当額を除いた実支出額を記載している。
A19: 支出済額
AD21: 内示額 | AI21: 申請額
AD22: =IFERROR(VLOOKUP(H7,内示額!A:C,3,FALSE),"") | AG22: 千円 | AI22: =MIN(AD22,ROUNDDOWN((H29+H38)/1000,0)) -> 0 | AL22: 千円
A23: 【（１）介護サービス等を円滑に継続するための対応】
A24: 科目 | H24: 支出済額（円） （税抜き） | M24: 内訳（用途・品目・数量等）
A25: (ア)燃料費、有料道路通行料等の移動に伴い必要となる経費
A26: (イ)ネッククーラー（ヒーター）等の猛暑・雪害対策用品の購入等経費
A27: (ウ)燃料費等の入居者・利用者の生活環境改善、職員の負担軽減・勤務環境改善に必要となる経費
A28: (エ)業務用スポットクーラー（ヒーター）等の居室や浴室等における温度管理、湿度管理に必要な設備・物品等の購入等経費
A29: 合計 | H29: =SUM(H25:L28) -> 0
A31: 【（２）災害備蓄等への対応】
A32: 科目 | H32: 支出済額（円） （税抜き） | M32: 内訳（用途・品目・数量等）
A33: (ア)飲料水、食料品等の備蓄物資の購入等経費
A34: (イ)ポータブル発電機、ポータブル電源・蓄電池等の購入等経費
A35: (ウ)衛生用品、医療用品等の購入等経費
A36: (エ)簡易浄水器、冷房機、暖房機、簡易トイレ、清潔保持のための用具等の購入等経費
A37: (オ)その他災害への備えとして必要と認められる経費
A38: 合計 | H38: =SUM(H33:L37) -> 0
A41: （注）申請額は、内示額と支出済額を比較していずれか低い方の額が入力される。

Sheet 個票68
A1: （様式第３号）事業所・施設別個票
A3: 介護事業所等に対するサービス継続支援事業に関する交付申請書兼実績報告書 （事業所・施設単位）
A5: 施設概要
A7: 整理番号 | O7: 事業所名称
A8: 所在地 | D8: 郵便番号 | H8: 都道府県名 | O8: 住所
H9: 広島県
A10: 提供サービス | H10: =IFERROR(VLOOKUP(H7,内示額!A:B,2,FALSE),"") | T10: 連絡先 | W10: 電話番号 | AG10: 担当部署名
A13: 報告にあたっての確認事項
A15: 領収書、レシート等の根拠資料は事業所等において適切に保管している。
A16: 支出済の費用について、他の予算制度に基づく、負担又は補助と重複は生じていない。
A17: 「支出済額」の欄には、対象経費から消費税相当額を除いた実支出額を記載している。
A19: 支出済額
AD21: 内示額 | AI21: 申請額
AD22: =IFERROR(VLOOKUP(H7,内示額!A:C,3,FALSE),"") | AG22: 千円 | AI22: =MIN(AD22,ROUNDDOWN((H29+H38)/1000,0)) -> 0 | AL22: 千円
A23: 【（１）介護サービス等を円滑に継続するための対応】
A24: 科目 | H24: 支出済額（円） （税抜き） | M24: 内訳（用途・品目・数量等）
A25: (ア)燃料費、有料道路通行料等の移動に伴い必要となる経費
A26: (イ)ネッククーラー（ヒーター）等の猛暑・雪害対策用品の購入等経費
A27: (ウ)燃料費等の入居者・利用者の生活環境改善、職員の負担軽減・勤務環境改善に必要となる経費
A28: (エ)業務用スポットクーラー（ヒーター）等の居室や浴室等における温度管理、湿度管理に必要な設備・物品等の購入等経費
A29: 合計 | H29: =SUM(H25:L28) -> 0
A31: 【（２）災害備蓄等への対応】
A32: 科目 | H32: 支出済額（円） （税抜き） | M32: 内訳（用途・品目・数量等）
A33: (ア)飲料水、食料品等の備蓄物資の購入等経費
A34: (イ)ポータブル発電機、ポータブル電源・蓄電池等の購入等経費
A35: (ウ)衛生用品、医療用品等の購入等経費
A36: (エ)簡易浄水器、冷房機、暖房機、簡易トイレ、清潔保持のための用具等の購入等経費
A37: (オ)その他災害への備えとして必要と認められる経費
A38: 合計 | H38: =SUM(H33:L37) -> 0
A41: （注）申請額は、内示額と支出済額を比較していずれか低い方の額が入力される。

Sheet 個票69
A1: （様式第３号）事業所・施設別個票
A3: 介護事業所等に対するサービス継続支援事業に関する交付申請書兼実績報告書 （事業所・施設単位）
A5: 施設概要
A7: 整理番号 | O7: 事業所名称
A8: 所在地 | D8: 郵便番号 | H8: 都道府県名 | O8: 住所
H9: 広島県
A10: 提供サービス | H10: =IFERROR(VLOOKUP(H7,内示額!A:B,2,FALSE),"") | T10: 連絡先 | W10: 電話番号 | AG10: 担当部署名
A13: 報告にあたっての確認事項
A15: 領収書、レシート等の根拠資料は事業所等において適切に保管している。
A16: 支出済の費用について、他の予算制度に基づく、負担又は補助と重複は生じていない。
A17: 「支出済額」の欄には、対象経費から消費税相当額を除いた実支出額を記載している。
A19: 支出済額
AD21: 内示額 | AI21: 申請額
AD22: =IFERROR(VLOOKUP(H7,内示額!A:C,3,FALSE),"") | AG22: 千円 | AI22: =MIN(AD22,ROUNDDOWN((H29+H38)/1000,0)) -> 0 | AL22: 千円
A23: 【（１）介護サービス等を円滑に継続するための対応】
A24: 科目 | H24: 支出済額（円） （税抜き） | M24: 内訳（用途・品目・数量等）
A25: (ア)燃料費、有料道路通行料等の移動に伴い必要となる経費
A26: (イ)ネッククーラー（ヒーター）等の猛暑・雪害対策用品の購入等経費
A27: (ウ)燃料費等の入居者・利用者の生活環境改善、職員の負担軽減・勤務環境改善に必要となる経費
A28: (エ)業務用スポットクーラー（ヒーター）等の居室や浴室等における温度管理、湿度管理に必要な設備・物品等の購入等経費
A29: 合計 | H29: =SUM(H25:L28) -> 0
A31: 【（２）災害備蓄等への対応】
A32: 科目 | H32: 支出済額（円） （税抜き） | M32: 内訳（用途・品目・数量等）
A33: (ア)飲料水、食料品等の備蓄物資の購入等経費
A34: (イ)ポータブル発電機、ポータブル電源・蓄電池等の購入等経費
A35: (ウ)衛生用品、医療用品等の購入等経費
A36: (エ)簡易浄水器、冷房機、暖房機、簡易トイレ、清潔保持のための用具等の購入等経費
A37: (オ)その他災害への備えとして必要と認められる経費
A38: 合計 | H38: =SUM(H33:L37) -> 0
A41: （注）申請額は、内示額と支出済額を比較していずれか低い方の額が入力される。

Sheet 個票70
A1: （様式第３号）事業所・施設別個票
A3: 介護事業所等に対するサービス継続支援事業に関する交付申請書兼実績報告書 （事業所・施設単位）
A5: 施設概要
A7: 整理番号 | O7: 事業所名称
A8: 所在地 | D8: 郵便番号 | H8: 都道府県名 | O8: 住所
H9: 広島県
A10: 提供サービス | H10: =IFERROR(VLOOKUP(H7,内示額!A:B,2,FALSE),"") | T10: 連絡先 | W10: 電話番号 | AG10: 担当部署名
A13: 報告にあたっての確認事項
A15: 領収書、レシート等の根拠資料は事業所等において適切に保管している。
A16: 支出済の費用について、他の予算制度に基づく、負担又は補助と重複は生じていない。
A17: 「支出済額」の欄には、対象経費から消費税相当額を除いた実支出額を記載している。
A19: 支出済額
AD21: 内示額 | AI21: 申請額
AD22: =IFERROR(VLOOKUP(H7,内示額!A:C,3,FALSE),"") | AG22: 千円 | AI22: =MIN(AD22,ROUNDDOWN((H29+H38)/1000,0)) -> 0 | AL22: 千円
A23: 【（１）介護サービス等を円滑に継続するための対応】
A24: 科目 | H24: 支出済額（円） （税抜き） | M24: 内訳（用途・品目・数量等）
A25: (ア)燃料費、有料道路通行料等の移動に伴い必要となる経費
A26: (イ)ネッククーラー（ヒーター）等の猛暑・雪害対策用品の購入等経費
A27: (ウ)燃料費等の入居者・利用者の生活環境改善、職員の負担軽減・勤務環境改善に必要となる経費
A28: (エ)業務用スポットクーラー（ヒーター）等の居室や浴室等における温度管理、湿度管理に必要な設備・物品等の購入等経費
A29: 合計 | H29: =SUM(H25:L28) -> 0
A31: 【（２）災害備蓄等への対応】
A32: 科目 | H32: 支出済額（円） （税抜き） | M32: 内訳（用途・品目・数量等）
A33: (ア)飲料水、食料品等の備蓄物資の購入等経費
A34: (イ)ポータブル発電機、ポータブル電源・蓄電池等の購入等経費
A35: (ウ)衛生用品、医療用品等の購入等経費
A36: (エ)簡易浄水器、冷房機、暖房機、簡易トイレ、清潔保持のための用具等の購入等経費
A37: (オ)その他災害への備えとして必要と認められる経費
A38: 合計 | H38: =SUM(H33:L37) -> 0
A41: （注）申請額は、内示額と支出済額を比較していずれか低い方の額が入力される。

Sheet 個票71
A1: （様式第３号）事業所・施設別個票
A3: 介護事業所等に対するサービス継続支援事業に関する交付申請書兼実績報告書 （事業所・施設単位）
A5: 施設概要
A7: 整理番号 | O7: 事業所名称
A8: 所在地 | D8: 郵便番号 | H8: 都道府県名 | O8: 住所
H9: 広島県
A10: 提供サービス | H10: =IFERROR(VLOOKUP(H7,内示額!A:B,2,FALSE),"") | T10: 連絡先 | W10: 電話番号 | AG10: 担当部署名
A13: 報告にあたっての確認事項
A15: 領収書、レシート等の根拠資料は事業所等において適切に保管している。
A16: 支出済の費用について、他の予算制度に基づく、負担又は補助と重複は生じていない。
A17: 「支出済額」の欄には、対象経費から消費税相当額を除いた実支出額を記載している。
A19: 支出済額
AD21: 内示額 | AI21: 申請額
AD22: =IFERROR(VLOOKUP(H7,内示額!A:C,3,FALSE),"") | AG22: 千円 | AI22: =MIN(AD22,ROUNDDOWN((H29+H38)/1000,0)) -> 0 | AL22: 千円
A23: 【（１）介護サービス等を円滑に継続するための対応】
A24: 科目 | H24: 支出済額（円） （税抜き） | M24: 内訳（用途・品目・数量等）
A25: (ア)燃料費、有料道路通行料等の移動に伴い必要となる経費
A26: (イ)ネッククーラー（ヒーター）等の猛暑・雪害対策用品の購入等経費
A27: (ウ)燃料費等の入居者・利用者の生活環境改善、職員の負担軽減・勤務環境改善に必要となる経費
A28: (エ)業務用スポットクーラー（ヒーター）等の居室や浴室等における温度管理、湿度管理に必要な設備・物品等の購入等経費
A29: 合計 | H29: =SUM(H25:L28) -> 0
A31: 【（２）災害備蓄等への対応】
A32: 科目 | H32: 支出済額（円） （税抜き） | M32: 内訳（用途・品目・数量等）
A33: (ア)飲料水、食料品等の備蓄物資の購入等経費
A34: (イ)ポータブル発電機、ポータブル電源・蓄電池等の購入等経費
A35: (ウ)衛生用品、医療用品等の購入等経費
A36: (エ)簡易浄水器、冷房機、暖房機、簡易トイレ、清潔保持のための用具等の購入等経費
A37: (オ)その他災害への備えとして必要と認められる経費
A38: 合計 | H38: =SUM(H33:L37) -> 0
A41: （注）申請額は、内示額と支出済額を比較していずれか低い方の額が入力される。

Sheet 個票72
A1: （様式第３号）事業所・施設別個票
A3: 介護事業所等に対するサービス継続支援事業に関する交付申請書兼実績報告書 （事業所・施設単位）
A5: 施設概要
A7: 整理番号 | O7: 事業所名称
A8: 所在地 | D8: 郵便番号 | H8: 都道府県名 | O8: 住所
H9: 広島県
A10: 提供サービス | H10: =IFERROR(VLOOKUP(H7,内示額!A:B,2,FALSE),"") | T10: 連絡先 | W10: 電話番号 | AG10: 担当部署名
A13: 報告にあたっての確認事項
A15: 領収書、レシート等の根拠資料は事業所等において適切に保管している。
A16: 支出済の費用について、他の予算制度に基づく、負担又は補助と重複は生じていない。
A17: 「支出済額」の欄には、対象経費から消費税相当額を除いた実支出額を記載している。
A19: 支出済額
AD21: 内示額 | AI21: 申請額
AD22: =IFERROR(VLOOKUP(H7,内示額!A:C,3,FALSE),"") | AG22: 千円 | AI22: =MIN(AD22,ROUNDDOWN((H29+H38)/1000,0)) -> 0 | AL22: 千円
A23: 【（１）介護サービス等を円滑に継続するための対応】
A24: 科目 | H24: 支出済額（円） （税抜き） | M24: 内訳（用途・品目・数量等）
A25: (ア)燃料費、有料道路通行料等の移動に伴い必要となる経費
A26: (イ)ネッククーラー（ヒーター）等の猛暑・雪害対策用品の購入等経費
A27: (ウ)燃料費等の入居者・利用者の生活環境改善、職員の負担軽減・勤務環境改善に必要となる経費
A28: (エ)業務用スポットクーラー（ヒーター）等の居室や浴室等における温度管理、湿度管理に必要な設備・物品等の購入等経費
A29: 合計 | H29: =SUM(H25:L28) -> 0
A31: 【（２）災害備蓄等への対応】
A32: 科目 | H32: 支出済額（円） （税抜き） | M32: 内訳（用途・品目・数量等）
A33: (ア)飲料水、食料品等の備蓄物資の購入等経費
A34: (イ)ポータブル発電機、ポータブル電源・蓄電池等の購入等経費
A35: (ウ)衛生用品、医療用品等の購入等経費
A36: (エ)簡易浄水器、冷房機、暖房機、簡易トイレ、清潔保持のための用具等の購入等経費
A37: (オ)その他災害への備えとして必要と認められる経費
A38: 合計 | H38: =SUM(H33:L37) -> 0
A41: （注）申請額は、内示額と支出済額を比較していずれか低い方の額が入力される。

Sheet 個票73
A1: （様式第３号）事業所・施設別個票
A3: 介護事業所等に対するサービス継続支援事業に関する交付申請書兼実績報告書 （事業所・施設単位）
A5: 施設概要
A7: 整理番号 | O7: 事業所名称
A8: 所在地 | D8: 郵便番号 | H8: 都道府県名 | O8: 住所
H9: 広島県
A10: 提供サービス | H10: =IFERROR(VLOOKUP(H7,内示額!A:B,2,FALSE),"") | T10: 連絡先 | W10: 電話番号 | AG10: 担当部署名
A13: 報告にあたっての確認事項
A15: 領収書、レシート等の根拠資料は事業所等において適切に保管している。
A16: 支出済の費用について、他の予算制度に基づく、負担又は補助と重複は生じていない。
A17: 「支出済額」の欄には、対象経費から消費税相当額を除いた実支出額を記載している。
A19: 支出済額
AD21: 内示額 | AI21: 申請額
AD22: =IFERROR(VLOOKUP(H7,内示額!A:C,3,FALSE),"") | AG22: 千円 | AI22: =MIN(AD22,ROUNDDOWN((H29+H38)/1000,0)) -> 0 | AL22: 千円
A23: 【（１）介護サービス等を円滑に継続するための対応】
A24: 科目 | H24: 支出済額（円） （税抜き） | M24: 内訳（用途・品目・数量等）
A25: (ア)燃料費、有料道路通行料等の移動に伴い必要となる経費
A26: (イ)ネッククーラー（ヒーター）等の猛暑・雪害対策用品の購入等経費
A27: (ウ)燃料費等の入居者・利用者の生活環境改善、職員の負担軽減・勤務環境改善に必要となる経費
A28: (エ)業務用スポットクーラー（ヒーター）等の居室や浴室等における温度管理、湿度管理に必要な設備・物品等の購入等経費
A29: 合計 | H29: =SUM(H25:L28) -> 0
A31: 【（２）災害備蓄等への対応】
A32: 科目 | H32: 支出済額（円） （税抜き） | M32: 内訳（用途・品目・数量等）
A33: (ア)飲料水、食料品等の備蓄物資の購入等経費
A34: (イ)ポータブル発電機、ポータブル電源・蓄電池等の購入等経費
A35: (ウ)衛生用品、医療用品等の購入等経費
A36: (エ)簡易浄水器、冷房機、暖房機、簡易トイレ、清潔保持のための用具等の購入等経費
A37: (オ)その他災害への備えとして必要と認められる経費
A38: 合計 | H38: =SUM(H33:L37) -> 0
A41: （注）申請額は、内示額と支出済額を比較していずれか低い方の額が入力される。

Sheet 個票74
A1: （様式第３号）事業所・施設別個票
A3: 介護事業所等に対するサービス継続支援事業に関する交付申請書兼実績報告書 （事業所・施設単位）
A5: 施設概要
A7: 整理番号 | O7: 事業所名称
A8: 所在地 | D8: 郵便番号 | H8: 都道府県名 | O8: 住所
H9: 広島県
A10: 提供サービス | H10: =IFERROR(VLOOKUP(H7,内示額!A:B,2,FALSE),"") | T10: 連絡先 | W10: 電話番号 | AG10: 担当部署名
A13: 報告にあたっての確認事項
A15: 領収書、レシート等の根拠資料は事業所等において適切に保管している。
A16: 支出済の費用について、他の予算制度に基づく、負担又は補助と重複は生じていない。
A17: 「支出済額」の欄には、対象経費から消費税相当額を除いた実支出額を記載している。
A19: 支出済額
AD21: 内示額 | AI21: 申請額
AD22: =IFERROR(VLOOKUP(H7,内示額!A:C,3,FALSE),"") | AG22: 千円 | AI22: =MIN(AD22,ROUNDDOWN((H29+H38)/1000,0)) -> 0 | AL22: 千円
A23: 【（１）介護サービス等を円滑に継続するための対応】
A24: 科目 | H24: 支出済額（円） （税抜き） | M24: 内訳（用途・品目・数量等）
A25: (ア)燃料費、有料道路通行料等の移動に伴い必要となる経費
A26: (イ)ネッククーラー（ヒーター）等の猛暑・雪害対策用品の購入等経費
A27: (ウ)燃料費等の入居者・利用者の生活環境改善、職員の負担軽減・勤務環境改善に必要となる経費
A28: (エ)業務用スポットクーラー（ヒーター）等の居室や浴室等における温度管理、湿度管理に必要な設備・物品等の購入等経費
A29: 合計 | H29: =SUM(H25:L28) -> 0
A31: 【（２）災害備蓄等への対応】
A32: 科目 | H32: 支出済額（円） （税抜き） | M32: 内訳（用途・品目・数量等）
A33: (ア)飲料水、食料品等の備蓄物資の購入等経費
A34: (イ)ポータブル発電機、ポータブル電源・蓄電池等の購入等経費
A35: (ウ)衛生用品、医療用品等の購入等経費
A36: (エ)簡易浄水器、冷房機、暖房機、簡易トイレ、清潔保持のための用具等の購入等経費
A37: (オ)その他災害への備えとして必要と認められる経費
A38: 合計 | H38: =SUM(H33:L37) -> 0
A41: （注）申請額は、内示額と支出済額を比較していずれか低い方の額が入力される。

Sheet 個票75
A1: （様式第３号）事業所・施設別個票
A3: 介護事業所等に対するサービス継続支援事業に関する交付申請書兼実績報告書 （事業所・施設単位）
A5: 施設概要
A7: 整理番号 | O7: 事業所名称
A8: 所在地 | D8: 郵便番号 | H8: 都道府県名 | O8: 住所
H9: 広島県
A10: 提供サービス | H10: =IFERROR(VLOOKUP(H7,内示額!A:B,2,FALSE),"") | T10: 連絡先 | W10: 電話番号 | AG10: 担当部署名
A13: 報告にあたっての確認事項
A15: 領収書、レシート等の根拠資料は事業所等において適切に保管している。
A16: 支出済の費用について、他の予算制度に基づく、負担又は補助と重複は生じていない。
A17: 「支出済額」の欄には、対象経費から消費税相当額を除いた実支出額を記載している。
A19: 支出済額
AD21: 内示額 | AI21: 申請額
AD22: =IFERROR(VLOOKUP(H7,内示額!A:C,3,FALSE),"") | AG22: 千円 | AI22: =MIN(AD22,ROUNDDOWN((H29+H38)/1000,0)) -> 0 | AL22: 千円
A23: 【（１）介護サービス等を円滑に継続するための対応】
A24: 科目 | H24: 支出済額（円） （税抜き） | M24: 内訳（用途・品目・数量等）
A25: (ア)燃料費、有料道路通行料等の移動に伴い必要となる経費
A26: (イ)ネッククーラー（ヒーター）等の猛暑・雪害対策用品の購入等経費
A27: (ウ)燃料費等の入居者・利用者の生活環境改善、職員の負担軽減・勤務環境改善に必要となる経費
A28: (エ)業務用スポットクーラー（ヒーター）等の居室や浴室等における温度管理、湿度管理に必要な設備・物品等の購入等経費
A29: 合計 | H29: =SUM(H25:L28) -> 0
A31: 【（２）災害備蓄等への対応】
A32: 科目 | H32: 支出済額（円） （税抜き） | M32: 内訳（用途・品目・数量等）
A33: (ア)飲料水、食料品等の備蓄物資の購入等経費
A34: (イ)ポータブル発電機、ポータブル電源・蓄電池等の購入等経費
A35: (ウ)衛生用品、医療用品等の購入等経費
A36: (エ)簡易浄水器、冷房機、暖房機、簡易トイレ、清潔保持のための用具等の購入等経費
A37: (オ)その他災害への備えとして必要と認められる経費
A38: 合計 | H38: =SUM(H33:L37) -> 0
A41: （注）申請額は、内示額と支出済額を比較していずれか低い方の額が入力される。

Sheet 個票76
A1: （様式第３号）事業所・施設別個票
A3: 介護事業所等に対するサービス継続支援事業に関する交付申請書兼実績報告書 （事業所・施設単位）
A5: 施設概要
A7: 整理番号 | O7: 事業所名称
A8: 所在地 | D8: 郵便番号 | H8: 都道府県名 | O8: 住所
H9: 広島県
A10: 提供サービス | H10: =IFERROR(VLOOKUP(H7,内示額!A:B,2,FALSE),"") | T10: 連絡先 | W10: 電話番号 | AG10: 担当部署名
A13: 報告にあたっての確認事項
A15: 領収書、レシート等の根拠資料は事業所等において適切に保管している。
A16: 支出済の費用について、他の予算制度に基づく、負担又は補助と重複は生じていない。
A17: 「支出済額」の欄には、対象経費から消費税相当額を除いた実支出額を記載している。
A19: 支出済額
AD21: 内示額 | AI21: 申請額
AD22: =IFERROR(VLOOKUP(H7,内示額!A:C,3,FALSE),"") | AG22: 千円 | AI22: =MIN(AD22,ROUNDDOWN((H29+H38)/1000,0)) -> 0 | AL22: 千円
A23: 【（１）介護サービス等を円滑に継続するための対応】
A24: 科目 | H24: 支出済額（円） （税抜き） | M24: 内訳（用途・品目・数量等）
A25: (ア)燃料費、有料道路通行料等の移動に伴い必要となる経費
A26: (イ)ネッククーラー（ヒーター）等の猛暑・雪害対策用品の購入等経費
A27: (ウ)燃料費等の入居者・利用者の生活環境改善、職員の負担軽減・勤務環境改善に必要となる経費
A28: (エ)業務用スポットクーラー（ヒーター）等の居室や浴室等における温度管理、湿度管理に必要な設備・物品等の購入等経費
A29: 合計 | H29: =SUM(H25:L28) -> 0
A31: 【（２）災害備蓄等への対応】
A32: 科目 | H32: 支出済額（円） （税抜き） | M32: 内訳（用途・品目・数量等）
A33: (ア)飲料水、食料品等の備蓄物資の購入等経費
A34: (イ)ポータブル発電機、ポータブル電源・蓄電池等の購入等経費
A35: (ウ)衛生用品、医療用品等の購入等経費
A36: (エ)簡易浄水器、冷房機、暖房機、簡易トイレ、清潔保持のための用具等の購入等経費
A37: (オ)その他災害への備えとして必要と認められる経費
A38: 合計 | H38: =SUM(H33:L37) -> 0
A41: （注）申請額は、内示額と支出済額を比較していずれか低い方の額が入力される。

Sheet 個票77
A1: （様式第３号）事業所・施設別個票
A3: 介護事業所等に対するサービス継続支援事業に関する交付申請書兼実績報告書 （事業所・施設単位）
A5: 施設概要
A7: 整理番号 | O7: 事業所名称
A8: 所在地 | D8: 郵便番号 | H8: 都道府県名 | O8: 住所
H9: 広島県
A10: 提供サービス | H10: =IFERROR(VLOOKUP(H7,内示額!A:B,2,FALSE),"") | T10: 連絡先 | W10: 電話番号 | AG10: 担当部署名
A13: 報告にあたっての確認事項
A15: 領収書、レシート等の根拠資料は事業所等において適切に保管している。
A16: 支出済の費用について、他の予算制度に基づく、負担又は補助と重複は生じていない。
A17: 「支出済額」の欄には、対象経費から消費税相当額を除いた実支出額を記載している。
A19: 支出済額
AD21: 内示額 | AI21: 申請額
AD22: =IFERROR(VLOOKUP(H7,内示額!A:C,3,FALSE),"") | AG22: 千円 | AI22: =MIN(AD22,ROUNDDOWN((H29+H38)/1000,0)) -> 0 | AL22: 千円
A23: 【（１）介護サービス等を円滑に継続するための対応】
A24: 科目 | H24: 支出済額（円） （税抜き） | M24: 内訳（用途・品目・数量等）
A25: (ア)燃料費、有料道路通行料等の移動に伴い必要となる経費
A26: (イ)ネッククーラー（ヒーター）等の猛暑・雪害対策用品の購入等経費
A27: (ウ)燃料費等の入居者・利用者の生活環境改善、職員の負担軽減・勤務環境改善に必要となる経費
A28: (エ)業務用スポットクーラー（ヒーター）等の居室や浴室等における温度管理、湿度管理に必要な設備・物品等の購入等経費
A29: 合計 | H29: =SUM(H25:L28) -> 0
A31: 【（２）災害備蓄等への対応】
A32: 科目 | H32: 支出済額（円） （税抜き） | M32: 内訳（用途・品目・数量等）
A33: (ア)飲料水、食料品等の備蓄物資の購入等経費
A34: (イ)ポータブル発電機、ポータブル電源・蓄電池等の購入等経費
A35: (ウ)衛生用品、医療用品等の購入等経費
A36: (エ)簡易浄水器、冷房機、暖房機、簡易トイレ、清潔保持のための用具等の購入等経費
A37: (オ)その他災害への備えとして必要と認められる経費
A38: 合計 | H38: =SUM(H33:L37) -> 0
A41: （注）申請額は、内示額と支出済額を比較していずれか低い方の額が入力される。

Sheet 個票78
A1: （様式第３号）事業所・施設別個票
A3: 介護事業所等に対するサービス継続支援事業に関する交付申請書兼実績報告書 （事業所・施設単位）
A5: 施設概要
A7: 整理番号 | O7: 事業所名称
A8: 所在地 | D8: 郵便番号 | H8: 都道府県名 | O8: 住所
H9: 広島県
A10: 提供サービス | H10: =IFERROR(VLOOKUP(H7,内示額!A:B,2,FALSE),"") | T10: 連絡先 | W10: 電話番号 | AG10: 担当部署名
A13: 報告にあたっての確認事項
A15: 領収書、レシート等の根拠資料は事業所等において適切に保管している。
A16: 支出済の費用について、他の予算制度に基づく、負担又は補助と重複は生じていない。
A17: 「支出済額」の欄には、対象経費から消費税相当額を除いた実支出額を記載している。
A19: 支出済額
AD21: 内示額 | AI21: 申請額
AD22: =IFERROR(VLOOKUP(H7,内示額!A:C,3,FALSE),"") | AG22: 千円 | AI22: =MIN(AD22,ROUNDDOWN((H29+H38)/1000,0)) -> 0 | AL22: 千円
A23: 【（１）介護サービス等を円滑に継続するための対応】
A24: 科目 | H24: 支出済額（円） （税抜き） | M24: 内訳（用途・品目・数量等）
A25: (ア)燃料費、有料道路通行料等の移動に伴い必要となる経費
A26: (イ)ネッククーラー（ヒーター）等の猛暑・雪害対策用品の購入等経費
A27: (ウ)燃料費等の入居者・利用者の生活環境改善、職員の負担軽減・勤務環境改善に必要となる経費
A28: (エ)業務用スポットクーラー（ヒーター）等の居室や浴室等における温度管理、湿度管理に必要な設備・物品等の購入等経費
A29: 合計 | H29: =SUM(H25:L28) -> 0
A31: 【（２）災害備蓄等への対応】
A32: 科目 | H32: 支出済額（円） （税抜き） | M32: 内訳（用途・品目・数量等）
A33: (ア)飲料水、食料品等の備蓄物資の購入等経費
A34: (イ)ポータブル発電機、ポータブル電源・蓄電池等の購入等経費
A35: (ウ)衛生用品、医療用品等の購入等経費
A36: (エ)簡易浄水器、冷房機、暖房機、簡易トイレ、清潔保持のための用具等の購入等経費
A37: (オ)その他災害への備えとして必要と認められる経費
A38: 合計 | H38: =SUM(H33:L37) -> 0
A41: （注）申請額は、内示額と支出済額を比較していずれか低い方の額が入力される。

Sheet 個票79
A1: （様式第３号）事業所・施設別個票
A3: 介護事業所等に対するサービス継続支援事業に関する交付申請書兼実績報告書 （事業所・施設単位）
A5: 施設概要
A7: 整理番号 | O7: 事業所名称
A8: 所在地 | D8: 郵便番号 | H8: 都道府県名 | O8: 住所
H9: 広島県
A10: 提供サービス | H10: =IFERROR(VLOOKUP(H7,内示額!A:B,2,FALSE),"") | T10: 連絡先 | W10: 電話番号 | AG10: 担当部署名
A13: 報告にあたっての確認事項
A15: 領収書、レシート等の根拠資料は事業所等において適切に保管している。
A16: 支出済の費用について、他の予算制度に基づく、負担又は補助と重複は生じていない。
A17: 「支出済額」の欄には、対象経費から消費税相当額を除いた実支出額を記載している。
A19: 支出済額
AD21: 内示額 | AI21: 申請額
AD22: =IFERROR(VLOOKUP(H7,内示額!A:C,3,FALSE),"") | AG22: 千円 | AI22: =MIN(AD22,ROUNDDOWN((H29+H38)/1000,0)) -> 0 | AL22: 千円
A23: 【（１）介護サービス等を円滑に継続するための対応】
A24: 科目 | H24: 支出済額（円） （税抜き） | M24: 内訳（用途・品目・数量等）
A25: (ア)燃料費、有料道路通行料等の移動に伴い必要となる経費
A26: (イ)ネッククーラー（ヒーター）等の猛暑・雪害対策用品の購入等経費
A27: (ウ)燃料費等の入居者・利用者の生活環境改善、職員の負担軽減・勤務環境改善に必要となる経費
A28: (エ)業務用スポットクーラー（ヒーター）等の居室や浴室等における温度管理、湿度管理に必要な設備・物品等の購入等経費
A29: 合計 | H29: =SUM(H25:L28) -> 0
A31: 【（２）災害備蓄等への対応】
A32: 科目 | H32: 支出済額（円） （税抜き） | M32: 内訳（用途・品目・数量等）
A33: (ア)飲料水、食料品等の備蓄物資の購入等経費
A34: (イ)ポータブル発電機、ポータブル電源・蓄電池等の購入等経費
A35: (ウ)衛生用品、医療用品等の購入等経費
A36: (エ)簡易浄水器、冷房機、暖房機、簡易トイレ、清潔保持のための用具等の購入等経費
A37: (オ)その他災害への備えとして必要と認められる経費
A38: 合計 | H38: =SUM(H33:L37) -> 0
A41: （注）申請額は、内示額と支出済額を比較していずれか低い方の額が入力される。

Sheet 個票80
A1: （様式第３号）事業所・施設別個票
A3: 介護事業所等に対するサービス継続支援事業に関する交付申請書兼実績報告書 （事業所・施設単位）
A5: 施設概要
A7: 整理番号 | O7: 事業所名称
A8: 所在地 | D8: 郵便番号 | H8: 都道府県名 | O8: 住所
H9: 広島県
A10: 提供サービス | H10: =IFERROR(VLOOKUP(H7,内示額!A:B,2,FALSE),"") | T10: 連絡先 | W10: 電話番号 | AG10: 担当部署名
A13: 報告にあたっての確認事項
A15: 領収書、レシート等の根拠資料は事業所等において適切に保管している。
A16: 支出済の費用について、他の予算制度に基づく、負担又は補助と重複は生じていない。
A17: 「支出済額」の欄には、対象経費から消費税相当額を除いた実支出額を記載している。
A19: 支出済額
AD21: 内示額 | AI21: 申請額
AD22: =IFERROR(VLOOKUP(H7,内示額!A:C,3,FALSE),"") | AG22: 千円 | AI22: =MIN(AD22,ROUNDDOWN((H29+H38)/1000,0)) -> 0 | AL22: 千円
A23: 【（１）介護サービス等を円滑に継続するための対応】
A24: 科目 | H24: 支出済額（円） （税抜き） | M24: 内訳（用途・品目・数量等）
A25: (ア)燃料費、有料道路通行料等の移動に伴い必要となる経費
A26: (イ)ネッククーラー（ヒーター）等の猛暑・雪害対策用品の購入等経費
A27: (ウ)燃料費等の入居者・利用者の生活環境改善、職員の負担軽減・勤務環境改善に必要となる経費
A28: (エ)業務用スポットクーラー（ヒーター）等の居室や浴室等における温度管理、湿度管理に必要な設備・物品等の購入等経費
A29: 合計 | H29: =SUM(H25:L28) -> 0
A31: 【（２）災害備蓄等への対応】
A32: 科目 | H32: 支出済額（円） （税抜き） | M32: 内訳（用途・品目・数量等）
A33: (ア)飲料水、食料品等の備蓄物資の購入等経費
A34: (イ)ポータブル発電機、ポータブル電源・蓄電池等の購入等経費
A35: (ウ)衛生用品、医療用品等の購入等経費
A36: (エ)簡易浄水器、冷房機、暖房機、簡易トイレ、清潔保持のための用具等の購入等経費
A37: (オ)その他災害への備えとして必要と認められる経費
A38: 合計 | H38: =SUM(H33:L37) -> 0
A41: （注）申請額は、内示額と支出済額を比較していずれか低い方の額が入力される。

Sheet 内示額
A1: 整理番号 | B1: サービス種別 | C1: 内示額
A2: 2001 | B2: 福祉用具貸与 | C2: 186
A3: 2002 | B3: 訪問介護 | C3: 200
A4: 2003 | B4: 地域密着型通所介護 | C4: 186
A5: 2004 | B5: 居宅介護支援 | C5: 186
A6: 2005 | B6: 居宅介護支援 | C6: 186
A7: 2006 | B7: 特定施設入居者生活介護 | C7: 186
A8: 2007 | B8: 認知症対応型共同生活介護 | C8: 186
A9: 2008 | B9: 通所介護 | C9: 186
A10: 2009 | B10: 通所介護 | C10: 372
A11: 2010 | B11: 居宅介護支援 | C11: 186
A12: 2011 | B12: 訪問介護 | C12: 186
A13: 2012 | B13: 通所介護 | C13: 372
... A3812: 5900 | B3812: 居宅介護支援 | C3812: 186
